Workbook

Sheet 提出書類一覧
A1: 児童福祉法に基づく事業者指定の申請に係る提出書類一覧
A2: （障害児通所支援事業）
A4: 申請書を作成する前に⇒ | D4: 【入力シート】で基本情報を入力・修正をする
A6: 事業所の名称 | C6: =基本情報入力シート!L45 -> 0 | H6: 所在地 (区市町村名) | I6: 杉並区
A8: ※様式欄に「任意様式」と記載のある書類については、指定のファイル名とし、提出フォーム（区HP〈ID：28826〉）からZIPファイル一式で提出してください。
A9: ※様式欄に「参考様式」と記載のある書類については、別途作成頂いた様式があれば、そちらを使用していただいて差し支えありません。
A10: 申請書及び添付書類 | G10: 様式 | H10: 申請者確認欄 | I10: 備考
B11: 新規指定申請書類チェックリスト ※多機能型の場合、それぞれ作成してください | G11: 区HP（ID：28826）参照
B12: 基本情報入力シート | I12: 基本情報入力シート
A13: 申請書等 | B13: 指定申請書 | G13: 様式１ | I13: 指定申請書
B14: 指定に係る記載事項 | D14: 児童発達支援 | G14: 付表１６ | I14: 付表 | J14: 重心外 | L14: 重心
D15: 放課後等デイサービス | G15: 付表１６ | J15: 重心外 | L15: 重心
D16: 居宅訪問型児童発達支援 | G16: 付表１７ | I16: 居宅訪問型児発
D17: 保育所等訪問支援 | G17: 付表１８ | I17: 保育所等訪問支援
B18: 障害児通所給付費の算定に係る体制等状況一覧表 | G18: 様式２ | I18: 体制等状況一覧表
B19: 【加算】 ①各加算の届出については、ZIPファイル中の必要書類のみ提出してください。 ※新規指定時は変更届出書の提出不要 ②報酬算定区分に関する届出書 ※新規指定時は必須（参考様式13－1）_居宅訪問型児童発達支援・保育所等訪問支援は不要 →①②をZIPファイルで提出してください。 | G19: 区HP（ID：28236）参照
B20: 社会保険及び労働保険への加入状況にかかる届出書 | G20: 参考様式１ | I20: 社会保険及び労働保険への加入状況にかかる届出書
B21: 法人の登記事項証明書（※最新の内容かつ原本（データも送付してください）であれば有効期限を設けていません。） ※ファイル件名を「法人の登記事項証明書」としてください。 | G21: 任意様式（他任意様式と併せZIPファイルで提出してください）
A22: 事業所の設備等 | B22: 事業所の平面図2枚 （実際に事業に供するスペースの内法有効面積を記載1枚、写真の撮影箇所・方向を番号と矢印で記入した図面1枚） ※ファイル件名を「事業所の平面図」としてください。 | G22: 任意様式（他任意様式と併せZIPファイルで提出してください）
B23: 事業所の写真 ※ファイル件名を「事業所の写真」としてください。 | G23: 任意様式（他任意様式と併せZIPファイルで提出してください） | I23: ※内装工事完了後
B24: 建物が賃貸の場合は賃貸借契約書（写）を添付してください。 自己所有の場合は不動産登記簿を添付してください。 ※ファイル件名を「賃貸借契約書（写）〈賃貸の場合〉」としてください。 「不動産登記簿〈自己所有の場合〉」としてください。 | G24: 任意様式（他任意様式と併せZIPファイルで提出してください）
A25: 管理者・児童発達支援管理責任者 | B25: 事業所の管理者及び児童発達支援管理責任者の経歴書 ※管理者と児童発達支援管理責任者を兼務する場合は、書類上部の表記を「管理者兼児童発達支援管理責任者経歴書」として1枚の作成で差し支えございません。
B26: 管理者経歴書 | G26: 参考様式２-１ | I26: 管理者経歴書
B27: 児童発達支援管理責任者経歴書 | E27: 基本情報入力シート | F27: =IF(基本情報入力シート!L50="児童発達支援センター","センター",IF(基本情報入力シート!L50="児童発達支援（重心外）","児発（重心外）",IF(基本情報入力シート!L50="児童発達支援（重心）","児発（重心）",IF(基本情報入力シート!L50="放課後等デイサービス（重心外）","放デイ（重心外）",IF(基本情報入力シート!L50="放課後等デイサービス（重心）","放デイ（重心）",IF(基本情報入力シート!L50="居宅訪問型児童発達支援","居宅",IF(基本情報入力シート!L50="保育所等訪問支援","保育所等",IF(基本情報入力シート!L50="選択して下さい。","事業①",)))))))) -> 事業① | G27: 参考様式２-２ | I27: 児童発達支援管理責任者経歴書①
B28: ※事業単位で児童発達支援管理責任者が異なる場合は、 児童発達支援管理責任者ごとに経歴書が必要です。 | F28: =IF(基本情報入力シート!L51="児童発達支援センター","センター",IF(基本情報入力シート!L51="児童発達支援（重心外）","児発（重心外）",IF(基本情報入力シート!L51="児童発達支援（重心）","児発（重心）",IF(基本情報入力シート!L51="放課後等デイサービス（重心外）","放デイ（重心外）",IF(基本情報入力シート!L51="放課後等デイサービス（重心）","放デイ（重心）",IF(基本情報入力シート!L51="居宅訪問型児童発達支援","居宅",IF(基本情報入力シート!L51="保育所等訪問支援","保育所等",IF(基本情報入力シート!L51="選択して下さい。","事業②",)))))))) -> 事業② | G28: 参考様式２-２ | I28: 児童発達支援管理責任者経歴書②
F29: =IF(基本情報入力シート!L52="児童発達支援センター","センター",IF(基本情報入力シート!L52="児童発達支援（重心外）","児発（重心外）",IF(基本情報入力シート!L52="児童発達支援（重心）","児発（重心）",IF(基本情報入力シート!L52="放課後等デイサービス（重心外）","放デイ（重心外）",IF(基本情報入力シート!L52="放課後等デイサービス（重心）","放デイ（重心）",IF(基本情報入力シート!L52="居宅訪問型児童発達支援","居宅",IF(基本情報入力シート!L52="保育所等訪問支援","保育所等",IF(基本情報入力シート!L52="選択して下さい。","事業③",)))))))) -> 事業③ | G29: 参考様式２-２ | I29: 児童発達支援管理責任者経歴書③
F30: =IF(基本情報入力シート!L53="児童発達支援センター","センター",IF(基本情報入力シート!L53="児童発達支援（重心外）","児発（重心外）",IF(基本情報入力シート!L53="児童発達支援（重心）","児発（重心）",IF(基本情報入力シート!L53="放課後等デイサービス（重心外）","放デイ（重心外）",IF(基本情報入力シート!L53="放課後等デイサービス（重心）","放デイ（重心）",IF(基本情報入力シート!L53="居宅訪問型児童発達支援","居宅",IF(基本情報入力シート!L53="保育所等訪問支援","保育所等",IF(基本情報入力シート!L53="選択して下さい。","事業④",)))))))) -> 事業④ | G30: 参考様式２-２ | I30: 児童発達支援管理責任者経歴書④
F31: =IF(基本情報入力シート!L54="児童発達支援センター","センター",IF(基本情報入力シート!L54="児童発達支援（重心外）","児発（重心外）",IF(基本情報入力シート!L54="児童発達支援（重心）","児発（重心）",IF(基本情報入力シート!L54="放課後等デイサービス（重心外）","放デイ（重心外）",IF(基本情報入力シート!L54="放課後等デイサービス（重心）","放デイ（重心）",IF(基本情報入力シート!L54="居宅訪問型児童発達支援","居宅",IF(基本情報入力シート!L54="保育所等訪問支援","保育所等",IF(基本情報入力シート!L54="選択して下さい。","事業⑤",)))))))) -> 事業⑤ | G31: 参考様式２-２ | I31: 児童発達支援管理責任者経歴書⑤
F32: =IF(基本情報入力シート!L55="児童発達支援センター","センター",IF(基本情報入力シート!L55="児童発達支援（重心外）","児発（重心外）",IF(基本情報入力シート!L55="児童発達支援（重心）","児発（重心）",IF(基本情報入力シート!L55="放課後等デイサービス（重心外）","放デイ（重心外）",IF(基本情報入力シート!L55="放課後等デイサービス（重心）","放デイ（重心）",IF(基本情報入力シート!L55="居宅訪問型児童発達支援","居宅",IF(基本情報入力シート!L55="保育所等訪問支援","保育所等",IF(基本情報入力シート!L55="選択して下さい。","事業⑥",)))))))) -> 事業⑥ | G32: 参考様式２-２ | I32: 児童発達支援管理責任者経歴書⑥
B33: 「児童発達支援管理責任者」として必要な研修の修了証（写)を添付してください。 ※ファイル件名を「「児童発達支援管理責任者」として必要な研修の修了証（写)」としてください。 | G33: 任意様式（他任意様式と併せZIPファイルで提出してください）
B34: 児童発達支援管理責任者の資格証（写） ※ファイル件名を「児童発達支援管理責任者の資格証（写）」としてください。 | G34: 任意様式（他任意様式と併せZIPファイルで提出してください）
B35: 児童発達支援管理責任者の実務経験証明書（写） ※押印後の書類（PDF）をお送りください | G35: 参考様式３-１ | I35: 児童発達支援管理責任者の実務経験証明書（写）
A36: その他添付書類 | B36: 従業者の実務経験証明書（写） ※児童福祉事業等の実務経験を記載して提出してください。 ※押印後の書類（PDF）をお送りください ※ファイル件名を「従業者の実務経験証明書（写）」としてください。 | G36: 参考様式３-２ | I36: 従業者の実務経験証明書（写）
B37: 従業者の資格証（写） ※保育士、児童指導員、機能訓練担当職員、看護職員等の資格 ※ファイル件名を「従業者の資格証（写）」としてください。 | G37: 任意様式（他任意様式と併せZIPファイルで提出してください）
B38: 運営規程 ※東京都書式ライブラリーに見本があります ※ファイル件名を「運営規程」としてください。 | G38: 任意様式（他任意様式と併せZIPファイルで提出してください） | I38: 東京都書式ライブラリー | N38: ←外部リンク
B39: 利用者（入所者）からの苦情を解決するために講ずる措置の概要 | G39: 参考様式４ | I39: 苦情解決措置概要
B40: 当該申請に係る事業に係る従事者の勤務の体制及び勤務形態一覧表 | G40: 参考様式５ | I40: 勤務体制・勤務形態一覧表
B41: 児童福祉法法第２１条５の１５第３項各号非該当誓約書 | G41: 参考様式６ | I41: 非該当誓約書
B42: 協力医療機関の名称及び診療科名（保育所等訪問支援は不要） | G42: 参考様式７ | I42: 協力医療機関
B43: 協力医療機関との協定書（写） ※ファイル件名を「協力医療機関との協定書（写）」としてください。 | G43: 任意様式（他任意様式と併せZIPファイルで提出してください）
B44: 耐震化調査票 | G44: 参考様式８ | I44: 耐震化調査票
B45: 就業規則 ※ファイル件名を「協力医療機関との協定書（写）」としてください。 | G45: 任意様式（他任意様式と併せZIPファイルで提出してください）
B46: 収支予算書 | G46: 参考様式９ | I46: 収支予算書
B47: 事業開始届 ※押印後の書類（PDF）をお送りください。 ※ファイル件名を「事業開始届」としてください。 | G47: 参考様式10 | I47: 事業開始届
B48: Ｅメールアドレスの登録 （情報提供用・ＷＡＭ ＮＥＴ登録用） | G48: 参考様式11 | I48: メールアドレスの登録
A50: 指定後 | B50: 業務管理体制届出書 | G50: 区HP（ID：28843）参照
B51: 支援プログラムの公表状況に関する届出書 | G51: 別途通知
B52: 自己評価の実施及び公表状況に関する届出書 | G52: 区HP（ID：29488）参照
B54: ※申請される際には、事業所保管用として事前に提出書類一式のコピーをとっておくようにして下さい。
B55: 〔担当者連絡先〕
B56: 提出いただいた申請書類に記載されている内容について、問い合わせする際の連絡先を記入してください。
B57: 事業所名 | D57: =TEXT(基本情報入力シート!L45,"#")
B58: 担当者名
B59: 電 話
B60: メールアドレス

Sheet 基本情報入力シート
C1: 基本情報入力シート | Z1: --選択下さい--
Z2: 同じである
Z3: 異なる
B4: ●はじめに
B5: 本シートの黄色セルに必要項目を入力することで、関係様式に必要な基礎情報が自動で記載されます。 一部、個別のセルに入力を行う必要もございます。各シートを確認の上、個別に入力が必要な箇所につきましても、忘れずにご入力ください。フリガナの箇所は必要に応じて、適宜手入力でご修正ください。
B10: ●基本情報
B11: Ｎｏ | D11: 入力項目 | L11: 入力箇所
B12: 申請者・設置者情報
B13: 1 | D13: 指定予定年月日
B14: 例 | D14: 令和９年４月１日 ※和暦で入力してください。
B15: 2 | D15: 主たる事務所の所在地郵便番号 | S15: －
B16: 例 | D16: 166-8570
B17: 3-1 | D17: 主たる事務所の所在地（建物名等除く）
B18: 例 | D18: 東京都杉並区阿佐谷南一丁目15番1号
B19: 3-2 | D19: 主たる事務所の所在地（建物名等）
B20: 例 | D20: 杉並区役所 ※建物名等なければ入力不要です。
B21: 4 | D21: 申請者（設置者）名称
B22: 例 | D22: 杉並区
B23: 5 | D23: 申請者（設置者）名称フリガナ
B24: 例 | D24: スギナミク
B25: 8 | D25: 法人種別
B26: 例 | D26: 地方公共団体
B27: 9 | D27: 法人所轄庁
B28: 例 | D28: 東京都 ※株式会社等の営利法人については入力不要です。
B29: 10 | D29: 法人電話番号
B30: 例 | D30: 03-0000-0000 ※記載例です。法人の電話番号を入力してください。
B31: 11 | D31: 法人ＦＡＸ番号
B32: 例 | D32: 03-0000-0000（記載例）
D33: 法人メールアドレス
B34: 例 | D34: example@example.jp（記載例）
B35: 12 | D35: 代表者の職名 | S35: 例 | T35: 代表取締役
B36: 14 | D36: 代表者の氏名（フリガナ） | S36: 例 | T36: スギナミ タロウ
B37: 13 | D37: 代表者の氏名 | S37: 例 | T37: 杉並 太郎
B38: 15 | D38: 代表者の住所 郵便番号 | S38: －
B39: 16-1 | D39: 代表者の住所（建物を除く）
B40: 16-2 | D40: 代表者の住所（建物名等）
B41: 16-3 | D41: 代表者の生年月日
B42: 指定を受けようとする事業所・施設の情報
B43: ★ | D43: --選択下さい-- | L43: 指定を受けようとする事業所・施設の所在地が、主たる事業所の所在地と”同じである”または"異なる"を選択して下さい。
B44: 18 | D44: 事業所・施設の名称（フリガナ）
B45: 17 | D45: 事業所・施設の名称
B46: 19 | D46: 事業所（施設）の所在地（郵便番号） | S46: －
B47: 20-1 | D47: 事業所（施設）の所在地（建物を除く）
B48: 20-2 | D48: 事業所（施設）の所在地（建物名等）
B49: 21 | D49: 支援開始年月日
B50: 22-1 | D50: 申請を行う事業等の種別① | L50: 選択して下さい。
B51: 22-2 | D51: 申請を行う事業等の種別② | L51: 選択して下さい。
B52: 22-3 | D52: 申請を行う事業等の種別③ | L52: 選択して下さい。
B53: 22-4 | D53: 申請を行う事業等の種別④ | L53: 選択して下さい。
B54: 22-5 | D54: 申請を行う事業等の種別⑤ | L54: 選択して下さい。
B55: 22-6 | D55: 申請を行う事業等の種別⑥ | L55: 選択して下さい。
B56: 23 | D56: 事業所の電話番号
B57: 24 | D57: 事業所のＦＡＸ番号
B58: 25 | D58: 事業所のメールアドレス
B59: 26 | D59: 管理者の氏名
B60: 27 | D60: 管理者の氏名フリガナ
B61: 28 | D61: 管理者の住所 郵便番号 | S61: -
B62: 29-1 | D62: 管理者の住所（建物を除く）
B63: 29-2 | D63: 管理者の住所（建物名等）
B64: 30 | D64: 管理者の電話番号
B65: 31 | D65: 管理者の生年月日
B66: 32-1 | D66: =IF(L50="選択して下さい。","児童発達支援管理責任者","【"&L50&"】" & CHAR(10)&"児童発達支援管理責任者") -> 児童発達支援管理責任者 | L66: 選択して下さい。
B67: 32-2 | D67: 氏名 | L67: =IF(L66="管理者兼務",L59,"")
B68: 32-3 | D68: 氏名フリガナ | L68: =IF(L66="管理者兼務",L60,"")
B69: 32-4 | D69: 郵便番号 | L69: =IF(L66="管理者兼務",L61,"") | S69: － | T69: =IF(L66="管理者兼務",T61,"")
B70: 32-5 | D70: 住所（建物を除く） | L70: =IF(L66="管理者兼務",L62,"")
B71: 32-6 | D71: 住所（建物名等） | L71: =IF(L66="管理者兼務",L63,"")
B72: 32-7 | D72: 電話番号 | L72: =IF(L66="管理者兼務",L64,"")
B73: 32-8 | D73: 生年月日 | L73: =IF(L66="管理者兼務",L65,"")
B74: 33-1 | D74: =IF(L51="選択して下さい。","児童発達支援管理責任者","【"&L51&"】" & CHAR(10)&"児童発達支援管理責任者") -> 児童発達支援管理責任者 | L74: 児童発達支援管理責任者専従
B75: 33-2 | D75: 氏名 | L75: =IF(L74="管理者兼務",L59,"")
B76: 33-3 | D76: 氏名フリガナ | L76: =IF(L74="管理者兼務",L60,"")
B77: 33-4 | D77: 郵便番号 | L77: =IF(L74="管理者兼務",L61,"") | S77: － | T77: =IF(L74="管理者兼務",T61,"")
B78: 33-5 | D78: 住所（建物を除く） | L78: =IF(L74="管理者兼務",L62,"")
B79: 33-6 | D79: 住所（建物名等） | L79: =IF(L74="管理者兼務",L63,"")
B80: 33-7 | D80: 電話番号 | L80: =IF(L74="管理者兼務",L64,"")
B81: 33-8 | D81: 生年月日 | L81: =IF(L74="管理者兼務",L65,"")
B82: 34-1 | D82: =IF(L52="選択して下さい。","児童発達支援管理責任者","【"&L52&"】" & CHAR(10)&"児童発達支援管理責任者") -> 児童発達支援管理責任者 | L82: 選択して下さい。
B83: 34-2 | D83: 氏名 | L83: =IF(L82="管理者兼務",L59,"")
B84: 34-3 | D84: 氏名フリガナ | L84: =IF(L82="管理者兼務",L60,"")
B85: 34-4 | D85: 郵便番号 | L85: =IF(L82="管理者兼務",L61,"") | S85: － | T85: =IF(L82="管理者兼務",T61,"")
B86: 34-5 | D86: 住所（建物を除く） | L86: =IF(L82="管理者兼務",L62,"")
B87: 34-6 | D87: 住所（建物名等） | L87: =IF(L82="管理者兼務",L63,"")
B88: 34-7 | D88: 電話番号 | L88: =IF(L82="管理者兼務",L64,"")
B89: 34-8 | D89: 生年月日 | L89: =IF(L82="管理者兼務",L65,"")
B90: 35-1 | D90: =IF(L53="選択して下さい。","児童発達支援管理責任者","【"&L53&"】" & CHAR(10)&"児童発達支援管理責任者") -> 児童発達支援管理責任者 | L90: 選択して下さい。
B91: 35-2 | D91: 氏名 | L91: =IF(L90="管理者兼務",L59,"")
B92: 35-3 | D92: 氏名フリガナ | L92: =IF(L90="管理者兼務",L60,"")
B93: 35-4 | D93: 郵便番号 | L93: =IF(L90="管理者兼務",L61,"") | S93: － | T93: =IF(L90="管理者兼務",T61,"")
B94: 35-5 | D94: 住所（建物を除く） | L94: =IF(L90="管理者兼務",L62,"")
B95: 35-6 | D95: 住所（建物名等） | L95: =IF(L90="管理者兼務",L63,"")
B96: 35-7 | D96: 電話番号 | L96: =IF(L90="管理者兼務",L64,"")
B97: 35-8 | D97: 生年月日 | L97: =IF(L90="管理者兼務",L65,"")
B98: 36-1 | D98: =IF(L54="選択して下さい。","児童発達支援管理責任者","【"&L54&"】" & CHAR(10)&"児童発達支援管理責任者") -> 児童発達支援管理責任者 | L98: 選択して下さい。
B99: 36-2 | D99: 氏名 | L99: =IF(L98="管理者兼務",L59,"")
B100: 36-3 | D100: 氏名フリガナ | L100: =IF(L98="管理者兼務",L60,"")
B101: 36-4 | D101: 郵便番号 | L101: =IF(L98="管理者兼務",L61,"") | S101: － | T101: =IF(L98="管理者兼務",T61,"")
B102: 36-5 | D102: 住所（建物を除く） | L102: =IF(L98="管理者兼務",L62,"")
B103: 36-6 | D103: 住所（建物名等） | L103: =IF(L98="管理者兼務",L63,"")
B104: 36-7 | D104: 電話番号 | L104: =IF(L98="管理者兼務",L64,"")
...

Sheet 様式１（指定申請書）
A1: 様式１
A2: 指定障害児通所支援事業所
E4: 指定 | G4: 申請書
K5: 令和 | O5: 年 | R5: 月 | U5: 日
B6: 杉並区長殿
H7: 所在地 | K7: =基本情報入力シート!L17&基本情報入力シート!L19
G8: 申請者 | H8: 名 称 | K8: =基本情報入力シート!L21 -> 0
H9: 代表者 | K9: =基本情報入力シート!L35&" "&基本情報入力シート!L37
B11: 表題の事業所・施設に係る指定を受けたいので、下記のとおり、関係書類を添えて申請します。
F13: 法人番号(13桁)
A14: 申請者(設置者) | B14: フリガナ | D14: =基本情報入力シート!L23 -> 0
B15: 名称 | D15: =基本情報入力シート!L21 -> 0
B16: 主たる事務所の所在地 | D16: (郵便番号 | E16: =基本情報入力シート!L15 -> 0 | F16: - | G16: =基本情報入力シート!T15 -> 0 | I16: ）
D17: =基本情報入力シート!L17 -> 0
D18: =基本情報入力シート!L19 -> 0
B19: 連絡先 | D19: 電話番号 | E19: =IF(基本情報入力シート!L29<>"",基本情報入力シート!L29," (内線)") -> (内線)
D20: E-mailアドレス | F20: =基本情報入力シート!L33 -> 0
B21: 法人等の種類 | D21: =基本情報入力シート!L25 -> 0
B22: 代表者の職名・氏名・生年月日 | D22: 職名 | E22: =基本情報入力シート!L35 -> 0 | G22: フリガナ | H22: =基本情報入力シート!L36 -> 0 | M22: 生年月日 | O22: =基本情報入力シート!L41 -> 0
G23: 氏名 | H23: =基本情報入力シート!L37 -> 0
B24: 代表者の住所 | D24: (郵便番号 | E24: =基本情報入力シート!L38 -> 0 | F24: - | G24: =基本情報入力シート!T38 -> 0 | I24: ）
D25: =基本情報入力シート!L39 -> 0
D26: =基本情報入力シート!L40 -> 0
A27: 指定を受けようとする事業所・施設の種類 | B27: フリガナ | D27: =基本情報入力シート!L44 -> 0
B28: 名称 | D28: =基本情報入力シート!L45 -> 0
B29: 事業所(施設)の所在地 | D29: (郵便番号 | E29: =基本情報入力シート!L46 -> 0 | F29: - | G29: =基本情報入力シート!T46 -> 0 | I29: ）
D30: =基本情報入力シート!L47 -> 0
D31: =基本情報入力シート!L48 -> 0
B32: 多機能型事業所に係る指定の申請の場合は○
B33: 同一所在地において 行う事業等の種類 | F33: 今回の新規指定申請をする対象事業に○ | H33: 既に指定を受けている事業に○ | L33: =IF(E4="指定更新","指定有効期限","事業の開始予定年月日") -> 事業の開始予定年月日 | R33: 本申請書に添付して提出する様式(付表)
E34: 共生型サービスの指定を申請するものに○
B35: 指定障害児通所支援事業所 | C35: 児童発達支援 | R35: 付表16
C36: 放課後等デイサービス | R36: 付表16
C37: 居宅訪問型児童発達支援 | R37: 付表17
C38: 保育所等訪問支援 | R38: 付表18
A39: 【既に指定を受けている場合】事業所番号
A40: (備考)
A41: 1 | B41: 「法人等の種類」欄には、「社会福祉法人(社協以外)」、「社会福祉法人(社協)」、「医療法人」、「社団・財団」、「営利法人」、「非営利法人(ＮＰＯ)」、「農協」、「生協」、「その他法人」、「地方公共団体(都道府県)」、「地方公共団体(市町村)」、「地方公共団体(広域連合・一部事務組合等)」、「非法人」、「その他」のいずれかを記入してください。
A42: 2 | B42: 「同一所在地において行う事業等の種類」欄には、今回申請をする事業及び既に指定を受けている事業のそれぞれに「○」を記載してください。
A43: 3 | B43: 「【既に指定を受けている場合】事業所番号」欄には、申請を行う都道府県等において既に事業所としての指定を受け、番号が付番されている場合に、その事業所番号を記載してください。

Sheet 付表３－２
A1: 付表３－２ 一体的に実施する従たる事業所の指定に係る記載事項
L2: ※多機能型事業実施時は、各事業の付表と付表１３を併せて提出してください。
N4: 受付番号
B6: フリガナ
A7: 施 | B7: 名 称
B8: 所在地 | D8: （郵便番号 － ）
A9: 設 | F9: 県 | I9: 郡・市
B11: 連 絡 先 | D11: 電話番号 | K11: ＦＡＸ番号
A12: 実施主体が地方公共団体である場合は、当該事業の実施について定めてある条例等 | J12: 第 条第 項第 号
A13: サービス | C13: フリガナ | J13: 住 所 | L13: （郵便番号 － ）
A14: 管理責任者 | C14: 氏 名
A15: 従業者の職種・員数 | F15: 医 師 | I15: サービス管理責任者 | L15: 看護職員 | O15: 理学療法士 | R15: 作業療法士
F16: 専従 | G16: ※兼務 | I16: 専従 | J16: ※兼務 | L16: 専従 | M16: ※兼務 | O16: 専従 | P16: ※兼務 | R16: 専従 | S16: ※兼務
B17: 従業者数 | D17: 常勤（人）
D18: 非常勤（人）
B19: 常勤換算後の人数（人）
B20: 基準上の必要人数（人）
F21: 機能訓練指導員 | I21: 生活支援員 | L21: 精神保健福祉士 | O21: その他の従業者
F22: 専従 | G22: ※兼務 | I22: 専従 | J22: ※兼務 | L22: 専従 | M22: ※兼務 | O22: 専従 | P22: ※兼務
B23: 従業者数 | D23: 常勤（人）
D24: 非常勤（人）
B25: 常勤換算後の人数（人）
B26: 基準上の必要人数（人）
B27: 前年度の平均 実利用者数（人） | F27: 施設が申告する障害程度区分の平均値
F28: サービス単位 | I28: ４未満 | M28: ４以上５未満 | Q28: ５以上
F29: サービス単位１
F30: サービス単位２
F31: サービス単位３
A32: 主な掲示事項
B33: 営業日 | F33: 単位ごとの営業日
B34: 営業時間 | F34: 単位ごとのサービス提供時間（送迎時間を除く）（① ： ～ ： ② ： ～ ： ）
B35: 主たる対象者 | F35: 特定無し | H35: 身体障害者
H36: 細分無し | J36: 肢体不自由 | L36: 視覚障害 | N36: 聴覚・言語 | P36: 内部障害
F38: 知的障害者 | H38: 精神障害者 | J38: 難病等対象者
B41: 利用定員 | F41: 人（単位ごとの定員）（① ② ）
B42: 基準上の必要定員
B43: 多機能型実施の有無 | F43: 有 ・ 無
B44: 利用料
B46: その他の費用
B47: その他参考となる事項 | F47: 第三者評価の実施状況 | J47: している ・ していない
F48: 苦情解決の措置概要 | J48: 窓口（連絡先） | N48: 担当者
F49: その他
A50: 協力医療機関 | F50: 名 称 | L50: 主な診療科名
A51: 一体的に管理運営する 他の事業所
A52: 添付書類 | F52: 別添のとおり（登記簿謄本又は条例等、事業所平面図、経歴書、運営規程、利用者からの苦情を解決するために講ずる措置の概要、勤務体制・形態一覧表、設備・備品等一覧表、協力医療機関との契約内容がわかるもの）、事業計画書
A53: （備考）
A54: １．「受付番号」「基準上の必要人数」「基準上の必要値」「基準上の必要定員」欄には、記載しないでください。
A55: ２．記入欄が不足する場合は、適宜欄を設けて記載するか又は別葉に記載した書類を添付してください。
A56: ３．「看護職員」とは保健師、看護師、准看護師のことを言います。
A57: ４．新設の場合には、「前年度の平均利用者数」欄は推定数を記入してください。
A58: ５．「主な掲示事項」欄には、その内容を簡潔に記載してください。
A59: ６．「※兼務」欄は、施設入所支援事業以外との兼務を行う職員について記載してください。
A60: ７．「その他の費用」欄には、入所者に直接金銭の負担を求める場合のサービス内容について記載してください。

Sheet 付表16_児童発達支援（重心外）
A1: 付表16 児童発達支援事業所の指定等に係る記載事項
B2: 主として通わせる児童の障害の種別（重症心身障害児以外）
A3: サービス種別(申請する種別に○) | E3: =IF((COUNTIF(基本情報入力シート!L50:Z55,"*児童発達支援（重心*")+COUNTIF(基本情報入力シート!L50:Z55,"児童発達支援センター"))>0,"○","") | F3: 児童発達支援 | J3: 放課後等デイサービス
A4: 児童発達支援センターに該当するか （該当する場合は、○） | E4: =IF(COUNTIF(基本情報入力シート!L50:Z55,"児童発達支援センター")>0,"○","")
A6: 事業所 | B6: フリガナ | C6: =基本情報入力シート!L44 -> 0
B7: 名 称 | C7: =基本情報入力シート!L45 -> 0
B8: 所在地 | C8: (郵便番号 | D8: =基本情報入力シート!L46 -> 0 | E8: - | F8: =基本情報入力シート!T46 -> 0 | G8: )
C9: =基本情報入力シート!L47 -> 0
C10: =基本情報入力シート!L48 -> 0
B11: 電話番号 | C11: =基本情報入力シート!L56 -> 0
B12: E-Mail | C12: =基本情報入力シート!L58 -> 0
A13: 管理者 | B13: フリガナ | C13: =基本情報入力シート!L60 -> 0 | F13: 生年月日 | G13: =基本情報入力シート!L65 -> 0
B14: 氏 名 | C14: =基本情報入力シート!L59 -> 0
B15: 住 所 | C15: (郵便番号 | D15: =基本情報入力シート!L61 -> 0 | E15: - | F15: =基本情報入力シート!T61 -> 0 | G15: )
C16: =基本情報入力シート!L62 -> 0
C17: =基本情報入力シート!L63 -> 0
B18: 他の事業所又は施設の従業者との兼務(兼務の場合記入) | D18: 事業所等の名称
D19: 兼務する職種及び勤務時間等
A21: 児童発達支援管理責任者 | B21: フリガナ | C21: =IF(E4="○",IF(基本情報入力シート!D66="【児童発達支援センター】" & CHAR(10)&"児童発達支援管理責任者",基本情報入力シート!L68,IF(基本情報入力シート!D74="【児童発達支援センター】" & CHAR(10)&"児童発達支援管理責任者",基本情報入力シート!L76,IF(基本情報入力シート!D82="【児童発達支援センター】" & CHAR(10)&"児童発達支援管理責任者",基本情報入力シート!L84,IF(基本情報入力シート!D90="【児童発達支援センター】" & CHAR(10)&"児童発達支援管理責任者",基本情報入力シート!L92,IF(基本情報入力シート!D98="【児童発達支援センター】" & CHAR(10)&"児童発達支援管理責任者",基本情報入力シート!L100,IF(基本情報入力シート!D106="【児童発達支援センター】" & CHAR(10)&"児童発達支援管理責任者",基本情報入力シート!L108,"")))))),IF(基本情報入力シート!D66="【児童発達支援（重心外）】" & CHAR(10)&"児童発達支援管理責任者",基本情報入力シート!L68,IF(基本情報入力シート!D74="【児童発達支援（重心外）】" & CHAR(10)&"児童発達支援管理責任者",基本情報入力シート!L76,IF(基本情報入力シート!D82="【児童発達支援（重心外）】" & CHAR(10)&"児童発達支援管理責任者",基本情報入力シート!L84,IF(基本情報入力シート!D90="【児童発達支援（重心外）】" & CHAR(10)&"児童発達支援管理責任者",基本情報入力シート!L92,IF(基本情報入力シート!D98="【児童発達支援（重心外）】" & CHAR(10)&"児童発達支援管理責任者",基本情報入力シート!L100,IF(基本情報入力シート!D106="【児童発達支援（重心外）】" & CHAR(10)&"児童発達支援管理責任者",基本情報入力シート!L108,""))))))) | F21: 生年月日 | G21: =IF(E4="○",IF(基本情報入力シート!D66="【児童発達支援センター】" & CHAR(10)&"児童発達支援管理責任者",基本情報入力シート!L73,IF(基本情報入力シート!D74="【児童発達支援センター】" & CHAR(10)&"児童発達支援管理責任者",基本情報入力シート!L81,IF(基本情報入力シート!D82="【児童発達支援センター】" & CHAR(10)&"児童発達支援管理責任者",基本情報入力シート!L89,IF(基本情報入力シート!D90="【児童発達支援センター】" & CHAR(10)&"児童発達支援管理責任者",基本情報入力シート!L97,IF(基本情報入力シート!D98="【児童発達支援センター】" & CHAR(10)&"児童発達支援管理責任者",基本情報入力シート!L105,IF(基本情報入力シート!D106="【児童発達支援センター】" & CHAR(10)&"児童発達支援管理責任者",基本情報入力シート!L113," 年 月 日")))))),IF(基本情報入力シート!D66="【児童発達支援（重心外）】" & CHAR(10)&"児童発達支援管理責任者",基本情報入力シート!L73,IF(基本情報入力シート!D74="【児童発達支援（重心外）】" & CHAR(10)&"児童発達支援管理責任者",基本情報入力シート!L81,IF(基本情報入力シート!D82="【児童発達支援（重心外）】" & CHAR(10)&"児童発達支援管理責任者",基本情報入力シート!L89,IF(基本情報入力シート!D90="【児童発達支援（重心外）】" & CHAR(10)&"児童発達支援管理責任者",基本情報入力シート!L97,IF(基本情報入力シート!D98="【児童発達支援（重心外）】" & CHAR(10)&"児童発達支援管理責任者",基本情報入力シート!L105,IF(基本情報入力シート!D106="【児童発達支援（重心外）】" & CHAR(10)&"児童発達支援管理責任者",基本情報入力シート!L113," 年 月 日"))))))) -> 年 月 日
B22: 氏 名 | C22: =IF(E4="○",IF(基本情報入力シート!D66="【児童発達支援センター】" & CHAR(10)&"児童発達支援管理責任者",基本情報入力シート!L67,IF(基本情報入力シート!D74="【児童発達支援センター】" & CHAR(10)&"児童発達支援管理責任者",基本情報入力シート!L75,IF(基本情報入力シート!D82="【児童発達支援センター】" & CHAR(10)&"児童発達支援管理責任者",基本情報入力シート!L83,IF(基本情報入力シート!D90="【児童発達支援センター】" & CHAR(10)&"児童発達支援管理責任者",基本情報入力シート!L91,IF(基本情報入力シート!D98="【児童発達支援センター】" & CHAR(10)&"児童発達支援管理責任者",基本情報入力シート!L99,IF(基本情報入力シート!D106="【児童発達支援センター】" & CHAR(10)&"児童発達支援管理責任者",基本情報入力シート!L107,"")))))),IF(基本情報入力シート!D66="【児童発達支援（重心外）】" & CHAR(10)&"児童発達支援管理責任者",基本情報入力シート!L67,IF(基本情報入力シート!D74="【児童発達支援（重心外）】" & CHAR(10)&"児童発達支援管理責任者",基本情報入力シート!L75,IF(基本情報入力シート!D82="【児童発達支援（重心外）】" & CHAR(10)&"児童発達支援管理責任者",基本情報入力シート!L83,IF(基本情報入力シート!D90="【児童発達支援（重心外）】" & CHAR(10)&"児童発達支援管理責任者",基本情報入力シート!L91,IF(基本情報入力シート!D98="【児童発達支援（重心外）】" & CHAR(10)&"児童発達支援管理責任者",基本情報入力シート!L99,IF(基本情報入力シート!D106="【児童発達支援（重心外）】" & CHAR(10)&"児童発達支援管理責任者",基本情報入力シート!L107,"")))))))
B23: 住 所 | C23: (郵便番号 | D23: =IF(E4="○",IF(基本情報入力シート!D66="【児童発達支援センター】" & CHAR(10)&"児童発達支援管理責任者",基本情報入力シート!L69,IF(基本情報入力シート!D74="【児童発達支援センター】" & CHAR(10)&"児童発達支援管理責任者",基本情報入力シート!L77,IF(基本情報入力シート!D82="【児童発達支援センター】" & CHAR(10)&"児童発達支援管理責任者",基本情報入力シート!L85,IF(基本情報入力シート!D90="【児童発達支援センター】" & CHAR(10)&"児童発達支援管理責任者",基本情報入力シート!L93,IF(基本情報入力シート!D98="【児童発達支援センター】" & CHAR(10)&"児童発達支援管理責任者",基本情報入力シート!L101,IF(基本情報入力シート!D106="【児童発達支援センター】" & CHAR(10)&"児童発達支援管理責任者",基本情報入力シート!L109,"")))))),IF(基本情報入力シート!D66="【児童発達支援（重心外）】" & CHAR(10)&"児童発達支援管理責任者",基本情報入力シート!L69,IF(基本情報入力シート!D74="【児童発達支援（重心外）】" & CHAR(10)&"児童発達支援管理責任者",基本情報入力シート!L77,IF(基本情報入力シート!D82="【児童発達支援（重心外）】" & CHAR(10)&"児童発達支援管理責任者",基本情報入力シート!L85,IF(基本情報入力シート!D90="【児童発達支援（重心外）】" & CHAR(10)&"児童発達支援管理責任者",基本情報入力シート!L93,IF(基本情報入力シート!D98="【児童発達支援（重心外）】" & CHAR(10)&"児童発達支援管理責任者",基本情報入力シート!L101,IF(基本情報入力シート!D106="【児童発達支援（重心外）】" & CHAR(10)&"児童発達支援管理責任者",基本情報入力シート!L109,""))))))) | E23: - | F23: =IF(E4="○",IF(基本情報入力シート!D66="【児童発達支援センター】" & CHAR(10)&"児童発達支援管理責任者",基本情報入力シート!T69,IF(基本情報入力シート!D74="【児童発達支援センター】" & CHAR(10)&"児童発達支援管理責任者",基本情報入力シート!T77,IF(基本情報入力シート!D82="【児童発達支援センター】" & CHAR(10)&"児童発達支援管理責任者",基本情報入力シート!T85,IF(基本情報入力シート!D90="【児童発達支援センター】" & CHAR(10)&"児童発達支援管理責任者",基本情報入力シート!T93,IF(基本情報入力シート!D98="【児童発達支援センター】" & CHAR(10)&"児童発達支援管理責任者",基本情報入力シート!T101,IF(基本情報入力シート!D106="【児童発達支援センター】" & CHAR(10)&"児童発達支援管理責任者",基本情報入力シート!T109,"")))))),IF(基本情報入力シート!D66="【児童発達支援（重心外）】" & CHAR(10)&"児童発達支援管理責任者",基本情報入力シート!T69,IF(基本情報入力シート!D74="【児童発達支援（重心外）】" & CHAR(10)&"児童発達支援管理責任者",基本情報入力シート!T77,IF(基本情報入力シート!D82="【児童発達支援（重心外）】" & CHAR(10)&"児童発達支援管理責任者",基本情報入力シート!T85,IF(基本情報入力シート!D90="【児童発達支援（重心外）】" & CHAR(10)&"児童発達支援管理責任者",基本情報入力シート!T93,IF(基本情報入力シート!D98="【児童発達支援（重心外）】" & CHAR(10)&"児童発達支援管理責任者",基本情報入力シート!T101,IF(基本情報入力シート!D106="【児童発達支援（重心外）】" & CHAR(10)&"児童発達支援管理責任者",基本情報入力シート!T109,""))))))) | G23: )
C24: =IF(E4="○",IF(基本情報入力シート!D66="【児童発達支援センター】" & CHAR(10)&"児童発達支援管理責任者",基本情報入力シート!L70,IF(基本情報入力シート!D74="【児童発達支援センター】" & CHAR(10)&"児童発達支援管理責任者",基本情報入力シート!L78,IF(基本情報入力シート!D82="【児童発達支援センター】" & CHAR(10)&"児童発達支援管理責任者",基本情報入力シート!L86,IF(基本情報入力シート!D90="【児童発達支援センター】" & CHAR(10)&"児童発達支援管理責任者",基本情報入力シート!L94,IF(基本情報入力シート!D98="【児童発達支援センター】" & CHAR(10)&"児童発達支援管理責任者",基本情報入力シート!L102,IF(基本情報入力シート!D106="【児童発達支援センター】" & CHAR(10)&"児童発達支援管理責任者",基本情報入力シート!L110,"")))))),IF(基本情報入力シート!D66="【児童発達支援（重心外）】" & CHAR(10)&"児童発達支援管理責任者",基本情報入力シート!L70,IF(基本情報入力シート!D74="【児童発達支援（重心外）】" & CHAR(10)&"児童発達支援管理責任者",基本情報入力シート!L78,IF(基本情報入力シート!D82="【児童発達支援（重心外）】" & CHAR(10)&"児童発達支援管理責任者",基本情報入力シート!L86,IF(基本情報入力シート!D90="【児童発達支援（重心外）】" & CHAR(10)&"児童発達支援管理責任者",基本情報入力シート!L94,IF(基本情報入力シート!D98="【児童発達支援（重心外）】" & CHAR(10)&"児童発達支援管理責任者",基本情報入力シート!L102,IF(基本情報入力シート!D106="【児童発達支援（重心外）】" & CHAR(10)&"児童発達支援管理責任者",基本情報入力シート!L110,"")))))))
C25: =IF(E4="○",IF(基本情報入力シート!D66="【児童発達支援センター】" & CHAR(10)&"児童発達支援管理責任者",基本情報入力シート!L71,IF(基本情報入力シート!D74="【児童発達支援センター】" & CHAR(10)&"児童発達支援管理責任者",基本情報入力シート!L79,IF(基本情報入力シート!D82="【児童発達支援センター】" & CHAR(10)&"児童発達支援管理責任者",基本情報入力シート!L87,IF(基本情報入力シート!D90="【児童発達支援センター】" & CHAR(10)&"児童発達支援管理責任者",基本情報入力シート!L95,IF(基本情報入力シート!D98="【児童発達支援センター】" & CHAR(10)&"児童発達支援管理責任者",基本情報入力シート!L103,IF(基本情報入力シート!D106="【児童発達支援センター】" & CHAR(10)&"児童発達支援管理責任者",基本情報入力シート!L111,"")))))),IF(基本情報入力シート!D66="【児童発達支援（重心外）】" & CHAR(10)&"児童発達支援管理責任者",基本情報入力シート!L71,IF(基本情報入力シート!D74="【児童発達支援（重心外）】" & CHAR(10)&"児童発達支援管理責任者",基本情報入力シート!L79,IF(基本情報入力シート!D82="【児童発達支援（重心外）】" & CHAR(10)&"児童発達支援管理責任者",基本情報入力シート!L87,IF(基本情報入力シート!D90="【児童発達支援（重心外）】" & CHAR(10)&"児童発達支援管理責任者",基本情報入力シート!L95,IF(基本情報入力シート!D98="【児童発達支援（重心外）】" & CHAR(10)&"児童発達支援管理責任者",基本情報入力シート!L103,IF(基本情報入力シート!D106="【児童発達支援（重心外）】" & CHAR(10)&"児童発達支援管理責任者",基本情報入力シート!L111,"")))))))
A26: 実施主体が地方公共団体である場合は、当該事業の実施について定めてある条例等 | H26: 第 条 第 項 第 号
A27: ○運営・設備に関する基準の確認に必要な事項
A28: 利用定員(人)
A29: 利用者の推定数(人)
A30: 営業日(該当する日に○) | C30: 日 | D30: 月 | E30: 火 | F30: 水 | G30: 木 | H30: 金 | J30: 土 | L30: 祝
C32: その他(年末年始等)
A33: 営業時間 | C33: 平日 | E33: ： | G33: ～ | J33: ：
C34: 土曜 | E34: ： | G34: ～ | J34: ：
C35: 日・祝 | E35: ： | G35: ～ | J35: ：
A36: 送迎の有無 | C36: 有 | E36: 無 | F36: =IF(D36="○","","○") -> ○
A37: 利用料 | C37: こども家庭庁長官が定める基準による額
A38: その他の費用
A39: 通常の事業の実施地域 | C39: 杉並区
A40: 協力医療機関 | C40: 名称 | D40: =基本情報入力シート!L116 -> 0 | G40: 主な診療科名 | I40: =基本情報入力シート!L117 -> 0
A41: ○一体的に実施する従たる事業所の指定等に係る記載事項 従たる事業所の指定等を受ける場合は、以下に記載してください。
A42: 事業所 | B42: フリガナ
B43: 名 称
B44: 所在地 | C44: (郵便番号 | E44: - | G44: )
B47: 電話番号
B48: E-Mail
A49: 管理者 | B49: フリガナ | F49: 生年月日
B50: 氏 名 | H50: 年 | J50: 月 | L50: 日
B51: 住 所 | C51: (郵便番号 | E51: - | G51: )
B54: 他の事業所又は施設の従業者との兼務(兼務の場合記入) | D54: 事業所等の名称
D55: 兼務する職種及び勤務時間等
A57: 児童発達支援管理責任者 | B57: フリガナ | F57: 生年月日
B58: 氏 名 | H58: 年 | J58: 月 | L58: 日
B59: 住 所 | C59: (郵便番号 | E59: - | G59: )
A62: 実施主体が地方公共団体である場合は、当該事業の実施について定めてある条例等 | H62: =H26 -> 第 条 第 項 第 号
A63: 利用定員(人)
A64: 利用者の推定数(人)
A65: 営業日(該当する日に○) | C65: 日 | D65: 月 | E65: 火 | F65: 水 | G65: 木 | H65: 金 | J65: 土 | L65: 祝
C67: その他(年末年始等)
A68: 営業時間 | C68: 平日 | E68: ： | G68: ～ | J68: ：
C69: 土曜 | E69: ： | G69: ～ | J69: ：
C70: 日・祝 | E70: ： | G70: ～ | J70: ：
A71: 送迎の有無 | C71: 有 | D71: ○ | E71: 無 | F71: =IF(D71="○","","○")
A72: 利用料
A73: その他の費用
A74: 通常の事業の実施地域
A75: 協力医療機関 | C75: 名称 | G75: 主な診療科名
A76: (備考)
A77: １．記入欄が不足する場合は、次頁の「記入欄不足時の資料」に記載して添付してください。
A78: ２．更新の場合には、「利用者の推定数」欄は前年度の平均利用者数を記入してください。
A79: ３．「その他の費用」欄には、利用者に直接金銭の負担を求める場合のサービス内容についても記載してください。
A80: 記入欄不足時の資料
A81: ■児童発達支援管理責任者 児童発達管理責任者を複数配置する場合には、以下に記載してください。
A82: 児童発達支援管理責任者 | B82: フリガナ | F82: 生年月日
B83: 氏 名 | H83: 年 | J83: 月 | L83: 日
B84: 住 所 | C84: (郵便番号 | E84: - | G84: )
D85: 都 | F85: 区
B87: フリガナ | F87: 生年月日
B88: 氏 名 | H88: 年 | J88: 月 | L88: 日
B89: 住 所 | C89: (郵便番号 | E89: - | G89: )
D90: 都 | F90: 区
B92: フリガナ | F92: 生年月日
B93: 氏 名 | H93: 年 | J93: 月 | L93: 日
B94: 住 所 | C94: (郵便番号 | E94: - | G94: )
D95: 都 | F95: 区
B97: フリガナ | F97: 生年月日
B98: 氏 名 | H98: 年 | J98: 月 | L98: 日
B99: 住 所 | C99: (郵便番号 | E99: - | G99: )
D100: 都 | F100: 市
B102: フリガナ | F102: 生年月日
B103: 氏 名 | H103: 年 | J103: 月 | L103: 日
B104: 住 所 | C104: (郵便番号 | E104: - | G104: )
D105: 都 | F105: 市
B107: フリガナ | F107: 生年月日
B108: 氏 名 | H108: 年 | J108: 月 | L108: 日
B109: 住 所 | C109: (郵便番号 | E109: - | G109: )
D110: 都 | F110: 郡
A113: ■協力医療機関 協力医療機関が複数ある場合には、以下に記載してください。
A114: 協力医療機関 | C114: 名称 | G114: 主な診療科名
C115: 名称 | G115: 主な診療科名
C116: 名称 | G116: 主な診療科名
C117: 名称 | G117: 主な診療科名
C118: 名称 | G118: 主な診療科名

Sheet 付表16_児童発達支援（重心）
A1: 付表16 児童発達支援事業所の指定等に係る記載事項
B2: 主として通わせる児童の障害の種別 （重症心身障害児）
A3: サービス種別(申請する種別に○) | E3: =IF((COUNTIF(基本情報入力シート!L50:Z55,"*児童発達支援（重心*")+COUNTIF(基本情報入力シート!L50:Z55,"児童発達支援センター"))>0,"○","") | F3: 児童発達支援 | J3: 放課後等デイサービス
A4: 児童発達支援センターに該当するか （該当する場合は、○） | E4: =IF(COUNTIF(基本情報入力シート!L50:Z55,"児童発達支援センター")>0,"○","")
A6: 事業所 | B6: フリガナ | C6: =基本情報入力シート!L44 -> 0
B7: 名 称 | C7: =基本情報入力シート!L45 -> 0
B8: 所在地 | C8: (郵便番号 | D8: =基本情報入力シート!L46 -> 0 | E8: - | F8: =基本情報入力シート!T46 -> 0 | G8: )
C9: =基本情報入力シート!L47 -> 0
C10: =基本情報入力シート!L48 -> 0
B11: 電話番号 | C11: =基本情報入力シート!L56 -> 0
B12: E-Mail | C12: =基本情報入力シート!L58 -> 0
A13: 管理者 | B13: フリガナ | C13: =基本情報入力シート!L60 -> 0 | F13: 生年月日 | G13: =基本情報入力シート!L65 -> 0
B14: 氏 名 | C14: =基本情報入力シート!L59 -> 0
B15: 住 所 | C15: (郵便番号 | D15: =基本情報入力シート!L61 -> 0 | E15: - | F15: =基本情報入力シート!T61 -> 0 | G15: )
C16: =基本情報入力シート!L62 -> 0
C17: =基本情報入力シート!L63 -> 0
B18: 他の事業所又は施設の従業者との兼務(兼務の場合記入) | D18: 事業所等の名称
D19: 兼務する職種及び勤務時間等
A21: 児童発達支援管理責任者 | B21: フリガナ | C21: =IF(E4="○",IF(基本情報入力シート!D66="【児童発達支援センター】" & CHAR(10)&"児童発達支援管理責任者",基本情報入力シート!L68,IF(基本情報入力シート!D74="【児童発達支援センター】" & CHAR(10)&"児童発達支援管理責任者",基本情報入力シート!L76,IF(基本情報入力シート!D82="【児童発達支援センター】" & CHAR(10)&"児童発達支援管理責任者",基本情報入力シート!L84,IF(基本情報入力シート!D90="【児童発達支援センター】" & CHAR(10)&"児童発達支援管理責任者",基本情報入力シート!L92,IF(基本情報入力シート!D98="【児童発達支援センター】" & CHAR(10)&"児童発達支援管理責任者",基本情報入力シート!L100,IF(基本情報入力シート!D106="【児童発達支援センター】" & CHAR(10)&"児童発達支援管理責任者",基本情報入力シート!L108,"")))))),IF(基本情報入力シート!D66="【児童発達支援（重心）】" & CHAR(10)&"児童発達支援管理責任者",基本情報入力シート!L68,IF(基本情報入力シート!D74="【児童発達支援（重心）】" & CHAR(10)&"児童発達支援管理責任者",基本情報入力シート!L76,IF(基本情報入力シート!D82="【児童発達支援（重心）】" & CHAR(10)&"児童発達支援管理責任者",基本情報入力シート!L84,IF(基本情報入力シート!D90="【児童発達支援（重心）】" & CHAR(10)&"児童発達支援管理責任者",基本情報入力シート!L92,IF(基本情報入力シート!D98="【児童発達支援（重心）】" & CHAR(10)&"児童発達支援管理責任者",基本情報入力シート!L100,IF(基本情報入力シート!D106="【児童発達支援（重心）】" & CHAR(10)&"児童発達支援管理責任者",基本情報入力シート!L108,""))))))) | F21: 生年月日 | G21: =IF(E4="○",IF(基本情報入力シート!D66="【児童発達支援センター】" & CHAR(10)&"児童発達支援管理責任者",基本情報入力シート!L73,IF(基本情報入力シート!D74="【児童発達支援センター】" & CHAR(10)&"児童発達支援管理責任者",基本情報入力シート!L81,IF(基本情報入力シート!D82="【児童発達支援センター】" & CHAR(10)&"児童発達支援管理責任者",基本情報入力シート!L89,IF(基本情報入力シート!D90="【児童発達支援センター】" & CHAR(10)&"児童発達支援管理責任者",基本情報入力シート!L97,IF(基本情報入力シート!D98="【児童発達支援センター】" & CHAR(10)&"児童発達支援管理責任者",基本情報入力シート!L105,IF(基本情報入力シート!D106="【児童発達支援センター】" & CHAR(10)&"児童発達支援管理責任者",基本情報入力シート!L113," 年 月 日")))))),IF(基本情報入力シート!D66="【児童発達支援（重心）】" & CHAR(10)&"児童発達支援管理責任者",基本情報入力シート!L73,IF(基本情報入力シート!D74="【児童発達支援（重心）】" & CHAR(10)&"児童発達支援管理責任者",基本情報入力シート!L81,IF(基本情報入力シート!D82="【児童発達支援（重心）】" & CHAR(10)&"児童発達支援管理責任者",基本情報入力シート!L89,IF(基本情報入力シート!D90="【児童発達支援（重心）】" & CHAR(10)&"児童発達支援管理責任者",基本情報入力シート!L97,IF(基本情報入力シート!D98="【児童発達支援（重心）】" & CHAR(10)&"児童発達支援管理責任者",基本情報入力シート!L105,IF(基本情報入力シート!D106="【児童発達支援（重心）】" & CHAR(10)&"児童発達支援管理責任者",基本情報入力シート!L113," 年 月 日"))))))) -> 年 月 日
B22: 氏 名 | C22: =IF(E4="○",IF(基本情報入力シート!D66="【児童発達支援センター】" & CHAR(10)&"児童発達支援管理責任者",基本情報入力シート!L67,IF(基本情報入力シート!D74="【児童発達支援センター】" & CHAR(10)&"児童発達支援管理責任者",基本情報入力シート!L75,IF(基本情報入力シート!D82="【児童発達支援センター】" & CHAR(10)&"児童発達支援管理責任者",基本情報入力シート!L83,IF(基本情報入力シート!D90="【児童発達支援センター】" & CHAR(10)&"児童発達支援管理責任者",基本情報入力シート!L91,IF(基本情報入力シート!D98="【児童発達支援センター】" & CHAR(10)&"児童発達支援管理責任者",基本情報入力シート!L99,IF(基本情報入力シート!D106="【児童発達支援センター】" & CHAR(10)&"児童発達支援管理責任者",基本情報入力シート!L107,"")))))),IF(基本情報入力シート!D66="【児童発達支援（重心）】" & CHAR(10)&"児童発達支援管理責任者",基本情報入力シート!L67,IF(基本情報入力シート!D74="【児童発達支援（重心）】" & CHAR(10)&"児童発達支援管理責任者",基本情報入力シート!L75,IF(基本情報入力シート!D82="【児童発達支援（重心）】" & CHAR(10)&"児童発達支援管理責任者",基本情報入力シート!L83,IF(基本情報入力シート!D90="【児童発達支援（重心）】" & CHAR(10)&"児童発達支援管理責任者",基本情報入力シート!L91,IF(基本情報入力シート!D98="【児童発達支援（重心）】" & CHAR(10)&"児童発達支援管理責任者",基本情報入力シート!L99,IF(基本情報入力シート!D106="【児童発達支援（重心）】" & CHAR(10)&"児童発達支援管理責任者",基本情報入力シート!L107,"")))))))
B23: 住 所 | C23: (郵便番号 | D23: =IF(E4="○",IF(基本情報入力シート!D66="【児童発達支援センター】" & CHAR(10)&"児童発達支援管理責任者",基本情報入力シート!L69,IF(基本情報入力シート!D74="【児童発達支援センター】" & CHAR(10)&"児童発達支援管理責任者",基本情報入力シート!L77,IF(基本情報入力シート!D82="【児童発達支援センター】" & CHAR(10)&"児童発達支援管理責任者",基本情報入力シート!L85,IF(基本情報入力シート!D90="【児童発達支援センター】" & CHAR(10)&"児童発達支援管理責任者",基本情報入力シート!L93,IF(基本情報入力シート!D98="【児童発達支援センター】" & CHAR(10)&"児童発達支援管理責任者",基本情報入力シート!L101,IF(基本情報入力シート!D106="【児童発達支援センター】" & CHAR(10)&"児童発達支援管理責任者",基本情報入力シート!L109,"")))))),IF(基本情報入力シート!D66="【児童発達支援（重心）】" & CHAR(10)&"児童発達支援管理責任者",基本情報入力シート!L69,IF(基本情報入力シート!D74="【児童発達支援（重心）】" & CHAR(10)&"児童発達支援管理責任者",基本情報入力シート!L77,IF(基本情報入力シート!D82="【児童発達支援（重心）】" & CHAR(10)&"児童発達支援管理責任者",基本情報入力シート!L85,IF(基本情報入力シート!D90="【児童発達支援（重心）】" & CHAR(10)&"児童発達支援管理責任者",基本情報入力シート!L93,IF(基本情報入力シート!D98="【児童発達支援（重心）】" & CHAR(10)&"児童発達支援管理責任者",基本情報入力シート!L101,IF(基本情報入力シート!D106="【児童発達支援（重心）】" & CHAR(10)&"児童発達支援管理責任者",基本情報入力シート!L109,""))))))) | E23: - | F23: =IF(E4="○",IF(基本情報入力シート!D66="【児童発達支援センター】" & CHAR(10)&"児童発達支援管理責任者",基本情報入力シート!T69,IF(基本情報入力シート!D74="【児童発達支援センター】" & CHAR(10)&"児童発達支援管理責任者",基本情報入力シート!T77,IF(基本情報入力シート!D82="【児童発達支援センター】" & CHAR(10)&"児童発達支援管理責任者",基本情報入力シート!T85,IF(基本情報入力シート!D90="【児童発達支援センター】" & CHAR(10)&"児童発達支援管理責任者",基本情報入力シート!T93,IF(基本情報入力シート!D98="【児童発達支援センター】" & CHAR(10)&"児童発達支援管理責任者",基本情報入力シート!T101,IF(基本情報入力シート!D106="【児童発達支援センター】" & CHAR(10)&"児童発達支援管理責任者",基本情報入力シート!T109,"")))))),IF(基本情報入力シート!D66="【児童発達支援（重心）】" & CHAR(10)&"児童発達支援管理責任者",基本情報入力シート!T69,IF(基本情報入力シート!D74="【児童発達支援（重心）】" & CHAR(10)&"児童発達支援管理責任者",基本情報入力シート!T77,IF(基本情報入力シート!D82="【児童発達支援（重心）】" & CHAR(10)&"児童発達支援管理責任者",基本情報入力シート!T85,IF(基本情報入力シート!D90="【児童発達支援（重心）】" & CHAR(10)&"児童発達支援管理責任者",基本情報入力シート!T93,IF(基本情報入力シート!D98="【児童発達支援（重心）】" & CHAR(10)&"児童発達支援管理責任者",基本情報入力シート!T101,IF(基本情報入力シート!D106="【児童発達支援（重心）】" & CHAR(10)&"児童発達支援管理責任者",基本情報入力シート!T109,""))))))) | G23: )
C24: =IF(E4="○",IF(基本情報入力シート!D66="【児童発達支援センター】" & CHAR(10)&"児童発達支援管理責任者",基本情報入力シート!L70,IF(基本情報入力シート!D74="【児童発達支援センター】" & CHAR(10)&"児童発達支援管理責任者",基本情報入力シート!L78,IF(基本情報入力シート!D82="【児童発達支援センター】" & CHAR(10)&"児童発達支援管理責任者",基本情報入力シート!L86,IF(基本情報入力シート!D90="【児童発達支援センター】" & CHAR(10)&"児童発達支援管理責任者",基本情報入力シート!L94,IF(基本情報入力シート!D98="【児童発達支援センター】" & CHAR(10)&"児童発達支援管理責任者",基本情報入力シート!L102,IF(基本情報入力シート!D106="【児童発達支援センター】" & CHAR(10)&"児童発達支援管理責任者",基本情報入力シート!L110,"")))))),IF(基本情報入力シート!D66="【児童発達支援（重心）】" & CHAR(10)&"児童発達支援管理責任者",基本情報入力シート!L70,IF(基本情報入力シート!D74="【児童発達支援（重心）】" & CHAR(10)&"児童発達支援管理責任者",基本情報入力シート!L78,IF(基本情報入力シート!D82="【児童発達支援（重心）】" & CHAR(10)&"児童発達支援管理責任者",基本情報入力シート!L86,IF(基本情報入力シート!D90="【児童発達支援（重心）】" & CHAR(10)&"児童発達支援管理責任者",基本情報入力シート!L94,IF(基本情報入力シート!D98="【児童発達支援（重心）】" & CHAR(10)&"児童発達支援管理責任者",基本情報入力シート!L102,IF(基本情報入力シート!D106="【児童発達支援（重心）】" & CHAR(10)&"児童発達支援管理責任者",基本情報入力シート!L110,"")))))))
C25: =IF(E4="○",IF(基本情報入力シート!D66="【児童発達支援センター】" & CHAR(10)&"児童発達支援管理責任者",基本情報入力シート!L71,IF(基本情報入力シート!D74="【児童発達支援センター】" & CHAR(10)&"児童発達支援管理責任者",基本情報入力シート!L79,IF(基本情報入力シート!D82="【児童発達支援センター】" & CHAR(10)&"児童発達支援管理責任者",基本情報入力シート!L87,IF(基本情報入力シート!D90="【児童発達支援センター】" & CHAR(10)&"児童発達支援管理責任者",基本情報入力シート!L95,IF(基本情報入力シート!D98="【児童発達支援センター】" & CHAR(10)&"児童発達支援管理責任者",基本情報入力シート!L103,IF(基本情報入力シート!D106="【児童発達支援センター】" & CHAR(10)&"児童発達支援管理責任者",基本情報入力シート!L111,"")))))),IF(基本情報入力シート!D66="【児童発達支援（重心）】" & CHAR(10)&"児童発達支援管理責任者",基本情報入力シート!L71,IF(基本情報入力シート!D74="【児童発達支援（重心）】" & CHAR(10)&"児童発達支援管理責任者",基本情報入力シート!L79,IF(基本情報入力シート!D82="【児童発達支援（重心）】" & CHAR(10)&"児童発達支援管理責任者",基本情報入力シート!L87,IF(基本情報入力シート!D90="【児童発達支援（重心）】" & CHAR(10)&"児童発達支援管理責任者",基本情報入力シート!L95,IF(基本情報入力シート!D98="【児童発達支援（重心）】" & CHAR(10)&"児童発達支援管理責任者",基本情報入力シート!L103,IF(基本情報入力シート!D106="【児童発達支援（重心）】" & CHAR(10)&"児童発達支援管理責任者",基本情報入力シート!L111,"")))))))
A26: 実施主体が地方公共団体である場合は、当該事業の実施について定めてある条例等 | H26: 第 条 第 項 第 号
A27: ○運営・設備に関する基準の確認に必要な事項
A28: 利用定員(人)
A29: 利用者の推定数(人)
A30: 営業日(該当する日に○) | C30: 日 | D30: 月 | E30: 火 | F30: 水 | G30: 木 | H30: 金 | J30: 土 | L30: 祝
C32: その他(年末年始等)
A33: 営業時間 | C33: 平日 | E33: ： | G33: ～ | J33: ：
C34: 土曜 | E34: ： | G34: ～ | J34: ：
C35: 日・祝 | E35: ： | G35: ～ | J35: ：
A36: 送迎の有無 | C36: 有 | E36: 無 | F36: =IF(D36="○","","○") -> ○
A37: 利用料 | C37: こども家庭庁長官が定める基準による額
A38: その他の費用
A39: 通常の事業の実施地域 | C39: 杉並区
A40: 協力医療機関 | C40: 名称 | D40: =基本情報入力シート!L116 -> 0 | G40: 主な診療科名 | I40: =基本情報入力シート!L117 -> 0
A41: ○一体的に実施する従たる事業所の指定等に係る記載事項 従たる事業所の指定等を受ける場合は、以下に記載してください。
A42: 事業所 | B42: フリガナ
B43: 名 称
B44: 所在地 | C44: (郵便番号 | E44: - | G44: )
B47: 電話番号
B48: E-Mail
A49: 管理者 | B49: フリガナ | F49: 生年月日
B50: 氏 名 | H50: 年 | J50: 月 | L50: 日
B51: 住 所 | C51: (郵便番号 | E51: - | G51: )
B54: 他の事業所又は施設の従業者との兼務(兼務の場合記入) | D54: 事業所等の名称
D55: 兼務する職種及び勤務時間等
A57: 児童発達支援管理責任者 | B57: フリガナ | F57: 生年月日
B58: 氏 名 | H58: 年 | J58: 月 | L58: 日
B59: 住 所 | C59: (郵便番号 | E59: - | G59: )
A62: 実施主体が地方公共団体である場合は、当該事業の実施について定めてある条例等 | H62: =H26 -> 第 条 第 項 第 号
A63: 利用定員(人)
A64: 利用者の推定数(人)
A65: 営業日(該当する日に○) | C65: 日 | D65: 月 | E65: 火 | F65: 水 | G65: 木 | H65: 金 | J65: 土 | L65: 祝
C67: その他(年末年始等)
A68: 営業時間 | C68: 平日 | E68: ： | G68: ～ | J68: ：
C69: 土曜 | E69: ： | G69: ～ | J69: ：
C70: 日・祝 | E70: ： | G70: ～ | J70: ：
A71: 送迎の有無 | C71: 有 | D71: ○ | E71: 無 | F71: =IF(D71="○","","○")
A72: 利用料
A73: その他の費用
A74: 通常の事業の実施地域
A75: 協力医療機関 | C75: 名称 | G75: 主な診療科名
A76: (備考)
A77: １．記入欄が不足する場合は、次頁の「記入欄不足時の資料」に記載して添付してください。
A78: ２．更新の場合には、「利用者の推定数」欄は前年度の平均利用者数を記入してください。
A79: ３．「その他の費用」欄には、利用者に直接金銭の負担を求める場合のサービス内容についても記載してください。
A80: 記入欄不足時の資料
A81: ■児童発達支援管理責任者 児童発達管理責任者を複数配置する場合には、以下に記載してください。
A82: 児童発達支援管理責任者 | B82: フリガナ | F82: 生年月日
B83: 氏 名 | H83: 年 | J83: 月 | L83: 日
B84: 住 所 | C84: (郵便番号 | E84: - | G84: )
D85: 都 | F85: 区
B87: フリガナ | F87: 生年月日
B88: 氏 名 | H88: 年 | J88: 月 | L88: 日
B89: 住 所 | C89: (郵便番号 | E89: - | G89: )
D90: 都 | F90: 区
B92: フリガナ | F92: 生年月日
B93: 氏 名 | H93: 年 | J93: 月 | L93: 日
B94: 住 所 | C94: (郵便番号 | E94: - | G94: )
D95: 都 | F95: 区
B97: フリガナ | F97: 生年月日
B98: 氏 名 | H98: 年 | J98: 月 | L98: 日
B99: 住 所 | C99: (郵便番号 | E99: - | G99: )
D100: 都 | F100: 市
B102: フリガナ | F102: 生年月日
B103: 氏 名 | H103: 年 | J103: 月 | L103: 日
B104: 住 所 | C104: (郵便番号 | E104: - | G104: )
D105: 都 | F105: 市
B107: フリガナ | F107: 生年月日
B108: 氏 名 | H108: 年 | J108: 月 | L108: 日
B109: 住 所 | C109: (郵便番号 | E109: - | G109: )
D110: 都 | F110: 郡
A113: ■協力医療機関 協力医療機関が複数ある場合には、以下に記載してください。
A114: 協力医療機関 | C114: 名称 | G114: 主な診療科名
C115: 名称 | G115: 主な診療科名
C116: 名称 | G116: 主な診療科名
C117: 名称 | G117: 主な診療科名
C118: 名称 | G118: 主な診療科名

Sheet 付表16_放課後等デイサービス（重心外）
A1: 付表16 放課後等デイサービス事業所の指定等に係る記載事項
B2: 主として通わせる児童の障害の種別 （重症心身障害児以外）
A3: サービス種別(申請する種別に○) | F3: 児童発達支援 | H3: =IF(COUNTIF(基本情報入力シート!L50:Z55,"放課後等デイサービス（重心外）")>0,"○","") | J3: 放課後等デイサービス
A4: 児童発達支援センターに該当するか （該当する場合は、○）
A6: 事業所 | B6: フリガナ | C6: =基本情報入力シート!L44 -> 0
B7: 名 称 | C7: =基本情報入力シート!L45 -> 0
B8: 所在地 | C8: (郵便番号 | D8: =基本情報入力シート!L46 -> 0 | E8: - | F8: =基本情報入力シート!T46 -> 0 | G8: )
C9: =基本情報入力シート!L47 -> 0
C10: =基本情報入力シート!L48 -> 0
B11: 電話番号 | C11: =基本情報入力シート!L56 -> 0
B12: E-Mail | C12: =基本情報入力シート!L58 -> 0
A13: 管理者 | B13: フリガナ | C13: =基本情報入力シート!L60 -> 0 | F13: 生年月日 | G13: =基本情報入力シート!L65 -> 0
B14: 氏 名 | C14: =基本情報入力シート!L59 -> 0
B15: 住 所 | C15: (郵便番号 | D15: =基本情報入力シート!L61 -> 0 | E15: - | F15: =基本情報入力シート!T61 -> 0 | G15: )
C16: =基本情報入力シート!L62 -> 0
C17: =基本情報入力シート!L63 -> 0
B18: 他の事業所又は施設の従業者との兼務(兼務の場合記入) | D18: 事業所等の名称
D19: 兼務する職種及び勤務時間等
A21: 児童発達支援管理責任者 | B21: フリガナ | C21: =IF(基本情報入力シート!D66="【放課後等デイサービス（重心外）】" & CHAR(10)&"児童発達支援管理責任者",基本情報入力シート!L68,IF(基本情報入力シート!D74="【放課後等デイサービス（重心外）】" & CHAR(10)&"児童発達支援管理責任者",基本情報入力シート!L76,IF(基本情報入力シート!D82="【放課後等デイサービス（重心外）】" & CHAR(10)&"児童発達支援管理責任者",基本情報入力シート!L84,IF(基本情報入力シート!D90="【放課後等デイサービス（重心外）】" & CHAR(10)&"児童発達支援管理責任者",基本情報入力シート!L92,IF(基本情報入力シート!D98="【放課後等デイサービス（重心外）】" & CHAR(10)&"児童発達支援管理責任者",基本情報入力シート!L100,IF(基本情報入力シート!D106="【放課後等デイサービス（重心外）】" & CHAR(10)&"児童発達支援管理責任者",基本情報入力シート!L108,"")))))) | F21: 生年月日 | G21: =IF(基本情報入力シート!D66="【放課後等デイサービス（重心外）】" & CHAR(10)&"児童発達支援管理責任者",基本情報入力シート!L73,IF(基本情報入力シート!D74="【放課後等デイサービス（重心外）】" & CHAR(10)&"児童発達支援管理責任者",基本情報入力シート!L81,IF(基本情報入力シート!D82="【放課後等デイサービス（重心外）】" & CHAR(10)&"児童発達支援管理責任者",基本情報入力シート!L89,IF(基本情報入力シート!D90="【放課後等デイサービス（重心外）】" & CHAR(10)&"児童発達支援管理責任者",基本情報入力シート!L97,IF(基本情報入力シート!D98="【放課後等デイサービス（重心外）】" & CHAR(10)&"児童発達支援管理責任者",基本情報入力シート!L105,IF(基本情報入力シート!D106="【放課後等デイサービス（重心外）】" & CHAR(10)&"児童発達支援管理責任者",基本情報入力シート!L113," 年 月 日")))))) -> 年 月 日
B22: 氏 名 | C22: =IF(基本情報入力シート!D66="【放課後等デイサービス（重心外）】" & CHAR(10)&"児童発達支援管理責任者",基本情報入力シート!L67,IF(基本情報入力シート!D74="【放課後等デイサービス（重心外）】" & CHAR(10)&"児童発達支援管理責任者",基本情報入力シート!L75,IF(基本情報入力シート!D82="【放課後等デイサービス（重心外）】" & CHAR(10)&"児童発達支援管理責任者",基本情報入力シート!L83,IF(基本情報入力シート!D90="【放課後等デイサービス（重心外）】" & CHAR(10)&"児童発達支援管理責任者",基本情報入力シート!L91,IF(基本情報入力シート!D98="【放課後等デイサービス（重心外）】" & CHAR(10)&"児童発達支援管理責任者",基本情報入力シート!L99,IF(基本情報入力シート!D106="【放課後等デイサービス（重心外）】" & CHAR(10)&"児童発達支援管理責任者",基本情報入力シート!L107,""))))))
B23: 住 所 | C23: (郵便番号 | D23: =IF(基本情報入力シート!D66="【放課後等デイサービス（重心外）】" & CHAR(10)&"児童発達支援管理責任者",基本情報入力シート!L69,IF(基本情報入力シート!D74="【放課後等デイサービス（重心外）】" & CHAR(10)&"児童発達支援管理責任者",基本情報入力シート!L77,IF(基本情報入力シート!D82="【放課後等デイサービス（重心外）】" & CHAR(10)&"児童発達支援管理責任者",基本情報入力シート!L85,IF(基本情報入力シート!D90="【放課後等デイサービス（重心外）】" & CHAR(10)&"児童発達支援管理責任者",基本情報入力シート!L93,IF(基本情報入力シート!D98="【放課後等デイサービス（重心外）】" & CHAR(10)&"児童発達支援管理責任者",基本情報入力シート!L101,IF(基本情報入力シート!D106="【放課後等デイサービス（重心外）】" & CHAR(10)&"児童発達支援管理責任者",基本情報入力シート!L109,"")))))) | E23: - | F23: =IF(基本情報入力シート!D66="【放課後等デイサービス（重心外）】" & CHAR(10)&"児童発達支援管理責任者",基本情報入力シート!T69,IF(基本情報入力シート!D74="【放課後等デイサービス（重心外）】" & CHAR(10)&"児童発達支援管理責任者",基本情報入力シート!T77,IF(基本情報入力シート!D82="【放課後等デイサービス（重心外）】" & CHAR(10)&"児童発達支援管理責任者",基本情報入力シート!T85,IF(基本情報入力シート!D90="【放課後等デイサービス（重心外）】" & CHAR(10)&"児童発達支援管理責任者",基本情報入力シート!T93,IF(基本情報入力シート!D98="【放課後等デイサービス（重心外）】" & CHAR(10)&"児童発達支援管理責任者",基本情報入力シート!T101,IF(基本情報入力シート!D106="【放課後等デイサービス（重心外）】" & CHAR(10)&"児童発達支援管理責任者",基本情報入力シート!T109,"")))))) | G23: )
C24: =IF(基本情報入力シート!D66="【放課後等デイサービス（重心外）】" & CHAR(10)&"児童発達支援管理責任者",基本情報入力シート!L70,IF(基本情報入力シート!D74="【放課後等デイサービス（重心外）】" & CHAR(10)&"児童発達支援管理責任者",基本情報入力シート!L78,IF(基本情報入力シート!D82="【放課後等デイサービス（重心外）】" & CHAR(10)&"児童発達支援管理責任者",基本情報入力シート!L86,IF(基本情報入力シート!D90="【放課後等デイサービス（重心外）】" & CHAR(10)&"児童発達支援管理責任者",基本情報入力シート!L94,IF(基本情報入力シート!D98="【放課後等デイサービス（重心外）】" & CHAR(10)&"児童発達支援管理責任者",基本情報入力シート!L102,IF(基本情報入力シート!D106="【放課後等デイサービス（重心外）】" & CHAR(10)&"児童発達支援管理責任者",基本情報入力シート!L110,""))))))
C25: =IF(基本情報入力シート!D66="【放課後等デイサービス（重心外）】" & CHAR(10)&"児童発達支援管理責任者",基本情報入力シート!L71,IF(基本情報入力シート!D74="【放課後等デイサービス（重心外）】" & CHAR(10)&"児童発達支援管理責任者",基本情報入力シート!L79,IF(基本情報入力シート!D82="【放課後等デイサービス（重心外）】" & CHAR(10)&"児童発達支援管理責任者",基本情報入力シート!L87,IF(基本情報入力シート!D90="【放課後等デイサービス（重心外）】" & CHAR(10)&"児童発達支援管理責任者",基本情報入力シート!L95,IF(基本情報入力シート!D98="【放課後等デイサービス（重心外）】" & CHAR(10)&"児童発達支援管理責任者",基本情報入力シート!L103,IF(基本情報入力シート!D106="【放課後等デイサービス（重心外）】" & CHAR(10)&"児童発達支援管理責任者",基本情報入力シート!L111,""))))))
A26: 実施主体が地方公共団体である場合は、当該事業の実施について定めてある条例等 | H26: 第 条 第 項 第 号
A27: ○運営・設備に関する基準の確認に必要な事項
A28: 利用定員(人)
A29: 利用者の推定数(人)
A30: 営業日(該当する日に○) | C30: 日 | D30: 月 | E30: 火 | F30: 水 | G30: 木 | H30: 金 | J30: 土 | L30: 祝
C32: その他(年末年始等)
A33: 営業時間 | C33: 平日 | E33: ： | G33: ～ | J33: ：
C34: 土曜 | E34: ： | G34: ～ | J34: ：
C35: 日・祝 | E35: ： | G35: ～ | J35: ：
A36: 送迎の有無 | C36: 有 | E36: 無 | F36: =IF(D36="○","","○") -> ○
A37: 利用料 | C37: こども家庭庁長官が定める基準による額
A38: その他の費用
A39: 通常の事業の実施地域 | C39: 杉並区
A40: 協力医療機関 | C40: 名称 | D40: =基本情報入力シート!L116 -> 0 | G40: 主な診療科名 | I40: =基本情報入力シート!L117 -> 0
A41: ○一体的に実施する従たる事業所の指定等に係る記載事項 従たる事業所の指定等を受ける場合は、以下に記載してください。
A42: 事業所 | B42: フリガナ
B43: 名 称
B44: 所在地 | C44: (郵便番号 | E44: - | G44: )
B47: 電話番号
B48: E-Mail
A49: 管理者 | B49: フリガナ | F49: 生年月日
B50: 氏 名 | H50: 年 | J50: 月 | L50: 日
B51: 住 所 | C51: (郵便番号 | E51: - | G51: )
B54: 他の事業所又は施設の従業者との兼務(兼務の場合記入) | D54: 事業所等の名称
D55: 兼務する職種及び勤務時間等
A57: 児童発達支援管理責任者 | B57: フリガナ | F57: 生年月日
B58: 氏 名 | H58: 年 | J58: 月 | L58: 日
B59: 住 所 | C59: (郵便番号 | E59: - | G59: )
A62: 実施主体が地方公共団体である場合は、当該事業の実施について定めてある条例等 | H62: =H26 -> 第 条 第 項 第 号
A63: 利用定員(人)
A64: 利用者の推定数(人)
A65: 営業日(該当する日に○) | C65: 日 | D65: 月 | E65: 火 | F65: 水 | G65: 木 | H65: 金 | J65: 土 | L65: 祝
C67: その他(年末年始等)
A68: 営業時間 | C68: 平日 | E68: ： | G68: ～ | J68: ：
C69: 土曜 | E69: ： | G69: ～ | J69: ：
C70: 日・祝 | E70: ： | G70: ～ | J70: ：
A71: 送迎の有無 | C71: 有 | D71: ○ | E71: 無 | F71: =IF(D71="○","","○")
A72: 利用料
A73: その他の費用
A74: 通常の事業の実施地域
A75: 協力医療機関 | C75: 名称 | G75: 主な診療科名
A76: (備考)
A77: １．記入欄が不足する場合は、次頁の「記入欄不足時の資料」に記載して添付してください。
A78: ２．更新の場合には、「利用者の推定数」欄は前年度の平均利用者数を記入してください。
A79: ３．「その他の費用」欄には、利用者に直接金銭の負担を求める場合のサービス内容についても記載してください。
A80: 記入欄不足時の資料
A81: ■児童発達支援管理責任者 児童発達管理責任者を複数配置する場合には、以下に記載してください。
A82: 児童発達支援管理責任者 | B82: フリガナ | F82: 生年月日
B83: 氏 名 | H83: 年 | J83: 月 | L83: 日
B84: 住 所 | C84: (郵便番号 | E84: - | G84: )
D85: 都 | F85: 区
B87: フリガナ | F87: 生年月日
B88: 氏 名 | H88: 年 | J88: 月 | L88: 日
B89: 住 所 | C89: (郵便番号 | E89: - | G89: )
D90: 都 | F90: 区
B92: フリガナ | F92: 生年月日
B93: 氏 名 | H93: 年 | J93: 月 | L93: 日
B94: 住 所 | C94: (郵便番号 | E94: - | G94: )
D95: 都 | F95: 区
B97: フリガナ | F97: 生年月日
B98: 氏 名 | H98: 年 | J98: 月 | L98: 日
B99: 住 所 | C99: (郵便番号 | E99: - | G99: )
D100: 都 | F100: 市
B102: フリガナ | F102: 生年月日
B103: 氏 名 | H103: 年 | J103: 月 | L103: 日
B104: 住 所 | C104: (郵便番号 | E104: - | G104: )
D105: 都 | F105: 市
B107: フリガナ | F107: 生年月日
B108: 氏 名 | H108: 年 | J108: 月 | L108: 日
B109: 住 所 | C109: (郵便番号 | E109: - | G109: )
D110: 都 | F110: 郡
A113: ■協力医療機関 協力医療機関が複数ある場合には、以下に記載してください。
A114: 協力医療機関 | C114: 名称 | G114: 主な診療科名
C115: 名称 | G115: 主な診療科名
C116: 名称 | G116: 主な診療科名
C117: 名称 | G117: 主な診療科名
C118: 名称 | G118: 主な診療科名

Sheet 付表16_放課後等デイサービス（重心）
A1: 付表16 放課後等デイサービス事業所の指定等に係る記載事項
B2: 主として通わせる児童の障害の種別 （重症心身障害児）
A3: サービス種別(申請する種別に○) | F3: 児童発達支援 | H3: =IF(COUNTIF(基本情報入力シート!L50:Z55,"放課後等デイサービス")>0,"○","") | J3: 放課後等デイサービス
A4: 児童発達支援センターに該当するか （該当する場合は、○）
A6: 事業所 | B6: フリガナ | C6: =基本情報入力シート!L44 -> 0
B7: 名 称 | C7: =基本情報入力シート!L45 -> 0
B8: 所在地 | C8: (郵便番号 | D8: =基本情報入力シート!L46 -> 0 | E8: - | F8: =基本情報入力シート!T46 -> 0 | G8: )
C9: =基本情報入力シート!L47 -> 0
C10: =基本情報入力シート!L48 -> 0
B11: 電話番号 | C11: =基本情報入力シート!L56 -> 0
B12: E-Mail | C12: =基本情報入力シート!L58 -> 0
A13: 管理者 | B13: フリガナ | C13: =基本情報入力シート!L60 -> 0 | F13: 生年月日 | G13: =基本情報入力シート!L65 -> 0
B14: 氏 名 | C14: =基本情報入力シート!L59 -> 0
B15: 住 所 | C15: (郵便番号 | D15: =基本情報入力シート!L61 -> 0 | E15: - | F15: =基本情報入力シート!T61 -> 0 | G15: )
C16: =基本情報入力シート!L62 -> 0
C17: =基本情報入力シート!L63 -> 0
B18: 他の事業所又は施設の従業者との兼務(兼務の場合記入) | D18: 事業所等の名称
D19: 兼務する職種及び勤務時間等
A21: 児童発達支援管理責任者 | B21: フリガナ | C21: =IF(基本情報入力シート!D66="【放課後等デイサービス（重心）】" & CHAR(10)&"児童発達支援管理責任者",基本情報入力シート!L68,IF(基本情報入力シート!D74="【放課後等デイサービス（重心）】" & CHAR(10)&"児童発達支援管理責任者",基本情報入力シート!L76,IF(基本情報入力シート!D82="【放課後等デイサービス（重心）】" & CHAR(10)&"児童発達支援管理責任者",基本情報入力シート!L84,IF(基本情報入力シート!D90="【放課後等デイサービス（重心）】" & CHAR(10)&"児童発達支援管理責任者",基本情報入力シート!L92,IF(基本情報入力シート!D98="【放課後等デイサービス（重心）】" & CHAR(10)&"児童発達支援管理責任者",基本情報入力シート!L100,IF(基本情報入力シート!D106="【放課後等デイサービス（重心）】" & CHAR(10)&"児童発達支援管理責任者",基本情報入力シート!L108,"")))))) | F21: 生年月日 | G21: =IF(基本情報入力シート!D66="【放課後等デイサービス（重心）】" & CHAR(10)&"児童発達支援管理責任者",基本情報入力シート!L73,IF(基本情報入力シート!D74="【放課後等デイサービス（重心）】" & CHAR(10)&"児童発達支援管理責任者",基本情報入力シート!L81,IF(基本情報入力シート!D82="【放課後等デイサービス（重心）】" & CHAR(10)&"児童発達支援管理責任者",基本情報入力シート!L89,IF(基本情報入力シート!D90="【放課後等デイサービス（重心）】" & CHAR(10)&"児童発達支援管理責任者",基本情報入力シート!L97,IF(基本情報入力シート!D98="【放課後等デイサービス（重心）】" & CHAR(10)&"児童発達支援管理責任者",基本情報入力シート!L105,IF(基本情報入力シート!D106="【放課後等デイサービス（重心）】" & CHAR(10)&"児童発達支援管理責任者",基本情報入力シート!L113," 年 月 日")))))) -> 年 月 日
B22: 氏 名 | C22: =IF(基本情報入力シート!D66="【放課後等デイサービス（重心）】" & CHAR(10)&"児童発達支援管理責任者",基本情報入力シート!L67,IF(基本情報入力シート!D74="【放課後等デイサービス（重心）】" & CHAR(10)&"児童発達支援管理責任者",基本情報入力シート!L75,IF(基本情報入力シート!D82="【放課後等デイサービス（重心）】" & CHAR(10)&"児童発達支援管理責任者",基本情報入力シート!L83,IF(基本情報入力シート!D90="【放課後等デイサービス（重心）】" & CHAR(10)&"児童発達支援管理責任者",基本情報入力シート!L91,IF(基本情報入力シート!D98="【放課後等デイサービス（重心）】" & CHAR(10)&"児童発達支援管理責任者",基本情報入力シート!L99,IF(基本情報入力シート!D106="【放課後等デイサービス（重心）】" & CHAR(10)&"児童発達支援管理責任者",基本情報入力シート!L107,""))))))
B23: 住 所 | C23: (郵便番号 | D23: =IF(基本情報入力シート!D66="【放課後等デイサービス（重心）】" & CHAR(10)&"児童発達支援管理責任者",基本情報入力シート!L69,IF(基本情報入力シート!D74="【放課後等デイサービス（重心）】" & CHAR(10)&"児童発達支援管理責任者",基本情報入力シート!L77,IF(基本情報入力シート!D82="【放課後等デイサービス（重心）】" & CHAR(10)&"児童発達支援管理責任者",基本情報入力シート!L85,IF(基本情報入力シート!D90="【放課後等デイサービス（重心）】" & CHAR(10)&"児童発達支援管理責任者",基本情報入力シート!L93,IF(基本情報入力シート!D98="【放課後等デイサービス（重心）】" & CHAR(10)&"児童発達支援管理責任者",基本情報入力シート!L101,IF(基本情報入力シート!D106="【放課後等デイサービス（重心）】" & CHAR(10)&"児童発達支援管理責任者",基本情報入力シート!L109,"")))))) | E23: - | F23: =IF(基本情報入力シート!D66="【放課後等デイサービス（重心）】" & CHAR(10)&"児童発達支援管理責任者",基本情報入力シート!T69,IF(基本情報入力シート!D74="【放課後等デイサービス（重心）】" & CHAR(10)&"児童発達支援管理責任者",基本情報入力シート!T77,IF(基本情報入力シート!D82="【放課後等デイサービス（重心）】" & CHAR(10)&"児童発達支援管理責任者",基本情報入力シート!T85,IF(基本情報入力シート!D90="【放課後等デイサービス（重心）】" & CHAR(10)&"児童発達支援管理責任者",基本情報入力シート!T93,IF(基本情報入力シート!D98="【放課後等デイサービス（重心）】" & CHAR(10)&"児童発達支援管理責任者",基本情報入力シート!T101,IF(基本情報入力シート!D106="【放課後等デイサービス（重心）】" & CHAR(10)&"児童発達支援管理責任者",基本情報入力シート!T109,"")))))) | G23: )
C24: =IF(基本情報入力シート!D66="【放課後等デイサービス（重心）】" & CHAR(10)&"児童発達支援管理責任者",基本情報入力シート!L70,IF(基本情報入力シート!D74="【放課後等デイサービス（重心）】" & CHAR(10)&"児童発達支援管理責任者",基本情報入力シート!L78,IF(基本情報入力シート!D82="【放課後等デイサービス（重心）】" & CHAR(10)&"児童発達支援管理責任者",基本情報入力シート!L86,IF(基本情報入力シート!D90="【放課後等デイサービス（重心）】" & CHAR(10)&"児童発達支援管理責任者",基本情報入力シート!L94,IF(基本情報入力シート!D98="【放課後等デイサービス（重心）】" & CHAR(10)&"児童発達支援管理責任者",基本情報入力シート!L102,IF(基本情報入力シート!D106="【放課後等デイサービス（重心）】" & CHAR(10)&"児童発達支援管理責任者",基本情報入力シート!L110,""))))))
C25: =IF(基本情報入力シート!D66="【放課後等デイサービス（重心）】" & CHAR(10)&"児童発達支援管理責任者",基本情報入力シート!L71,IF(基本情報入力シート!D74="【放課後等デイサービス（重心）】" & CHAR(10)&"児童発達支援管理責任者",基本情報入力シート!L79,IF(基本情報入力シート!D82="【放課後等デイサービス（重心）】" & CHAR(10)&"児童発達支援管理責任者",基本情報入力シート!L87,IF(基本情報入力シート!D90="【放課後等デイサービス（重心）】" & CHAR(10)&"児童発達支援管理責任者",基本情報入力シート!L95,IF(基本情報入力シート!D98="【放課後等デイサービス（重心）】" & CHAR(10)&"児童発達支援管理責任者",基本情報入力シート!L103,IF(基本情報入力シート!D106="【放課後等デイサービス（重心）】" & CHAR(10)&"児童発達支援管理責任者",基本情報入力シート!L111,""))))))
A26: 実施主体が地方公共団体である場合は、当該事業の実施について定めてある条例等 | H26: 第 条 第 項 第 号
A27: ○運営・設備に関する基準の確認に必要な事項
A28: 利用定員(人)
A29: 利用者の推定数(人)
A30: 営業日(該当する日に○) | C30: 日 | D30: 月 | E30: 火 | F30: 水 | G30: 木 | H30: 金 | J30: 土 | L30: 祝
C32: その他(年末年始等)
A33: 営業時間 | C33: 平日 | E33: ： | G33: ～ | J33: ：
C34: 土曜 | E34: ： | G34: ～ | J34: ：
C35: 日・祝 | E35: ： | G35: ～ | J35: ：
A36: 送迎の有無 | C36: 有 | E36: 無 | F36: =IF(D36="○","","○") -> ○
A37: 利用料 | C37: こども家庭庁長官が定める基準による額
A38: その他の費用
A39: 通常の事業の実施地域 | C39: 杉並区
A40: 協力医療機関 | C40: 名称 | D40: =基本情報入力シート!L116 -> 0 | G40: 主な診療科名 | I40: =基本情報入力シート!L117 -> 0
A41: ○一体的に実施する従たる事業所の指定等に係る記載事項 従たる事業所の指定等を受ける場合は、以下に記載してください。
A42: 事業所 | B42: フリガナ
B43: 名 称
B44: 所在地 | C44: (郵便番号 | E44: - | G44: )
B47: 電話番号
B48: E-Mail
A49: 管理者 | B49: フリガナ | F49: 生年月日
B50: 氏 名 | H50: 年 | J50: 月 | L50: 日
B51: 住 所 | C51: (郵便番号 | E51: - | G51: )
B54: 他の事業所又は施設の従業者との兼務(兼務の場合記入) | D54: 事業所等の名称
D55: 兼務する職種及び勤務時間等
A57: 児童発達支援管理責任者 | B57: フリガナ | F57: 生年月日
B58: 氏 名 | H58: 年 | J58: 月 | L58: 日
B59: 住 所 | C59: (郵便番号 | E59: - | G59: )
A62: 実施主体が地方公共団体である場合は、当該事業の実施について定めてある条例等 | H62: =H26 -> 第 条 第 項 第 号
A63: 利用定員(人)
A64: 利用者の推定数(人)
A65: 営業日(該当する日に○) | C65: 日 | D65: 月 | E65: 火 | F65: 水 | G65: 木 | H65: 金 | J65: 土 | L65: 祝
C67: その他(年末年始等)
A68: 営業時間 | C68: 平日 | E68: ： | G68: ～ | J68: ：
C69: 土曜 | E69: ： | G69: ～ | J69: ：
C70: 日・祝 | E70: ： | G70: ～ | J70: ：
A71: 送迎の有無 | C71: 有 | D71: ○ | E71: 無 | F71: =IF(D71="○","","○")
A72: 利用料
A73: その他の費用
A74: 通常の事業の実施地域
A75: 協力医療機関 | C75: 名称 | G75: 主な診療科名
A76: (備考)
A77: １．記入欄が不足する場合は、次頁の「記入欄不足時の資料」に記載して添付してください。
A78: ２．更新の場合には、「利用者の推定数」欄は前年度の平均利用者数を記入してください。
A79: ３．「その他の費用」欄には、利用者に直接金銭の負担を求める場合のサービス内容についても記載してください。
A80: 記入欄不足時の資料
A81: ■児童発達支援管理責任者 児童発達管理責任者を複数配置する場合には、以下に記載してください。
A82: 児童発達支援管理責任者 | B82: フリガナ | F82: 生年月日
B83: 氏 名 | H83: 年 | J83: 月 | L83: 日
B84: 住 所 | C84: (郵便番号 | E84: - | G84: )
D85: 都 | F85: 区
B87: フリガナ | F87: 生年月日
B88: 氏 名 | H88: 年 | J88: 月 | L88: 日
B89: 住 所 | C89: (郵便番号 | E89: - | G89: )
D90: 都 | F90: 区
B92: フリガナ | F92: 生年月日
B93: 氏 名 | H93: 年 | J93: 月 | L93: 日
B94: 住 所 | C94: (郵便番号 | E94: - | G94: )
D95: 都 | F95: 区
B97: フリガナ | F97: 生年月日
B98: 氏 名 | H98: 年 | J98: 月 | L98: 日
B99: 住 所 | C99: (郵便番号 | E99: - | G99: )
D100: 都 | F100: 市
B102: フリガナ | F102: 生年月日
B103: 氏 名 | H103: 年 | J103: 月 | L103: 日
B104: 住 所 | C104: (郵便番号 | E104: - | G104: )
D105: 都 | F105: 市
B107: フリガナ | F107: 生年月日
B108: 氏 名 | H108: 年 | J108: 月 | L108: 日
B109: 住 所 | C109: (郵便番号 | E109: - | G109: )
D110: 都 | F110: 郡
A113: ■協力医療機関 協力医療機関が複数ある場合には、以下に記載してください。
A114: 協力医療機関 | C114: 名称 | G114: 主な診療科名
C115: 名称 | G115: 主な診療科名
C116: 名称 | G116: 主な診療科名
C117: 名称 | G117: 主な診療科名
C118: 名称 | G118: 主な診療科名

Sheet 付表17_居宅訪問型児童発達支援
A1: 付表17 居宅訪問型児童発達支援事業所の指定等に係る記載事項
A3: 事業所 | B3: フリガナ | C3: =基本情報入力シート!L44 -> 0
B4: 名 称 | C4: =基本情報入力シート!L45 -> 0
B5: 所在地 | C5: (郵便番号 | D5: =基本情報入力シート!L46 -> 0 | E5: - | F5: =基本情報入力シート!T46 -> 0 | G5: )
C6: =基本情報入力シート!L47 -> 0
B8: 電話番号 | C8: =基本情報入力シート!L56 -> 0
B9: E-Mail | C9: =基本情報入力シート!L58 -> 0
A10: 管理者 | B10: フリガナ | C10: =基本情報入力シート!L60 -> 0 | F10: 生年月日 | G10: =基本情報入力シート!L65 -> 0
B11: 氏 名 | C11: =基本情報入力シート!L59 -> 0
B12: 住 所 | C12: (郵便番号 | D12: =基本情報入力シート!L61 -> 0 | E12: - | F12: =基本情報入力シート!T61 -> 0 | G12: )
C13: =基本情報入力シート!L62 -> 0
C14: =基本情報入力シート!L63 -> 0
B15: 他の事業所又は施設の従業者との兼務(兼務の場合記入) | D15: 事業所等の名称
D16: 兼務する職種及び勤務時間等
A18: 児童発達支援管理責任者 | B18: フリガナ | C18: =IF(基本情報入力シート!D66="【居宅訪問型児童発達支援】" & CHAR(10)&"児童発達支援管理責任者",基本情報入力シート!L68,IF(基本情報入力シート!D74="【居宅訪問型児童発達支援】" & CHAR(10)&"児童発達支援管理責任者",基本情報入力シート!L76,IF(基本情報入力シート!D82="【居宅訪問型児童発達支援】" & CHAR(10)&"児童発達支援管理責任者",基本情報入力シート!L84,IF(基本情報入力シート!D90="【居宅訪問型児童発達支援】" & CHAR(10)&"児童発達支援管理責任者",基本情報入力シート!L92,IF(基本情報入力シート!D98="【居宅訪問型児童発達支援】" & CHAR(10)&"児童発達支援管理責任者",基本情報入力シート!L100,IF(基本情報入力シート!D106="【居宅訪問型児童発達支援】" & CHAR(10)&"児童発達支援管理責任者",基本情報入力シート!L108,"")))))) | F18: 生年月日 | G18: =IF(基本情報入力シート!D66="【居宅訪問型児童発達支援】" & CHAR(10)&"児童発達支援管理責任者",基本情報入力シート!L73,IF(基本情報入力シート!D74="【居宅訪問型児童発達支援】" & CHAR(10)&"児童発達支援管理責任者",基本情報入力シート!L81,IF(基本情報入力シート!D82="【居宅訪問型児童発達支援】" & CHAR(10)&"児童発達支援管理責任者",基本情報入力シート!L89,IF(基本情報入力シート!D90="【居宅訪問型児童発達支援】" & CHAR(10)&"児童発達支援管理責任者",基本情報入力シート!L97,IF(基本情報入力シート!D98="【居宅訪問型児童発達支援】" & CHAR(10)&"児童発達支援管理責任者",基本情報入力シート!L105,IF(基本情報入力シート!D106="【居宅訪問型児童発達支援】" & CHAR(10)&"児童発達支援管理責任者",基本情報入力シート!L113," 年 月 日")))))) -> 年 月 日
B19: 氏 名 | C19: =IF(基本情報入力シート!D66="【居宅訪問型児童発達支援】" & CHAR(10)&"児童発達支援管理責任者",基本情報入力シート!L67,IF(基本情報入力シート!D74="【居宅訪問型児童発達支援】" & CHAR(10)&"児童発達支援管理責任者",基本情報入力シート!L75,IF(基本情報入力シート!D82="【居宅訪問型児童発達支援】" & CHAR(10)&"児童発達支援管理責任者",基本情報入力シート!L83,IF(基本情報入力シート!D90="【居宅訪問型児童発達支援】" & CHAR(10)&"児童発達支援管理責任者",基本情報入力シート!L91,IF(基本情報入力シート!D98="【居宅訪問型児童発達支援】" & CHAR(10)&"児童発達支援管理責任者",基本情報入力シート!L99,IF(基本情報入力シート!D106="【居宅訪問型児童発達支援】" & CHAR(10)&"児童発達支援管理責任者",基本情報入力シート!L107,""))))))
B20: 住 所 | C20: (郵便番号 | D20: =IF(基本情報入力シート!D66="【居宅訪問型児童発達支援】" & CHAR(10)&"児童発達支援管理責任者",基本情報入力シート!L69,IF(基本情報入力シート!D74="【居宅訪問型児童発達支援】" & CHAR(10)&"児童発達支援管理責任者",基本情報入力シート!L77,IF(基本情報入力シート!D82="【居宅訪問型児童発達支援】" & CHAR(10)&"児童発達支援管理責任者",基本情報入力シート!L85,IF(基本情報入力シート!D90="【居宅訪問型児童発達支援】" & CHAR(10)&"児童発達支援管理責任者",基本情報入力シート!L93,IF(基本情報入力シート!D98="【居宅訪問型児童発達支援】" & CHAR(10)&"児童発達支援管理責任者",基本情報入力シート!L101,IF(基本情報入力シート!D106="【居宅訪問型児童発達支援】" & CHAR(10)&"児童発達支援管理責任者",基本情報入力シート!L109,"")))))) | E20: - | F20: =IF(基本情報入力シート!D66="【居宅訪問型児童発達支援】" & CHAR(10)&"児童発達支援管理責任者",基本情報入力シート!T69,IF(基本情報入力シート!D74="【居宅訪問型児童発達支援】" & CHAR(10)&"児童発達支援管理責任者",基本情報入力シート!T77,IF(基本情報入力シート!D82="【居宅訪問型児童発達支援】" & CHAR(10)&"児童発達支援管理責任者",基本情報入力シート!T85,IF(基本情報入力シート!D90="【居宅訪問型児童発達支援】" & CHAR(10)&"児童発達支援管理責任者",基本情報入力シート!T93,IF(基本情報入力シート!D98="【居宅訪問型児童発達支援】" & CHAR(10)&"児童発達支援管理責任者",基本情報入力シート!T101,IF(基本情報入力シート!D106="【居宅訪問型児童発達支援】" & CHAR(10)&"児童発達支援管理責任者",基本情報入力シート!T109,"")))))) | G20: )
C21: =IF(基本情報入力シート!D66="【居宅訪問型児童発達支援】" & CHAR(10)&"児童発達支援管理責任者",基本情報入力シート!L70,IF(基本情報入力シート!D74="【居宅訪問型児童発達支援】" & CHAR(10)&"児童発達支援管理責任者",基本情報入力シート!L78,IF(基本情報入力シート!D82="【居宅訪問型児童発達支援】" & CHAR(10)&"児童発達支援管理責任者",基本情報入力シート!L86,IF(基本情報入力シート!D90="【居宅訪問型児童発達支援】" & CHAR(10)&"児童発達支援管理責任者",基本情報入力シート!L94,IF(基本情報入力シート!D98="【居宅訪問型児童発達支援】" & CHAR(10)&"児童発達支援管理責任者",基本情報入力シート!L102,IF(基本情報入力シート!D106="【居宅訪問型児童発達支援】" & CHAR(10)&"児童発達支援管理責任者",基本情報入力シート!L110,""))))))
C22: =IF(基本情報入力シート!D66="【居宅訪問型児童発達支援】" & CHAR(10)&"児童発達支援管理責任者",基本情報入力シート!L71,IF(基本情報入力シート!D74="【居宅訪問型児童発達支援】" & CHAR(10)&"児童発達支援管理責任者",基本情報入力シート!L79,IF(基本情報入力シート!D82="【居宅訪問型児童発達支援】" & CHAR(10)&"児童発達支援管理責任者",基本情報入力シート!L87,IF(基本情報入力シート!D90="【居宅訪問型児童発達支援】" & CHAR(10)&"児童発達支援管理責任者",基本情報入力シート!L95,IF(基本情報入力シート!D98="【居宅訪問型児童発達支援】" & CHAR(10)&"児童発達支援管理責任者",基本情報入力シート!L103,IF(基本情報入力シート!D106="【居宅訪問型児童発達支援】" & CHAR(10)&"児童発達支援管理責任者",基本情報入力シート!L111,""))))))
A23: 実施主体が地方公共団体である場合は、当該事業の実施について定めてある条例等 | H23: 第 条 第 項 第 号
A24: ○運営・設備に関する基準の確認に必要な事項
A25: 専用の区画の有無 | C25: 有 | E25: 無 | F25: =IF(D25="○","","○") -> ○
A26: 営業日(該当する日に○) | C26: 日 | D26: 月 | E26: 火 | F26: 水 | G26: 木 | H26: 金 | J26: 土 | L26: 祝
C28: その他(年末年始等)
A29: 営業時間 | C29: 平日 | E29: ： | G29: ～ | J29: ：
C30: 土曜 | E30: ： | G30: ～ | J30: ：
C31: 日・祝 | E31: ： | G31: ～ | J31: ：
A32: 利用料 | C32: こども家庭庁長官が定める基準による額
A33: その他の費用
A34: 通常の事業の実施地域 | C34: 杉並区
A35: 協力医療機関 | C35: 名称 | D35: =基本情報入力シート!L116 -> 0 | G35: 主な診療科名 | I35: =基本情報入力シート!L117 -> 0
A36: (備考)
A37: １．記入欄が不足する場合は、次頁の「記入欄不足時の資料」に記載して添付してください。
A38: ２．「その他の費用」欄には、利用者に直接金銭の負担を求める場合のサービス内容についても記載してく ださい。
A39: 記入欄不足時の資料
A40: ■児童発達支援管理責任者 児童発達管理責任者を複数配置する場合には、以下に記載してください。
A41: 児童発達支援管理責任者 | B41: フリガナ | F41: 生年月日
B42: 氏 名 | H42: 年 | J42: 月 | L42: 日
B43: 住 所 | C43: (郵便番号 | E43: - | G43: )
D44: 都 | F44: 区
B46: フリガナ | F46: 生年月日
B47: 氏 名 | H47: 年 | J47: 月 | L47: 日
B48: 住 所 | C48: (郵便番号 | E48: - | G48: )
D49: 都 | F49: 区
B51: フリガナ | F51: 生年月日
B52: 氏 名 | H52: 年 | J52: 月 | L52: 日
B53: 住 所 | C53: (郵便番号 | E53: - | G53: )
D54: 都 | F54: 区
B56: フリガナ | F56: 生年月日
B57: 氏 名 | H57: 年 | J57: 月 | L57: 日
B58: 住 所 | C58: (郵便番号 | E58: - | G58: )
D59: 都 | F59: 市
B61: フリガナ | F61: 生年月日
B62: 氏 名 | H62: 年 | J62: 月 | L62: 日
B63: 住 所 | C63: (郵便番号 | E63: - | G63: )
D64: 都 | F64: 市
B66: フリガナ | F66: 生年月日
B67: 氏 名 | H67: 年 | J67: 月 | L67: 日
B68: 住 所 | C68: (郵便番号 | E68: - | G68: )
D69: 都 | F69: 郡

Sheet 付表18_保育所等訪問支援
A1: 付表18 保育所等訪問支援事業所の指定等に係る記載事項
A3: 事業所 | B3: フリガナ | C3: =基本情報入力シート!L44 -> 0
B4: 名 称 | C4: =基本情報入力シート!L45 -> 0
B5: 所在地 | C5: (郵便番号 | D5: =基本情報入力シート!L46 -> 0 | E5: - | F5: =基本情報入力シート!T46 -> 0 | G5: )
C6: =基本情報入力シート!L47 -> 0
B8: 電話番号 | C8: =基本情報入力シート!L56 -> 0
B9: E-Mail | C9: =基本情報入力シート!L58 -> 0
A10: 管理者 | B10: フリガナ | C10: =基本情報入力シート!L60 -> 0 | F10: 生年月日 | G10: =基本情報入力シート!L65 -> 0
B11: 氏 名 | C11: =基本情報入力シート!L59 -> 0
B12: 住 所 | C12: (郵便番号 | D12: =基本情報入力シート!L61 -> 0 | E12: - | F12: =基本情報入力シート!T61 -> 0 | G12: )
C13: =基本情報入力シート!L62 -> 0
C14: =基本情報入力シート!L63 -> 0
B15: 他の事業所又は施設の従業者との兼務(兼務の場合記入) | D15: 事業所等の名称
D16: 兼務する職種及び勤務時間等
A18: 児童発達支援管理責任者 | B18: フリガナ | C18: =IF(基本情報入力シート!D66="【保育所等訪問支援】" & CHAR(10)&"児童発達支援管理責任者",基本情報入力シート!L68,IF(基本情報入力シート!D74="【保育所等訪問支援】" & CHAR(10)&"児童発達支援管理責任者",基本情報入力シート!L76,IF(基本情報入力シート!D82="【保育所等訪問支援】" & CHAR(10)&"児童発達支援管理責任者",基本情報入力シート!L84,IF(基本情報入力シート!D90="【保育所等訪問支援】" & CHAR(10)&"児童発達支援管理責任者",基本情報入力シート!L92,IF(基本情報入力シート!D98="【保育所等訪問支援】" & CHAR(10)&"児童発達支援管理責任者",基本情報入力シート!L100,IF(基本情報入力シート!D106="【保育所等訪問支援】" & CHAR(10)&"児童発達支援管理責任者",基本情報入力シート!L108,"")))))) | F18: 生年月日 | G18: =IF(基本情報入力シート!D66="【保育所等訪問支援】" & CHAR(10)&"児童発達支援管理責任者",基本情報入力シート!L73,IF(基本情報入力シート!D74="【保育所等訪問支援】" & CHAR(10)&"児童発達支援管理責任者",基本情報入力シート!L81,IF(基本情報入力シート!D82="【保育所等訪問支援】" & CHAR(10)&"児童発達支援管理責任者",基本情報入力シート!L89,IF(基本情報入力シート!D90="【保育所等訪問支援】" & CHAR(10)&"児童発達支援管理責任者",基本情報入力シート!L97,IF(基本情報入力シート!D98="【保育所等訪問支援】" & CHAR(10)&"児童発達支援管理責任者",基本情報入力シート!L105,IF(基本情報入力シート!D106="【保育所等訪問支援】" & CHAR(10)&"児童発達支援管理責任者",基本情報入力シート!L113," 年 月 日")))))) -> 年 月 日
B19: 氏 名 | C19: =IF(基本情報入力シート!D66="【保育所等訪問支援】" & CHAR(10)&"児童発達支援管理責任者",基本情報入力シート!L67,IF(基本情報入力シート!D74="【保育所等訪問支援】" & CHAR(10)&"児童発達支援管理責任者",基本情報入力シート!L75,IF(基本情報入力シート!D82="【保育所等訪問支援】" & CHAR(10)&"児童発達支援管理責任者",基本情報入力シート!L83,IF(基本情報入力シート!D90="【保育所等訪問支援】" & CHAR(10)&"児童発達支援管理責任者",基本情報入力シート!L91,IF(基本情報入力シート!D98="【保育所等訪問支援】" & CHAR(10)&"児童発達支援管理責任者",基本情報入力シート!L99,IF(基本情報入力シート!D106="【保育所等訪問支援】" & CHAR(10)&"児童発達支援管理責任者",基本情報入力シート!L107,""))))))
B20: 住 所 | C20: (郵便番号 | D20: =IF(基本情報入力シート!D66="【保育所等訪問支援】" & CHAR(10)&"児童発達支援管理責任者",基本情報入力シート!L69,IF(基本情報入力シート!D74="【保育所等訪問支援】" & CHAR(10)&"児童発達支援管理責任者",基本情報入力シート!L77,IF(基本情報入力シート!D82="【保育所等訪問支援】" & CHAR(10)&"児童発達支援管理責任者",基本情報入力シート!L85,IF(基本情報入力シート!D90="【保育所等訪問支援】" & CHAR(10)&"児童発達支援管理責任者",基本情報入力シート!L93,IF(基本情報入力シート!D98="【保育所等訪問支援】" & CHAR(10)&"児童発達支援管理責任者",基本情報入力シート!L101,IF(基本情報入力シート!D106="【保育所等訪問支援】" & CHAR(10)&"児童発達支援管理責任者",基本情報入力シート!L109,"")))))) | E20: - | F20: =IF(基本情報入力シート!D66="【保育所等訪問支援】" & CHAR(10)&"児童発達支援管理責任者",基本情報入力シート!T69,IF(基本情報入力シート!D74="【保育所等訪問支援】" & CHAR(10)&"児童発達支援管理責任者",基本情報入力シート!T77,IF(基本情報入力シート!D82="【保育所等訪問支援】" & CHAR(10)&"児童発達支援管理責任者",基本情報入力シート!T85,IF(基本情報入力シート!D90="【保育所等訪問支援】" & CHAR(10)&"児童発達支援管理責任者",基本情報入力シート!T93,IF(基本情報入力シート!D98="【保育所等訪問支援】" & CHAR(10)&"児童発達支援管理責任者",基本情報入力シート!T101,IF(基本情報入力シート!D106="【保育所等訪問支援】" & CHAR(10)&"児童発達支援管理責任者",基本情報入力シート!T109,"")))))) | G20: )
C21: =IF(基本情報入力シート!D66="【保育所等訪問支援】" & CHAR(10)&"児童発達支援管理責任者",基本情報入力シート!L70,IF(基本情報入力シート!D74="【保育所等訪問支援】" & CHAR(10)&"児童発達支援管理責任者",基本情報入力シート!L78,IF(基本情報入力シート!D82="【保育所等訪問支援】" & CHAR(10)&"児童発達支援管理責任者",基本情報入力シート!L86,IF(基本情報入力シート!D90="【保育所等訪問支援】" & CHAR(10)&"児童発達支援管理責任者",基本情報入力シート!L94,IF(基本情報入力シート!D98="【保育所等訪問支援】" & CHAR(10)&"児童発達支援管理責任者",基本情報入力シート!L102,IF(基本情報入力シート!D106="【保育所等訪問支援】" & CHAR(10)&"児童発達支援管理責任者",基本情報入力シート!L110,""))))))
C22: =IF(基本情報入力シート!D66="【保育所等訪問支援】" & CHAR(10)&"児童発達支援管理責任者",基本情報入力シート!L71,IF(基本情報入力シート!D74="【保育所等訪問支援】" & CHAR(10)&"児童発達支援管理責任者",基本情報入力シート!L79,IF(基本情報入力シート!D82="【保育所等訪問支援】" & CHAR(10)&"児童発達支援管理責任者",基本情報入力シート!L87,IF(基本情報入力シート!D90="【保育所等訪問支援】" & CHAR(10)&"児童発達支援管理責任者",基本情報入力シート!L95,IF(基本情報入力シート!D98="【保育所等訪問支援】" & CHAR(10)&"児童発達支援管理責任者",基本情報入力シート!L103,IF(基本情報入力シート!D106="【保育所等訪問支援】" & CHAR(10)&"児童発達支援管理責任者",基本情報入力シート!L111,""))))))
A23: 実施主体が地方公共団体である場合は、当該事業の実施について定めてある条例等 | H23: 第 条 第 項 第 号
A24: ○運営・設備に関する基準の確認に必要な事項
A25: 営業日(該当する日に○) | C25: 日 | D25: 月 | E25: 火 | F25: 水 | G25: 木 | H25: 金 | J25: 土 | L25: 祝
C27: その他(年末年始等)
A28: 営業時間 | C28: 平日 | E28: ： | G28: ～ | J28: ：
C29: 土曜 | E29: ： | G29: ～ | J29: ：
C30: 日・祝 | E30: ： | G30: ～ | J30: ：
A31: 利用料 | C31: こども家庭庁長官が定める基準による額
A32: その他の費用
A33: 通常の事業の実施地域 | C33: 杉並区
A34: (備考)
A35: １．記入欄が不足する場合は、次頁の「記入欄不足時の資料」に記載して添付してください。
A36: ２．「その他の費用」欄には、利用者に直接金銭の負担を求める場合のサービス内容についても記載してく ださい。
A37: 記入欄不足時の資料
A38: ■児童発達支援管理責任者 児童発達管理責任者を複数配置する場合には、以下に記載してください。
A39: 児童発達支援管理責任者 | B39: フリガナ | F39: 生年月日
B40: 氏 名 | H40: 年 | J40: 月 | L40: 日
B41: 住 所 | C41: (郵便番号 | E41: - | G41: )
B44: フリガナ | F44: 生年月日
B45: 氏 名 | H45: 年 | J45: 月 | L45: 日
B46: 住 所 | C46: (郵便番号 | E46: - | G46: )
B49: フリガナ | F49: 生年月日
B50: 氏 名 | H50: 年 | J50: 月 | L50: 日
B51: 住 所 | C51: (郵便番号 | E51: - | G51: )
B54: フリガナ | F54: 生年月日
B55: 氏 名 | H55: 年 | J55: 月 | L55: 日
B56: 住 所 | C56: (郵便番号 | E56: - | G56: )
B59: フリガナ | F59: 生年月日
B60: 氏 名 | H60: 年 | J60: 月 | L60: 日
B61: 住 所 | C61: (郵便番号 | E61: - | G61: )
B64: フリガナ | F64: 生年月日
B65: 氏 名 | H65: 年 | J65: 月 | L65: 日
B66: 住 所 | C66: (郵便番号 | E66: - | G66: )

Sheet 様式２（体制等状況一覧表）
B1: 様式２
A2: 障害児通所給付費の算定に係る体制等状況一覧表
A4: 提供サービス | J4: 特例による指定の有無 | O4: 定員規模 （※1） | S4: 施設等区分 | Z4: 主たる障害種別 | AG4: その他該当する体制等
BJ5: 適用開始日
A6: 各サービス共通 | AG6: 地域区分 | AQ6: 11．一級地
A7: 障害児通所給付費 | B7: 児童発達支援 | S7: 選択下さい。 | AG7: 未就学児等支援区分 | AQ7: 選択下さい。 | BJ7: =IF(OR($BJ$6="",AQ7="選択下さい。"),"",$BJ$6)
AG8: 定員超過 | AQ8: 選択下さい。 | BJ8: =IF(OR($BJ$6="",AQ8="選択下さい。"),"",$BJ$6)
AG9: 職員欠如 | AQ9: 選択下さい。 | BJ9: =IF(OR($BJ$6="",AQ9="選択下さい。"),"",$BJ$6)
AG10: 児童発達支援管理責任者欠如 | AQ10: 選択下さい。 | BJ10: =IF(OR($BJ$6="",AQ10="選択下さい。"),"",$BJ$6)
AG11: 開所時間減算 | AQ11: 選択下さい。 | BJ11: =IF(OR($BJ$6="",AQ11="選択下さい。"),"",$BJ$6)
AG12: 開所時間減算区分（※2） | AQ12: 選択下さい。 | BJ12: =IF(OR($BJ$6="",AQ12="選択下さい。"),"",$BJ$6)
AG13: 自己評価結果等未公表減算 | AQ13: 選択下さい。 | BJ13: =IF(OR($BJ$6="",AQ13="選択下さい。"),"",$BJ$6)
AG14: 支援プログラム未公表減算 | AQ14: 選択下さい。 | BJ14: =IF(OR($BJ$6="",AQ14="選択下さい。"),"",$BJ$6)
AG15: 身体拘束廃止未実施 | AQ15: 選択下さい。 | BJ15: =IF(OR($BJ$6="",AQ15="選択下さい。"),"",$BJ$6)
AG16: 虐待防止措置未実施 | AQ16: 選択下さい。 | BJ16: =IF(OR($BJ$6="",AQ16="選択下さい。"),"",$BJ$6)
AG17: 業務継続計画未策定 | AQ17: 選択下さい。 | BJ17: =IF(OR($BJ$6="",AQ17="選択下さい。"),"",$BJ$6)
AG18: 情報公表未報告 | AQ18: 選択下さい。 | BJ18: =IF(OR($BJ$6="",AQ18="選択下さい。"),"",$BJ$6)
AG19: 児童指導員等加配体制 | AQ19: 選択下さい。 | BJ19: =IF(OR($BJ$6="",AQ19="選択下さい。"),"",$BJ$6)
... AG42: 経過措置対象区分 | AQ42: 選択下さい。 | BJ42: =IF(OR($BJ$6="",AQ42="選択下さい。"),"",$BJ$6)
A43: 障害児通所給付費 | B43: 放課後等デイサービス | Z43: 選択下さい。 | AG43: 定員超過 | AQ43: 選択下さい。 | BJ43: =IF(OR($BJ$6="",AQ43="選択下さい。"),"",$BJ$6)
AG44: 開所時間減算 | AQ44: 選択下さい。 | BJ44: =IF(OR($BJ$6="",AQ44="選択下さい。"),"",$BJ$6)
AG45: 開所時間減算区分（※2） | AQ45: 選択下さい。 | BJ45: =IF(OR($BJ$6="",AQ45="選択下さい。"),"",$BJ$6)
AG46: 職員欠如 | AQ46: 選択下さい。 | BJ46: =IF(OR($BJ$6="",AQ46="選択下さい。"),"",$BJ$6)
AG47: 児童発達支援管理責任者欠如 | AQ47: 選択下さい。 | BJ47: =IF(OR($BJ$6="",AQ47="選択下さい。"),"",$BJ$6)
AG48: 自己評価結果等未公表減算 | AQ48: 選択下さい。 | BJ48: =IF(OR($BJ$6="",AQ48="選択下さい。"),"",$BJ$6)
AG49: 支援プログラム未公表減算 | AQ49: 選択下さい。 | BJ49: =IF(OR($BJ$6="",AQ49="選択下さい。"),"",$BJ$6)
AG50: 身体拘束廃止未実施 | AQ50: 選択下さい。 | BJ50: =IF(OR($BJ$6="",AQ50="選択下さい。"),"",$BJ$6)
AG51: 虐待防止措置未実施 | AQ51: 選択下さい。 | BJ51: =IF(OR($BJ$6="",AQ51="選択下さい。"),"",$BJ$6)
AG52: 業務継続計画未策定 | AQ52: 選択下さい。 | BJ52: =IF(OR($BJ$6="",AQ52="選択下さい。"),"",$BJ$6)
AG53: 情報公表未報告 | AQ53: 選択下さい。 | BJ53: =IF(OR($BJ$6="",AQ53="選択下さい。"),"",$BJ$6)
AG54: 児童指導員等加配体制 | AQ54: 選択下さい。 | BJ54: =IF(OR($BJ$6="",AQ54="選択下さい。"),"",$BJ$6)
AG55: 看護職員加配体制（重度） | AQ55: 選択下さい。 | BJ55: =IF(OR($BJ$6="",AQ55="選択下さい。"),"",$BJ$6)
... AG59: 送迎体制（医ケア） | AQ59: 選択下さい。 | BJ59: =IF(OR($BJ$6="",AQ59="選択下さい。"),"",$BJ$6)
AG60: 延長支援体制 | AQ60: 選択下さい。 | BJ60: =IF(OR($BJ$6="",AQ60="選択下さい。"),"",$BJ$6) | BU60: 選択下さい。,１．なし,２．Ⅰイ,３．Ⅰロ,４．Ⅱイ,５．Ⅱロ,６．Ⅲ,７．Ⅳ
AG61: 専門的支援加算体制 | AQ61: 選択下さい。 | BJ61: =IF(OR($BJ$6="",AQ61="選択下さい。"),"",$BJ$6)
AG62: 専門的支援実施 | AQ62: 選択下さい。 | BJ62: =IF(OR($BJ$6="",AQ62="選択下さい。"),"",$BJ$6)
AG63: 中核機能強化事業所加算対象 | AQ63: 選択下さい。 | BJ63: =IF(OR($BJ$6="",AQ63="選択下さい。"),"",$BJ$6)
AG64: 個別サポート体制（Ⅰ） | AQ64: 選択下さい。 | BJ64: =IF(OR($BJ$6="",AQ64="選択下さい。"),"",$BJ$6)
AG65: 視覚・聴覚等支援体制 | AQ65: 選択下さい。 | BJ65: =IF(OR($BJ$6="",AQ65="選択下さい。"),"",$BJ$6)
AG66: 人工内耳装用児支援体制 | AQ66: 選択下さい。 | BJ66: =IF(OR($BJ$6="",AQ66="選択下さい。"),"",$BJ$6)
AG67: 入浴支援体制 | AQ67: 選択下さい。 | BJ67: =IF(OR($BJ$6="",AQ67="選択下さい。"),"",$BJ$6)
AG68: 福祉・介護職員等処遇改善加算対象 | AQ68: 選択下さい。 | BJ68: =IF(OR($BJ$6="",AQ68="選択下さい。"),"",$BJ$6)
AG69: 指定管理者制度適用区分 | AQ69: 選択下さい。 | BJ69: =IF(OR($BJ$6="",AQ69="選択下さい。"),"",$BJ$6)
AG70: 共生型サービス対象区分 | AQ70: 選択下さい。 | BJ70: =IF(OR($BJ$6="",AQ70="選択下さい。"),"",$BJ$6)
AG71: 共生型サービス体制強化（※4） | AQ71: 選択下さい。 | BJ71: =IF(OR($BJ$6="",AQ71="選択下さい。"),"",$BJ$6)
AG72: 共生型サービス体制強化（医療的ケア）（※4） | AQ72: 選択下さい。 | BJ72: =IF(OR($BJ$6="",AQ72="選択下さい。"),"",$BJ$6)
AG73: 地域生活支援拠点等 | AQ73: 選択下さい。 | BJ73: =IF(OR($BJ$6="",AQ73="選択下さい。"),"",$BJ$6)
A74: 障害児通所給付費 | B74: 保育所等訪問支援 | AG74: 訪問支援員特別体制 | AQ74: 選択下さい。 | BJ74: =IF(OR($BJ$6="",AQ74="選択下さい。"),"",$BJ$6)
AG75: 児童発達支援管理責任者欠如 | AQ75: 選択下さい。 | BJ75: =IF(OR($BJ$6="",AQ75="選択下さい。"),"",$BJ$6)
AG76: 自己評価結果等未公表減算 | AQ76: 選択下さい。 | BJ76: =IF(OR($BJ$6="",AQ76="選択下さい。"),"",$BJ$6)
AG77: 身体拘束廃止未実施 | AQ77: 選択下さい。 | BJ77: =IF(OR($BJ$6="",AQ77="選択下さい。"),"",$BJ$6)
AG78: 虐待防止措置未実施 | AQ78: 選択下さい。 | BJ78: =IF(OR($BJ$6="",AQ78="選択下さい。"),"",$BJ$6)
AG79: 業務継続計画未策定 | AQ79: 選択下さい。 | BJ79: =IF(OR($BJ$6="",AQ79="選択下さい。"),"",$BJ$6)
AG80: 情報公表未報告 | AQ80: 選択下さい。 | BJ80: =IF(OR($BJ$6="",AQ80="選択下さい。"),"",$BJ$6)
AG81: 多職種連携支援体制 | AQ81: 選択下さい。 | BJ81: =IF(OR($BJ$6="",AQ81="選択下さい。"),"",$BJ$6)
AG82: 強度行動障害加算体制 | AQ82: 選択下さい。 | BJ82: =IF(OR($BJ$6="",AQ82="選択下さい。"),"",$BJ$6)
AG83: 福祉・介護職員等処遇改善加算対象 | AQ83: 選択下さい。 | BJ83: =IF(OR($BJ$6="",AQ83="選択下さい。"),"",$BJ$6)
AG84: 指定管理者制度適用区分 | AQ84: 選択下さい。 | BJ84: =IF(OR($BJ$6="",AQ84="選択下さい。"),"",$BJ$6)
AG85: 地域生活支援拠点等 | AQ85: 選択下さい。 | BJ85: =IF(OR($BJ$6="",AQ85="選択下さい。"),"",$BJ$6)
A86: 障害児通所給付費 | B86: 居宅訪問型 児童発達支援 | AG86: 訪問支援員特別体制 | AQ86: 選択下さい。 | BJ86: =IF(OR($BJ$6="",AQ86="選択下さい。"),"",$BJ$6)
AG87: 児童発達支援管理責任者欠如 | AQ87: 選択下さい。 | BJ87: =IF(OR($BJ$6="",AQ87="選択下さい。"),"",$BJ$6)
AG88: 支援プログラム未公表減算 | AQ88: 選択下さい。 | BJ88: =IF(OR($BJ$6="",AQ88="選択下さい。"),"",$BJ$6)
AG89: 身体拘束廃止未実施 | AQ89: 選択下さい。 | BJ89: =IF(OR($BJ$6="",AQ89="選択下さい。"),"",$BJ$6)
AG90: 虐待防止措置未実施 | AQ90: 選択下さい。 | BJ90: =IF(OR($BJ$6="",AQ90="選択下さい。"),"",$BJ$6)
AG91: 業務継続計画未策定 | AQ91: 選択下さい。 | BJ91: =IF(OR($BJ$6="",AQ91="選択下さい。"),"",$BJ$6)
AG92: 情報公表未報告 | AQ92: 選択下さい。 | BJ92: =IF(OR($BJ$6="",AQ92="選択下さい。"),"",$BJ$6)
AG93: 多職種連携支援体制 | AQ93: 選択下さい。 | BJ93: =IF(OR($BJ$6="",AQ93="選択下さい。"),"",$BJ$6)
AG94: 強度行動障害加算体制 | AQ94: 選択下さい。 | BJ94: =IF(OR($BJ$6="",AQ94="選択下さい。"),"",$BJ$6)
AG95: 福祉・介護職員等処遇改善加算対象 | AQ95: 選択下さい。 | BJ95: =IF(OR($BJ$6="",AQ95="選択下さい。"),"",$BJ$6)
AG96: 指定管理者制度適用区分 | AQ96: 選択下さい。 | BJ96: =IF(OR($BJ$6="",AQ96="選択下さい。"),"",$BJ$6)
AG97: 地域生活支援拠点等 | AQ97: 選択下さい。 | BJ97: =IF(OR($BJ$6="",AQ97="選択下さい。"),"",$BJ$6)
A99: ※１ | C99: 「定員規模」欄には、定員数を記入すること。
A100: ※２ | C100: 「開所時間減算区分」欄は、開所時間減算が「２．あり」の場合に設定する。
A101: ※３ | C101: 栄養士配置加算（Ⅰ）については「３：常勤栄養士または４：常勤管理栄養士」を選択する。 栄養士配置加算（Ⅱ）については「２：その他栄養士」を選択する。 栄養マネジメント加算については「４：常勤管理栄養士」を選択する。
A102: ※４ | C102: 「共生型サービス対象区分」欄が「２．該当」の場合に設定する。
A103: ※５ | C103: 「重度障害児入所棟（知的・自閉）」及び「重度肢体不自由児入所棟」は、「厚生労働大臣が定める施設基準」の要件を満たすこと。
A104: ※６ | C104: 「心理担当職員配置体制」欄の「３．Ⅱ」は、配置した心理指導担当職員が公認心理師の資格を有している場合に設定する。
A105: ※７ | C105: 「地域体制強化共同支援加算対象」欄は、地域生活支援拠点等が「１．非該当」の場合、「１．なし」または「２．あり」を設定する。 地域生活支援拠点等が「２．該当」の場合、「１．なし」を設定する。

Sheet 参考様式１（社保・労保加入状況）
A1: 参考様式１
A2: 社会福祉事業等の事業所用
A3: 社会保険及び労働保険への加入状況にかかる確認票
A5: 貴事業所の現状等について、下記の項目に回答してください。
A6: Ⅰ．現在、厚生年金保険・健康保険に加入していますか。 （該当する番号に☑チェックを付してください。また、必要事項をご記入ください。）
B7: 加入状況
B8: 加入している。 →下記のいずれかの書類の写しを提出してください。（提示も可） | Q8: FALSE
B9: ●保険料の領収証書 ●社会保険料納入証明書
B10: ●社会保険料納入確認書
B11: ●健康保険・厚生年金保険資格取得確認および標準報酬決定通知書
B12: ●健康保険・厚生年金保険適用通知書
B13: ※上記書類を所持していない場合には事業所整理記号を下記に記載するのみで可。
B14: （本社等にて加入手続が行われている場合も事業所整理記号を下記に記載するのみで可。）
B17: 現在、加入手続中である。 | Q17: FALSE
B18: 今後、加入手続を行う。 | Q18: FALSE
B19: （申請から３か月以内に適用要件（法人事業所または従業員５人以上の個人事業所）に該当する予定の場合を含む。）
B20: 令和（ ）年（ ）月頃に手続予定。（申請から３か月以内の年月をご記入ください。）
B21: 適用要件に該当しない。（個人事業所（法人ではない事業所）であって従業員が４名以下の場合。申請から３か月以内に適用要件に該当する予定がない。） | Q21: FALSE
B22: 適用要件に該当するか不明である。 | Q22: FALSE
B23: （個人事業所（法人ではない事業所）であって、正社員と、正社員以外で１週間の所定労働時間及び１か月の所定労働日数が同じ事業所で同様の業務に従事している正社員の４分の３以上である者との合計が５人以上か不明な場合。）
A25: Ⅱ．現在、労働者災害補償保険・雇用保険に加入していますか。 （該当する番号に☑チェックを付してください。また、必要事項をご記入ください。）
B26: 加入状況
B27: 加入している。 →下記のいずれかの書類の写しを提出してください。（提示も可） | Q27: FALSE
B28: ●労働保険概算・確定保険料申告書
B29: ●納付書・領収証等 ●保険関係成立届
B30: ※上記書類を所持していない場合には労働保険番号を下記に記載するのみで可。
B31: （本社等にて加入手続が行われている場合も労働保険番号を下記に記載するのみで可。）
M32: －
B34: 現在、加入手続中である。 | Q34: FALSE
B35: 今後、加入手続を行う。 | Q35: FALSE
B36: （申請から３か月以内に従業員（パート・アルバイトを含む）を雇う予定がある場合を含む。）
B37: 令和（ ）年（ ）月頃に手続予定。（申請から３か月以内の年月をご記入ください。）
B38: 適用要件に該当しない。（事業主・役員・同居の親族のみで経営、従業員（パート・アルバイトを含む）がいない、申請から３か月以内に従業員を雇う予定がない。） | Q38: FALSE
A40: 回答年月日 | D40: 令和 年 月 日
A41: 事 業 所 名 称 | E41: =TEXT(基本情報入力シート!L45,"#")
A42: 事業所 所在地 | E42: =CONCATENATE(TEXT(基本情報入力シート!L15,"000"),"-",TEXT(基本情報入力シート!T15,"0000"),CHAR(10),TEXT(基本情報入力シート!L17,"#"),CHAR(10),TEXT(基本情報入力シート!L19,"#")) -> 000-0000
A43: 会社等法人番号
A44: 電 話 番 号 | E44: =TEXT(基本情報入力シート!L29,"#")
A46: ※ 事業主の皆様には、全ての法令を遵守していただきたいと考えています。社会保険・労働保険の適用が確認できない場合は、厚生労働省からの依頼に基づき、厚生労働省に情報提供いたします。
A47: ※ 社会保険・労働保険の適用促進以外の目的では使用いたしません。

Sheet 参考様式２-1（管理者経歴書）
A1: 参考様式２-１
C2: 管理者経歴書
A4: 事業所の名称 | C4: =TEXT(基本情報入力シート!L45,"#")
A5: フリガナ | B5: =TEXT(基本情報入力シート!L60,"#") | F5: 生年月日 | G5: =IF(基本情報入力シート!L65<>"",TEXT(基本情報入力シート!L65,"ggge年m月d日")," 年 月 日") -> 年 月 日
A6: 氏名 | B6: =TEXT(基本情報入力シート!L59,"#")
A8: 住所 | B8: =IF(TEXT(基本情報入力シート!L61,"000")="","（郵便番号 － ）",CONCATENATE("（郵便番号 ",ASC(TEXT(基本情報入力シート!L61,"000")),"-",ASC(TEXT(基本情報入力シート!T61,"0000")),"）")) -> （郵便番号 000-0000）
B9: =TEXT(基本情報入力シート!L62,"G/標準")&" "&TEXT(基本情報入力シート!L63,"G/標準") -> 0 0
A10: 電話番号 | B10: =IF(基本情報入力シート!L64<>"",TEXT(基本情報入力シート!L64,"G/標準"),"")
A11: 東京都障害児通所支援事業所指定協議説明会アンケート提出日
A12: 主な職歴等
A13: 年 月 日～ 年 月 日 | D13: 勤務先等(社名+事業所名) | G13: 職務内容
A29: 職務に関連する資格
A30: 資格の種類 | E30: 資格取得年月日
A38: 備考（研修等の受講の状況等）
A44: 備考１ 住所・電話番号は、自宅のものを記載してください。
A45: ２ 当該管理者が管理する事業所が複数の場合は、備考欄にその全てを記載してください。

Sheet 参考様式２-2（児発管経歴書_事業①）
A1: 参考様式２-２
C2: 児童発達支援管理責任者経歴書
A4: 事業所の名称 | C4: =TEXT(基本情報入力シート!L45,"#")
A5: フリガナ | B5: =IF(基本情報入力シート!L66="*兼務*",TEXT(基本情報入力シート!L60,"#"),TEXT(基本情報入力シート!L68,"#")) | F5: 生年月日 | G5: =IF(基本情報入力シート!L50<>"選択して下さい。",IF(基本情報入力シート!L66="*兼務*",TEXT(基本情報入力シート!L65,"ggge年m月d日"),TEXT(基本情報入力シート!L73,"ggge年m月d日"))," 年 月 日") -> 年 月 日
A6: 氏名 | B6: =IF(基本情報入力シート!L66="*兼務*",TEXT(基本情報入力シート!L59,"#"),TEXT(基本情報入力シート!L67,"#"))
A8: 住所 | B8: =IF(基本情報入力シート!L50<>"選択して下さい。",IF(基本情報入力シート!L66="*兼務*",CONCATENATE("（郵便番号 ",ASC(TEXT(基本情報入力シート!L61,"000")),"-",ASC(TEXT(基本情報入力シート!T61,"0000")),"）"),CONCATENATE("（郵便番号 ",ASC(TEXT(基本情報入力シート!L69,"000")),"-",ASC(TEXT(基本情報入力シート!T69,"0000")),"）")),"（郵便番号 － ）") -> （郵便番号 － ）
B9: =IF(基本情報入力シート!L66="*兼務*",TEXT(基本情報入力シート!L62,"G/標準")&" "&TEXT(基本情報入力シート!L63,"G/標準"),TEXT(基本情報入力シート!L70,"G/標準")&" "&TEXT(基本情報入力シート!L71,"G/標準"))
A10: 電話番号 | B10: =IF(基本情報入力シート!L50<>"選択して下さい。",IF(基本情報入力シート!L66="*兼務*",TEXT(基本情報入力シート!L64,"G/標準"),TEXT(基本情報入力シート!L72,"G/標準")),"")
A11: 東京都障害児通所支援事業所指定協議説明会アンケート提出日
A12: 主な職歴等
A13: 年 月 日～ 年 月 日 | D13: 勤務先等(社名+事業所名) | G13: 職務内容
A29: 職務に関連する資格
A30: 資格の種類 | E30: 資格取得年月日
A38: 備考（研修等の受講の状況等）
A44: 備考１ 住所・電話番号は、自宅のものを記載してください。
A45: ２ 当該管理者が管理する事業所が複数の場合は、備考欄にその全てを記載してください。

Sheet 参考様式２-2（児発管経歴書_事業②）
A1: 参考様式２-２
C2: 児童発達支援管理責任者経歴書
A4: 事業所の名称 | C4: =TEXT(基本情報入力シート!L45,"#")
A5: フリガナ | B5: =IF(基本情報入力シート!L74="*兼務*",TEXT(基本情報入力シート!L60,"#"),TEXT(基本情報入力シート!L76,"#")) | F5: 生年月日 | G5: =IF(基本情報入力シート!L51<>"選択して下さい。",IF(基本情報入力シート!L74="*兼務*",TEXT(基本情報入力シート!L65,"ggge年m月d日"),TEXT(基本情報入力シート!L81,"ggge年m月d日"))," 年 月 日") -> 年 月 日
A6: 氏名 | B6: =IF(基本情報入力シート!L74="*兼務*",TEXT(基本情報入力シート!L59,"#"),TEXT(基本情報入力シート!L75,"#"))
A8: 住所 | B8: =IF(基本情報入力シート!L51<>"選択して下さい。",IF(基本情報入力シート!L74="*兼務*",CONCATENATE("（郵便番号 ",ASC(TEXT(基本情報入力シート!L61,"000")),"-",ASC(TEXT(基本情報入力シート!T61,"0000")),"）"),CONCATENATE("（郵便番号 ",ASC(TEXT(基本情報入力シート!L77,"000")),"-",ASC(TEXT(基本情報入力シート!T77,"0000")),"）")),"（郵便番号 － ）") -> （郵便番号 － ）
B9: =IF(基本情報入力シート!L74="*兼務*",TEXT(基本情報入力シート!L62,"G/標準")&" "&TEXT(基本情報入力シート!L63,"G/標準"),TEXT(基本情報入力シート!L78,"G/標準")&" "&TEXT(基本情報入力シート!L79,"G/標準"))
A10: 電話番号 | B10: =IF(基本情報入力シート!L51<>"選択して下さい。",IF(基本情報入力シート!L74="*兼務*",TEXT(基本情報入力シート!L64,"G/標準"),TEXT(基本情報入力シート!L80,"G/標準")),"")
A11: 東京都障害児通所支援事業所指定協議説明会アンケート提出日
A12: 主な職歴等
A13: 年 月 日～ 年 月 日 | D13: 勤務先等(社名+事業所名) | G13: 職務内容
A29: 職務に関連する資格
A30: 資格の種類 | E30: 資格取得年月日
A38: 備考（研修等の受講の状況等）
A44: 備考１ 住所・電話番号は、自宅のものを記載してください。
A45: ２ 当該管理者が管理する事業所が複数の場合は、備考欄にその全てを記載してください。

Sheet 参考様式２-2（児発管経歴書_事業③）
A1: 参考様式２-２
C2: 児童発達支援管理責任者経歴書
A4: 事業所の名称 | C4: =TEXT(基本情報入力シート!L45,"#")
A5: フリガナ | B5: =IF(基本情報入力シート!L82="*兼務*",TEXT(基本情報入力シート!L60,"#"),TEXT(基本情報入力シート!L84,"#")) | F5: 生年月日 | G5: =IF(基本情報入力シート!L52<>"選択して下さい。",IF(基本情報入力シート!L82="*兼務*",TEXT(基本情報入力シート!L65,"ggge年m月d日"),TEXT(基本情報入力シート!L89,"ggge年m月d日"))," 年 月 日") -> 年 月 日
A6: 氏名 | B6: =IF(基本情報入力シート!L82="*兼務*",TEXT(基本情報入力シート!L59,"#"),TEXT(基本情報入力シート!L83,"#"))
A8: 住所 | B8: =IF(基本情報入力シート!L52<>"選択して下さい。",IF(基本情報入力シート!L82="*兼務*",CONCATENATE("（郵便番号 ",ASC(TEXT(基本情報入力シート!L61,"000")),"-",ASC(TEXT(基本情報入力シート!T61,"0000")),"）"),CONCATENATE("（郵便番号 ",ASC(TEXT(基本情報入力シート!L85,"000")),"-",ASC(TEXT(基本情報入力シート!T85,"0000")),"）")),"（郵便番号 － ）") -> （郵便番号 － ）
B9: =IF(基本情報入力シート!L82="*兼務*",TEXT(基本情報入力シート!L62,"G/標準")&" "&TEXT(基本情報入力シート!L63,"G/標準"),TEXT(基本情報入力シート!L86,"G/標準")&" "&TEXT(基本情報入力シート!L87,"G/標準"))
A10: 電話番号 | B10: =IF(基本情報入力シート!L52<>"選択して下さい。",IF(基本情報入力シート!L82="*兼務*",TEXT(基本情報入力シート!L64,"G/標準"),TEXT(基本情報入力シート!L88,"G/標準")),"")
A11: 東京都障害児通所支援事業所指定協議説明会アンケート提出日
A12: 主な職歴等
A13: 年 月 日～ 年 月 日 | D13: 勤務先等(社名+事業所名) | G13: 職務内容
A29: 職務に関連する資格
A30: 資格の種類 | E30: 資格取得年月日
A38: 備考（研修等の受講の状況等）
A44: 備考１ 住所・電話番号は、自宅のものを記載してください。
A45: ２ 当該管理者が管理する事業所が複数の場合は、備考欄にその全てを記載してください。

Sheet 参考様式２-2（児発管経歴書_事業④）
A1: 参考様式２-２
C2: 児童発達支援管理責任者経歴書
A4: 事業所の名称 | C4: =TEXT(基本情報入力シート!L45,"#")
A5: フリガナ | B5: =IF(基本情報入力シート!L82="*兼務*",TEXT(基本情報入力シート!L60,"#"),TEXT(基本情報入力シート!L84,"#")) | F5: 生年月日 | G5: =IF(基本情報入力シート!L53<>"選択して下さい。",IF(基本情報入力シート!L90="*兼務*",TEXT(基本情報入力シート!L65,"ggge年m月d日"),TEXT(基本情報入力シート!L97,"ggge年m月d日"))," 年 月 日") -> 年 月 日
A6: 氏名 | B6: =IF(基本情報入力シート!L82="*兼務*",TEXT(基本情報入力シート!L59,"#"),TEXT(基本情報入力シート!L83,"#"))
A8: 住所 | B8: =IF(基本情報入力シート!L53<>"選択して下さい。",IF(基本情報入力シート!L90="*兼務*",CONCATENATE("（郵便番号 ",ASC(TEXT(基本情報入力シート!L61,"000")),"-",ASC(TEXT(基本情報入力シート!T61,"0000")),"）"),CONCATENATE("（郵便番号 ",ASC(TEXT(基本情報入力シート!L93,"000")),"-",ASC(TEXT(基本情報入力シート!T93,"0000")),"）")),"（郵便番号 － ）") -> （郵便番号 － ）
B9: =IF(基本情報入力シート!L82="*兼務*",TEXT(基本情報入力シート!L62,"G/標準")&" "&TEXT(基本情報入力シート!L63,"G/標準"),TEXT(基本情報入力シート!L94,"G/標準")&" "&TEXT(基本情報入力シート!L95,"G/標準"))
A10: 電話番号 | B10: =IF(基本情報入力シート!L53<>"選択して下さい。",IF(基本情報入力シート!L90="*兼務*",TEXT(基本情報入力シート!L64,"G/標準"),TEXT(基本情報入力シート!L96,"G/標準")),"")
A11: 東京都障害児通所支援事業所指定協議説明会アンケート提出日
A12: 主な職歴等
A13: 年 月 日～ 年 月 日 | D13: 勤務先等(社名+事業所名) | G13: 職務内容
A29: 職務に関連する資格
A30: 資格の種類 | E30: 資格取得年月日
A38: 備考（研修等の受講の状況等）
A44: 備考１ 住所・電話番号は、自宅のものを記載してください。
A45: ２ 当該管理者が管理する事業所が複数の場合は、備考欄にその全てを記載してください。

Sheet 参考様式２-2（児発管経歴書_事業⑤）
A1: 参考様式２-２
C2: 児童発達支援管理責任者経歴書
A4: 事業所の名称 | C4: =TEXT(基本情報入力シート!L45,"#")
A5: フリガナ | B5: =IF(基本情報入力シート!L98="*兼務*",TEXT(基本情報入力シート!L60,"#"),TEXT(基本情報入力シート!L100,"#")) | F5: 生年月日 | G5: =IF(基本情報入力シート!L54<>"選択して下さい。",IF(基本情報入力シート!L98="*兼務*",TEXT(基本情報入力シート!L65,"ggge年m月d日"),TEXT(基本情報入力シート!L105,"ggge年m月d日"))," 年 月 日") -> 年 月 日
A6: 氏名 | B6: =IF(基本情報入力シート!L98="*兼務*",TEXT(基本情報入力シート!L59,"#"),TEXT(基本情報入力シート!L99,"#"))
A8: 住所 | B8: =IF(基本情報入力シート!L54<>"選択して下さい。",IF(基本情報入力シート!L98="*兼務*",CONCATENATE("（郵便番号 ",ASC(TEXT(基本情報入力シート!L61,"000")),"-",ASC(TEXT(基本情報入力シート!T61,"0000")),"）"),CONCATENATE("（郵便番号 ",ASC(TEXT(基本情報入力シート!L101,"000")),"-",ASC(TEXT(基本情報入力シート!T101,"0000")),"）")),"（郵便番号 － ）") -> （郵便番号 － ）
B9: =IF(基本情報入力シート!L98="*兼務*",TEXT(基本情報入力シート!L62,"G/標準")&" "&TEXT(基本情報入力シート!L63,"G/標準"),TEXT(基本情報入力シート!L102,"G/標準")&" "&TEXT(基本情報入力シート!L103,"G/標準"))
A10: 電話番号 | B10: =IF(基本情報入力シート!L54<>"選択して下さい。",IF(基本情報入力シート!L98="*兼務*",TEXT(基本情報入力シート!L64,"G/標準"),TEXT(基本情報入力シート!L104,"G/標準")),"")
A11: 東京都障害児通所支援事業所指定協議説明会アンケート提出日
A12: 主な職歴等
A13: 年 月 日～ 年 月 日 | D13: 勤務先等(社名+事業所名) | G13: 職務内容
A29: 職務に関連する資格
A30: 資格の種類 | E30: 資格取得年月日
A38: 備考（研修等の受講の状況等）
A44: 備考１ 住所・電話番号は、自宅のものを記載してください。
A45: ２ 当該管理者が管理する事業所が複数の場合は、備考欄にその全てを記載してください。

Sheet 参考様式２-2（児発管経歴書_事業⑥）
A1: 参考様式２-２
C2: 児童発達支援管理責任者経歴書
A4: 事業所の名称 | C4: =TEXT(基本情報入力シート!L45,"#")
A5: フリガナ | B5: =IF(基本情報入力シート!L106="*兼務*",TEXT(基本情報入力シート!L60,"#"),TEXT(基本情報入力シート!L108,"#")) | F5: 生年月日 | G5: =IF(基本情報入力シート!L55<>"選択して下さい。",IF(基本情報入力シート!L106="*兼務*",TEXT(基本情報入力シート!L65,"ggge年m月d日"),TEXT(基本情報入力シート!L113,"ggge年m月d日"))," 年 月 日") -> 年 月 日
A6: 氏名 | B6: =IF(基本情報入力シート!L106="*兼務*",TEXT(基本情報入力シート!L59,"#"),TEXT(基本情報入力シート!L107,"#"))
A8: 住所 | B8: =IF(基本情報入力シート!L55<>"選択して下さい。",IF(基本情報入力シート!L106="*兼務*",CONCATENATE("（郵便番号 ",ASC(TEXT(基本情報入力シート!L61,"000")),"-",ASC(TEXT(基本情報入力シート!T61,"0000")),"）"),CONCATENATE("（郵便番号 ",ASC(TEXT(基本情報入力シート!L107,"000")),"-",ASC(TEXT(基本情報入力シート!T107,"0000")),"）")),"（郵便番号 － ）") -> （郵便番号 － ）
B9: =IF(基本情報入力シート!L106="*兼務*",TEXT(基本情報入力シート!L62,"G/標準")&" "&TEXT(基本情報入力シート!L63,"G/標準"),TEXT(基本情報入力シート!L110,"G/標準")&" "&TEXT(基本情報入力シート!L111,"G/標準"))
A10: 電話番号 | B10: =IF(基本情報入力シート!L55<>"選択して下さい。",IF(基本情報入力シート!L106="*兼務*",TEXT(基本情報入力シート!L64,"G/標準"),TEXT(基本情報入力シート!L112,"G/標準")),"")
A11: 東京都障害児通所支援事業所指定協議説明会アンケート提出日
A12: 主な職歴等
A13: 年 月 日～ 年 月 日 | D13: 勤務先等(社名+事業所名) | G13: 職務内容
A29: 職務に関連する資格
A30: 資格の種類 | E30: 資格取得年月日
A38: 備考（研修等の受講の状況等）
A44: 備考１ 住所・電話番号は、自宅のものを記載してください。
A45: ２ 当該管理者が管理する事業所が複数の場合は、備考欄にその全てを記載してください。

Sheet 参考様式３-１（実務経験証明書）
A1: 参考様式３-１
A2: 実 務 経 験 証 明 書
N3: 令和 年 月 日
H5: 法人名
H6: 法人所在地
H8: 代表者氏名 | N8: 印
H9: 電話番号
A11: 下記の者の実務経験は、以下のとおりであることを証明します。
B12: 該当する児童発達支援管理責任者が従事する事業を選択してください。
A14: 氏 名 | D14: =IF(A12="①",基本情報入力シート!L67,IF(A12="②",基本情報入力シート!L75,IF(A12="③",基本情報入力シート!L83,IF(A12="④",基本情報入力シート!L91,IF(A12="⑤",基本情報入力シート!L99,IF(A12="⑥",基本情報入力シート!L107,"")))))) | F14: 生年月日 | G14: 選択してください | I14: 年 | K14: 月 | M14: 日 | Q14: ←
A15: 現 住 所 | D15: =IF(A12="①",基本情報入力シート!L70&" "&基本情報入力シート!L71,IF(A12="②",基本情報入力シート!L78&" "&基本情報入力シート!L79,IF(A12="③",基本情報入力シート!L86&" "&基本情報入力シート!L87,IF(A12="④",基本情報入力シート!L94&" "&基本情報入力シート!L95,IF(A12="⑤",基本情報入力シート!L102&" "&基本情報入力シート!L103,IF(A12="⑥",基本情報入力シート!L110&" "&基本情報入力シート!L111,""))))))
A16: 施設又は事業所名
A17: 事 業 種 別 | D17: 該当する事業、施設に〇をしてください。（該当がない場合はその他に記載） (1)障害児入所施設、乳児院、児童家庭支援センター、児童養護施設、障害者支援施設、児童自立支援施設 (2)認可保育園、幼保連携型認定保育園、地域型認定保育園、母子生活支援施設 (3)学校、幼稚園、幼稚園型認定保育園、事業所内保育事業、居宅訪問型保育事業、家庭的保育事業 (4)障害児通所支援事業、放課後児童健全育成事業 (5)小規模保育事業（定員 名）、病児保育事業、地域子育て支援拠点事業、子育て援助活動支援事業 (6)障害福祉サービス事業（生活介護、共同生活援助、居宅介護、就労継続支援など） (7)老人福祉施設、老人居宅介護、老人通所介護、地域包括支援センター、更生施設 (8)障害児（者）相談支援事業、児童相談所、地域生活支援事業、障害者就業支援センター (9)特別支援学校、特別支援学級 (10)その他（ ）
D18: (11)認可外保育園、企業主導型保育事業
A19: 業 務 期 間
D20: 実勤務日数 | H20: 日 | I20: 週平均 | L20: 日
A21: 業 務 内 容 | D21: 職名 | J21: 選択してください
A25: （注） | B25: １． | C25: 業務期間欄 対象者が要援護者に対する直接的な援助を行っていた期間を記入してください。 （産休・育休・療養休暇や長期研修期間等は業務期間となりません）
C27: 実務経験証明書作成日までの期間または退職した日までの期間を記入してください。
B29: ２． | C29: 業務内容欄 指導員、生活指導員、看護士等の職名を記入し、業務について、「主に○○に対し△△などの直接支援業務（相談業務）」など具体的に記入してください。
B33: ３． | C33: 証明内容を訂正した場合は、証明権者の職印を押印してください。なお、修正液による訂正は認められません。
B36: ４． | C36: 区市町村委託事業や区市町村補助事業等の公費支出事業での実務経験の場合は、(10)その他に事業名を記載し、業務期間中に公費支出されていることが確認できる資料も添付してください。(例：補助金支給決定通知書等）

Sheet 参考様式３-２（実務経験証明書）リンクなし
A1: 参考様式３-２
A2: 実 務 経 験 証 明 書
N3: 令和 年 月 日
H5: 法人名
H6: 法人所在地
H8: 代表者氏名 | N8: 印
H9: 電話番号
A11: 下記の者の実務経験は、以下のとおりであることを証明します。
A13: 氏 名 | F13: 生年月日 | G13: 選択してください | I13: 年 | K13: 月 | M13: 日
A14: 現 住 所
A15: 施設又は事業所名
A16: 事 業 種 別 | D16: 該当する事業、施設に〇をしてください。（該当がない場合はその他に記載） (1)障害児入所施設、乳児院、児童家庭支援センター、児童養護施設、障害者支援施設、児童自立支援施設 (2)認可保育園、幼保連携型認定保育園、地域型認定保育園、母子生活支援施設 (3)学校、幼稚園、幼稚園型認定保育園、事業所内保育事業、居宅訪問型保育事業、家庭的保育事業 (4)障害児通所支援事業、放課後児童健全育成事業 (5)小規模保育事業（定員 名）、病児保育事業、地域子育て支援拠点事業、子育て援助活動支援事業 (6)障害福祉サービス事業（生活介護、共同生活援助、居宅介護、就労継続支援など） (7)老人福祉施設、老人居宅介護、老人通所介護、地域包括支援センター、更生施設 (8)障害児（者）相談支援事業、児童相談所、地域生活支援事業、障害者就業支援センター (9)特別支援学校、特別支援学級 (10)その他（ ）
D17: (11)認可外保育園、企業主導型保育事業
A18: 業 務 期 間
D19: 実勤務日数 | H19: 日 | I19: 週平均 | L19: 日
A20: 業 務 内 容 | D20: 職名 | J20: 選択してください
A24: （注） | B24: １． | C24: 業務期間欄 対象者が要援護者に対する直接的な援助を行っていた期間を記入してください。 （産休・育休・療養休暇や長期研修期間等は業務期間となりません）
C26: 実務経験証明書作成日までの期間または退職した日までの期間を記入してください。
B28: ２． | C28: 業務内容欄 指導員、生活指導員、看護士等の職名を記入し、業務について、「主に○○に対し△△などの直接支援業務（相談業務）」など具体的に記入してください。
B32: ３． | C32: 証明内容を訂正した場合は、証明権者の職印を押印してください。なお、修正液による訂正は認められません。
B35: ４． | C35: 区市町村委託事業や区市町村補助事業等の公費支出事業での実務経験の場合は、(10)その他に事業名を記載し、業務期間中に公費支出されていることが確認できる資料も添付してください。(例：補助金支給決定通知書等）

Sheet 参考様式４（苦情解決措置概要）
A1: 参考様式４
A3: 利用者（入所者）又はその家族からの苦情を解決するために講ずる措置の概要
A5: 事業所又は施設名 | D5: =TEXT(基本情報入力シート!L45,"#")
A6: 申請するサービス種類 | D6: =IF(COUNTIF(基本情報入力シート!L50:Z55,"*児童発達支援（重心*")>0,"児童発達支援","")&IF(AND(COUNTIF(基本情報入力シート!L50:Z55,"*児童発達支援（重心*")>0,OR(COUNTIF(基本情報入力シート!L50:Z55,"*放課後等デイサービス*")>0,COUNTIF(基本情報入力シート!L50:Z55,"居宅訪問型児童発達支援")>0,COUNTIF(基本情報入力シート!L50:Z55,"保育所等訪問支援")>0)),", ","")&IF(COUNTIF(基本情報入力シート!L50:Z55,"*放課後等デイサービス*")>0,"放課後等デイサービス","")&IF(AND(COUNTIF(基本情報入力シート!L50:Z55,"*放課後等デイサービス*")>0,OR(COUNTIF(基本情報入力シート!L50:Z55,"居宅訪問型児童発達支援")>0,COUNTIF(基本情報入力シート!L50:Z55,"保育所等訪問支援")>0)),", ","")&IF(COUNTIF(基本情報入力シート!L50:Z55,"居宅訪問型児童発達支援")>0,"居宅訪問型児童発達支援","")&IF(AND(COUNTIF(基本情報入力シート!L50:Z55,"*居宅訪問型児童発達支援*")>0,COUNTIF(基本情報入力シート!L50:Z55,"保育所等訪問支援")>0),", ","")&IF(COUNTIF(基本情報入力シート!L50:Z55,"保育所等訪問支援")>0,"保育所等訪問支援","")
A8: 措 置 の 概 要
A9: １ 利用者（入所者）又はその家族からの相談又は苦情等に対応する常設の窓口（連絡先）、担当者
B11: 〇苦情受付担当者： | D11: =TEXT(基本情報入力シート!L114,"#")
B12: 〇苦情受付責任者：
B13: 〇窓口の電話番号： | D13: =TEXT(基本情報入力シート!L115,"#")
B14: 〇受付時間 ：
B17: 〇受付担当者及び受付責任者が不在の際の対応
A21: ２ 円滑かつ迅速に苦情を解決するための処理体制・手順
A34: ※具体的な対応方針
A45: ３ その他参考事項
A47: 〇事業所設置区の窓口
A48: （受付時間：区の開庁時間に準じます。）
A49: 杉並区保健福祉サービス苦情調整委員相談室
A50: TEL：03-3312-2111（代表）
A51: 〒166-8570 杉並区阿佐谷南1丁目15番1号 保健福祉部管理課保健福祉支援担当
A53: また、東京都社会福祉協議会に設置された「福祉サービス運営適正化委員会」においても 区市町村や都と連携しながら苦情対応を行っています。
A54: 〇東京都社会福祉協議会 福祉サービス運営適正化委員会
A55: （受付時間：月曜日から金曜日までの平日、10時～16時まで）
B56: TEL：03-5283-7020／FAX：03-5283-6997
A58: 備考 上の事項は例示であるので、これにかかわらず適宜項目を追加し、その内容について具体的に記載してください。

Sheet 参考様式５（勤務体制・勤務形態一覧表）
A1: 参考様式５
A2: ◆1 福祉専門職員配置加算の対象者 | R2: : | S2: 有資格者（社会福祉士、介護福祉士、精神保健福祉士、公認心理師）、法人内勤続年数3年以上（直接支援）、他の福祉サービスとの常勤兼務
A3: ◆2 児童指導員等加配加算の対象者 | R3: : | S3: 児童指導員、保育士、理学療法士、作業療法士、言語聴覚士、手話通訳士、手話通訳者、特別支援学校免許取得者、心理担当職員（心理学修了等）、視覚障害児支援担当職員（研修修了等）、強度行動障害支援者養成研修（基礎研修）修了者 ※児童福祉事業(◆4）の経験が5年以上、5年未満で報酬算定が異なる（資格取得前後は問わない）
A4: ◆3 専門的支援体制加算の対象者 | R4: : | S4: 児童指導員（※）、保育士（※）、理学療法士、作業療法士、言語聴覚士、心理担当職員（心理学修了等）又は視覚障害児支援担当職員（研修修了等） （※）資格取得後、5年以上児童福祉事業(◆4）に従事したものに限る
A5: ◆4 児童福祉事業 | R5: : | S5: 障害児通所支援事業（児発、放デイ等）、障害児入所施設、障害児相談支援事業、放課後児童健全育成事業（学童保育等）、保育所（認可、認証等）などの児童福祉法に基づく社会福祉事業または幼稚園、 ★特別支援学校や★★特別支援学級での教育（ただし、★・★★は専門的支援体制加算の対象外）
A6: ◆5 強度行動障害支援者養成研修修了者 | R6: : | S6: 行動援護従業者養成研修修了者は、強度行動障害支援者養成研修（実践研修）修了者と同等の扱いとします。また、重度訪問介護従業者養成研修行動障害支援課程修了者は、強度行動障害支援者養成研修（基礎研修）修了者と同等の扱いとします。
A8: 従業者の勤務の体制及び勤務形態一覧表
A10: サービス種類 | U10: 事業所・施設名 | W10: =TEXT(基本情報入力シート!L45,"#") | AL10: 定員
A11: 必須 | U11: 加算を取得する（している）場合、 選択してください | Z11: 営業時間に対し、基準職員を配置する必要があります | BB11: 4週の合計 | BE11: 週平均の勤務時間 | BH11: 常勤換算後の人数
A12: 職種 | G12: 勤務形態 (専従･兼務/常勤･非常勤) | L12: 氏名 | S12: 資格証の提出有無 | T12: 基準・ 加配職員 | U12: 福祉専門職加算（資格） | V12: ◆２ 児童指導員等加配加算対象者 | W12: ◆３ 専門的支援体制加算対象者 | X12: ◆５ 強度行動障害支援者養成研修 | Y12: 育児介護等時短届出日 | Z12: 第１週 | AG12: 第２週 | AN12: 第３週 | AU12: 第４週
Z13: 1 | AA13: 2 | AB13: 3 | AC13: 4 | AD13: 5 | AE13: 6 | AF13: 7 | AG13: 8 | AH13: 9 | AI13: 10 | AJ13: 11 | AK13: 12 | AL13: 13 | AM13: 14 | AN13: 15 | AO13: 16 | AP13: 17 | AQ13: 18 | AR13: 19 | AS13: 20 | AT13: 21 | AU13: 22 | AV13: 23 | AW13: 24 | AX13: 25 | AY13: 26 | AZ13: 27 | BA13: 28
Z14: 月 | AA14: 火 | AB14: 水 | AC14: 木 | AD14: 金 | AE14: 土 | AF14: 日 | AG14: 月 | AH14: 火 | AI14: 水 | AJ14: 木 | AK14: 金 | AL14: 土 | AM14: 日 | AN14: 月 | AO14: 火 | AP14: 水 | AQ14: 木 | AR14: 金 | AS14: 土 | AT14: 日 | AU14: 月 | AV14: 火 | AW14: 水 | AX14: 木 | AY14: 金 | AZ14: 土 | BA14: 日
BB15: =SUM(Z15:BA15) -> 0 | BE15: =ROUNDDOWN(BB15/4,1) -> 0 | BH15: =IFERROR(ROUNDDOWN(BE15/$BB$26,1),"")
BB16: =SUM(Z16:BA16) -> 0 | BE16: =ROUNDDOWN(BB16/4,1) -> 0 | BH16: =IFERROR(ROUNDDOWN(BE16/$BB$26,1),"")
BB17: =SUM(Z17:BA17) -> 0 | BE17: =ROUNDDOWN(BB17/4,1) -> 0 | BH17: =IFERROR(ROUNDDOWN(BE17/$BB$26,1),"")
BB18: =SUM(Z18:BA18) -> 0 | BE18: =ROUNDDOWN(BB18/4,1) -> 0 | BH18: =IFERROR(ROUNDDOWN(BE18/$BB$26,1),"")
BB19: =SUM(Z19:BA19) -> 0 | BE19: =ROUNDDOWN(BB19/4,1) -> 0 | BH19: =IFERROR(ROUNDDOWN(BE19/$BB$26,1),"")
BB20: =SUM(Z20:BA20) -> 0 | BE20: =ROUNDDOWN(BB20/4,1) -> 0 | BH20: =IFERROR(ROUNDDOWN(BE20/$BB$26,1),"")
BB21: =SUM(Z21:BA21) -> 0 | BE21: =ROUNDDOWN(BB21/4,1) -> 0 | BH21: =IFERROR(ROUNDDOWN(BE21/$BB$26,1),"")
BB22: =SUM(Z22:BA22) -> 0 | BE22: =ROUNDDOWN(BB22/4,1) -> 0 | BH22: =IFERROR(ROUNDDOWN(BE22/$BB$26,1),"")
BB23: =SUM(Z23:BA23) -> 0 | BE23: =ROUNDDOWN(BB23/4,1) -> 0 | BH23: =IFERROR(ROUNDDOWN(BE23/$BB$26,1),"")
BB24: =SUM(Z24:BA24) -> 0 | BE24: =ROUNDDOWN(BB24/4,1) -> 0 | BH24: =IFERROR(ROUNDDOWN(BE24/$BB$26,1),"")
A25: 合計 | Z25: =SUM(Z15:Z24) -> 0 | AA25: =SUM(AA15:AA24) -> 0 | AB25: =SUM(AB15:AB24) -> 0 | AC25: =SUM(AC15:AC24) -> 0 | AD25: =SUM(AD15:AD24) -> 0 | AE25: =SUM(AE15:AE24) -> 0 | AF25: =SUM(AF15:AF24) -> 0 | AG25: =SUM(AG15:AG24) -> 0 | ... BA25: =SUM(BA15:BA24) -> 0 | BB25: =SUM(BB15:BD24) -> 0 | BE25: =SUM(BE15:BG24) -> 0 | BH25: =SUM(BH15:BJ24) -> 0
A26: 1週間に当該事業所・施設における常勤職員の勤務すべき時間数
A27: 営業時間 | T27: : | V27: ~ | X27: : | BB27: =SUM(Z27:BA27) -> 0
A28: サービス提供時間 | T28: : | V28: ~ | X28: : | BB28: =SUM(Z28:BA28) -> 0
A30: 注１ 本表はサービスの種類ごとに作成してください。（例：①児童発達支援と②保育所等訪問支援の多機能型事業所の場合、①と②それぞれのものと①と②の従業者合わせたものの3枚必要になります）
A31: 注２ 資格証の提出有無欄については、提出済みの従業者は○にしてください。未提出の従業者は資格証又は実務経験証明書を添付してください。
A32: 注３ 基準・加配職員欄については、人員基準上の従業者を基準とし、それ以外の従業者を加配とお示しください。
A33: 注４ 児童発達支援・放課後等デイサービスにあっては、その他の従業者については指導員と記載してください。

Sheet 参考様式５（勤務体制・勤務形態一覧表）(記載例)
A1: 参考様式５
A2: ◆1 福祉専門職員配置加算の対象者 | R2: : | S2: 有資格者（社会福祉士、介護福祉士、精神保健福祉士、公認心理士）、法人内勤続年数3年以上（直接支援）、他の福祉サービスとの常勤兼務
A3: ◆2 児童指導員等加配加算の対象者 | R3: : | S3: 児童指導員、保育士、理学療法士、作業療法士、言語聴覚士、手話通訳士、手話通訳者、特別支援学校免許取得者、心理担当職員（心理学修了等）、視覚障害児支援担当職員（研修修了等）、強度行動障害支援者養成研修（基礎研修）修了者 ※児童福祉事業(◆4）の経験が5年以上、5年未満で報酬算定が異なる（資格取得前後は問わない）
A4: ◆3 専門的支援体制加算の対象者 | R4: : | S4: 児童指導員（※）、保育士（※）、理学療法士、作業療法士、言語聴覚士、心理担当職員（心理学修了等）又は視覚障害児支援担当職員（研修修了等） （※）資格取得後、5年以上児童福祉事業(◆4）に従事したものに限る
A5: ◆4 児童福祉事業 | R5: : | S5: 障害児通所支援事業（児発、放デイ等）、障害児入所施設、障害児相談支援事業、放課後児童健全育成事業（学童保育等）、保育所（認可、認証等）などの児童福祉法に基づく社会福祉事業または幼稚園、 ★特別支援学校や★★特別支援学級での教育（ただし、★・★★は専門的支援体制加算の対象外）
A6: ◆5 強度行動障害支援者養成研修修了者 | R6: : | S6: 行動援護従業者養成研修修了者は、強度行動障害支援者養成研修（実践研修）修了者と同等の扱いとします。また、重度訪問介護従業者養成研修行動障害支援課程修了者は、強度行動障害支援者養成研修（基礎研修）修了者と同等の扱いとします。
A8: 従業者の勤務の体制及び勤務形態一覧表
A10: サービス種類 | G10: 放課後等デイサービス | U10: 事業所・施設名 | W10: 放デイ東京 | AL10: 定員 | AO10: 10
A11: 必須 | U11: 加算を取得する（している）場合、 選択してください | Z11: 営業時間に対し、基準職員を配置する必要があります | BB11: 4週の合計 | BE11: 週平均の勤務時間 | BH11: 常勤換算後の人数
A12: 職種 | G12: 勤務形態 (専従･兼務/常勤･非常勤) | L12: 氏名 | S12: 資格証の提出有無 | T12: 基準・ 加配職員 | U12: 福祉専門職加算（資格） | V12: ◆２ 児童指導員等加配加算対象者 | W12: ◆３ 専門的支援体制加算対象者 | X12: ◆５ 強度行動障害支援者養成研修 | Y12: 育児介護等 時短届出日 | Z12: 第１週 | AG12: 第２週 | AN12: 第３週 | AU12: 第４週
Z13: 1 | AA13: 2 | AB13: 3 | AC13: 4 | AD13: 5 | AE13: 6 | AF13: 7 | AG13: 8 | AH13: 9 | AI13: 10 | AJ13: 11 | AK13: 12 | AL13: 13 | AM13: 14 | AN13: 15 | AO13: 16 | AP13: 17 | AQ13: 18 | AR13: 19 | AS13: 20 | AT13: 21 | AU13: 22 | AV13: 23 | AW13: 24 | AX13: 25 | AY13: 26 | AZ13: 27 | BA13: 28
Z14: 月 | AA14: 火 | AB14: 水 | AC14: 木 | AD14: 金 | AE14: 土 | AF14: 日 | AG14: 月 | AH14: 火 | AI14: 水 | AJ14: 木 | AK14: 金 | AL14: 土 | AM14: 日 | AN14: 月 | AO14: 火 | AP14: 水 | AQ14: 木 | AR14: 金 | AS14: 土 | AT14: 日 | AU14: 月 | AV14: 火 | AW14: 水 | AX14: 木 | AY14: 金 | AZ14: 土 | BA14: 日
A15: 管理者兼児童発達支援管理責任者 | G15: 常勤・専従 | L15: A | S15: ○ | T15: 基準 | X15: 実践 | Y15: 45017 | Z15: 6 | AA15: 6 | AB15: 6 | AC15: 6 | AD15: 6 | AG15: 6 | AH15: 6 | AI15: 6 | AJ15: 6 | AK15: 6 | AN15: 6 | AO15: 6 | AP15: 6 | AQ15: 6 | AR15: 6 | AU15: 6 | AV15: 6 | AW15: 6 | AX15: 6 | AY15: 6 | BB15: =SUM(Z15:BA15) -> 120 | BE15: =ROUNDDOWN(BB15/4,1) -> 30 | BH15: =ROUNDDOWN(BE15/$BB$26,1) -> 0.7
A16: 児童指導員 | G16: 常勤・専従 | L16: B | S16: ○ | T16: 基準 | U16: 社会福祉士 | X16: 基礎 | AA16: 8 | AB16: 8 | AC16: 8 | AD16: 8 | AE16: 8 | AH16: 8 | AI16: 8 | AJ16: 8 | AK16: 8 | AL16: 8 | AO16: 8 | AP16: 8 | AQ16: 8 | AR16: 8 | AS16: 8 | AV16: 8 | AW16: 8 | AX16: 8 | AY16: 8 | AZ16: 8 | BB16: =SUM(Z16:BA16) -> 160 | BE16: =ROUNDDOWN(BB16/4,1) -> 40 | BH16: =ROUNDDOWN(BE16/$BB$26,1) -> 1
A17: 保育士 | G17: 非常勤・専従 | L17: C | T17: 基準 | Z17: 6 | AA17: 6 | AB17: 6 | AC17: 6 | AD17: 6 | AG17: 6 | AH17: 6 | AI17: 6 | AJ17: 6 | AK17: 6 | AN17: 6 | AO17: 6 | AP17: 6 | AQ17: 6 | AR17: 6 | AU17: 6 | AV17: 6 | AW17: 6 | AX17: 6 | AY17: 6 | BB17: =SUM(Z17:BA17) -> 120 | BE17: =ROUNDDOWN(BB17/4,1) -> 30 | BH17: =ROUNDDOWN(BE17/$BB$26,1) -> 0.7
A18: 児童指導員 | G18: 非常勤・専従 | L18: D | S18: ○ | T18: 基準/加配 | V18: 5年以上 | Z18: 6 | AB18: 6 | AC18: 6 | AE18: 8 | AG18: 6 | AI18: 6 | AJ18: 6 | AL18: 8 | AN18: 6 | AP18: 6 | AQ18: 6 | AS18: 8 | AU18: 6 | AW18: 6 | AX18: 6 | AZ18: 8 | BB18: =SUM(Z18:BA18) -> 104 | BE18: =ROUNDDOWN(BB18/4,1) -> 26 | BH18: =ROUNDDOWN(BE18/$BB$26,1) -> 0.6
A19: 保育士 | G19: 非常勤・専従 | L19: E | S19: ○ | T19: 加配 | V19: 5年未満 | Z19: 8 | AA19: 6 | AD19: 6 | AE19: 8 | AG19: 8 | AH19: 6 | AK19: 6 | AL19: 8 | AN19: 8 | AO19: 6 | AR19: 6 | AS19: 8 | AU19: 8 | AV19: 6 | AY19: 6 | AZ19: 8 | BB19: =SUM(Z19:BA19) -> 112 | BE19: =ROUNDDOWN(BB19/4,1) -> 28 | BH19: =ROUNDDOWN(BE19/$BB$26,1) -> 0.7
A20: 理学療法士 | G20: 常勤・専従 | L20: F | T20: 加配 | W20: 〇 | Z20: 8 | AA20: 8 | AB20: 8 | AC20: 8 | AE20: 8 | AG20: 8 | AH20: 8 | AI20: 8 | AJ20: 8 | AL20: 8 | AN20: 8 | AO20: 8 | AP20: 8 | AQ20: 8 | AS20: 8 | AU20: 8 | AV20: 8 | AW20: 8 | AX20: 8 | AZ20: 8 | BB20: =SUM(Z20:BA20) -> 160 | BE20: =ROUNDDOWN(BB20/4,1) -> 40 | BH20: =ROUNDDOWN(BE20/$BB$26,1) -> 1
BB21: =SUM(Z21:BA21) -> 0 | BE21: =ROUNDDOWN(BB21/4,1) -> 0 | BH21: =ROUNDDOWN(BE21/$BB$26,1) -> 0
BB22: =SUM(Z22:BA22) -> 0 | BE22: =ROUNDDOWN(BB22/4,1) -> 0 | BH22: =ROUNDDOWN(BE22/$BB$26,1) -> 0
BB23: =SUM(Z23:BA23) -> 0 | BE23: =ROUNDDOWN(BB23/4,1) -> 0 | BH23: =ROUNDDOWN(BE23/$BB$26,1) -> 0
BB24: =SUM(Z24:BA24) -> 0 | BE24: =ROUNDDOWN(BB24/4,1) -> 0 | BH24: =ROUNDDOWN(BE24/$BB$26,1) -> 0
A25: 合計 | Z25: =SUM(Z15:Z24) -> 34 | AA25: =SUM(AA15:AA24) -> 34 | AB25: =SUM(AB15:AB24) -> 34 | AC25: =SUM(AC15:AC24) -> 34 | AD25: =SUM(AD15:AD24) -> 26 | AE25: =SUM(AE15:AE24) -> 32 | AF25: =SUM(AF15:AF24) -> 0 | AG25: =SUM(AG15:AG24) -> 34 | ... BA25: =SUM(BA15:BA24) -> 0 | BB25: =SUM(BB15:BD24) -> 776 | BE25: =SUM(BE15:BG24) -> 194 | BH25: =SUM(BH15:BJ24) -> 4.7
A26: 1週間に当該事業所・施設における常勤職員の勤務すべき時間数 | BB26: 40
A27: 営業時間 | Z27: 6 | AA27: 6 | AB27: 6 | AC27: 6 | AD27: 6 | AE27: 7 | AG27: 6 | AH27: 6 | AI27: 6 | AJ27: 6 | AK27: 6 | AL27: 7 | AN27: 6 | AO27: 6 | AP27: 6 | AQ27: 6 | AR27: 6 | AS27: 7 | AU27: 6 | AV27: 6 | AW27: 6 | AX27: 6 | AY27: 6 | AZ27: 7 | BB27: =SUM(Z27:BA27) -> 148
A28: サービス提供時間 | Z28: 5 | AA28: 5 | AB28: 5 | AC28: 5 | AD28: 5 | AE28: 6 | AG28: 5 | AH28: 5 | AI28: 5 | AJ28: 5 | AK28: 5 | AL28: 6 | AN28: 5 | AO28: 5 | AP28: 5 | AQ28: 5 | AR28: 5 | AS28: 6 | AU28: 5 | AV28: 5 | AW28: 5 | AX28: 5 | AY28: 5 | AZ28: 6 | BB28: =SUM(Z28:BA28) -> 124
A30: 注１ 本表はサービスの種類ごとに作成してください。（例：①児童発達支援と②保育所等訪問支援の多機能型事業所の場合、①と②それぞれのものと①と②の従業者合わせたものの3枚必要になります）
A31: 注２ 資格証の提出有無欄については、提出済みの従業者は○にしてください。未提出の従業者は資格証又は実務経験証明書を添付してください。
A32: 注３ 基準・加配職員欄については、人員基準上の従業者を基準とし、それ以外の従業者を加配とお示しください。
A33: 注４ 児童発達支援・放課後等デイサービスにあっては、その他の従業者については指導員と記載してください。

Sheet 参考様式５（勤務体制・勤務形態一覧表）(重心)（記載例）
A1: 参考様式５
A2: ◆1 福祉専門職員配置加算の対象者 | R2: : | S2: 有資格者（社会福祉士、介護福祉士、精神保健福祉士、公認心理士）、法人内勤続年数3年以上（直接支援）、他の福祉サービスとの常勤兼務
A3: ◆2 児童指導員等加配加算の対象者 | R3: : | S3: 児童指導員、保育士、理学療法士、作業療法士、言語聴覚士、手話通訳士、手話通訳者、特別支援学校免許取得者、心理担当職員（心理学修了等）、視覚障害児支援担当職員（研修修了等）、強度行動障害支援者養成研修（基礎研修）修了者 ※児童福祉事業(◆4）の経験が5年以上、5年未満で報酬算定が異なる（資格取得前後は問わない）
A4: ◆3 専門的支援体制加算の対象者 | R4: : | S4: 児童指導員（※）、保育士（※）、理学療法士、作業療法士、言語聴覚士、心理担当職員（心理学修了等）又は視覚障害児支援担当職員（研修修了等） （※）資格取得後、5年以上児童福祉事業(◆4）に従事したものに限る
A5: ◆4 児童福祉事業 | R5: : | S5: 障害児通所支援事業（児発、放デイ等）、障害児入所施設、障害児相談支援事業、放課後児童健全育成事業（学童保育等）、保育所（認可、認証等）などの児童福祉法に基づく社会福祉事業または幼稚園、 ★特別支援学校や★★特別支援学級での教育（ただし、★・★★は専門的支援体制加算の対象外）
A6: ◆5 強度行動障害支援者養成研修修了者 | R6: : | S6: 行動援護従業者養成研修修了者は、強度行動障害支援者養成研修（実践研修）修了者と同等の扱いとします。また、重度訪問介護従業者養成研修行動障害支援課程修了者は、強度行動障害支援者養成研修（基礎研修）修了者と同等の扱いとします。
A8: 従業者の勤務の体制及び勤務形態一覧表
A10: サービス種類 | G10: 児童発達支援 放課後等デイサービス | U10: 事業所・施設名 | W10: 重心東京 | AL10: 定員 | AO10: 5
A11: 必須 | U11: 加算を取得する（している）場合、 選択してください | Z11: 営業時間に対し、基準職員を配置する必要があります | BB11: 4週の合計 | BE11: 週平均の勤務時間 | BH11: 常勤換算後の人数
A12: 職種 | G12: 勤務形態 (専従･兼務/常勤･非常勤) | L12: 氏名 | S12: 資格証の提出有無 | T12: 基準・ 加配職員 | U12: 福祉専門職加算（資格） | V12: ◆２ 児童指導員等加配加算対象者 | W12: ◆３ 専門的支援体制加算対象者 | X12: ◆５ 強度行動障害支援者養成研修 | Y12: 育児介護等 時短届出日 | Z12: 第１週 | AG12: 第２週 | AN12: 第３週 | AU12: 第４週
Z13: 1 | AA13: 2 | AB13: 3 | AC13: 4 | AD13: 5 | AE13: 6 | AF13: 7 | AG13: 8 | AH13: 9 | AI13: 10 | AJ13: 11 | AK13: 12 | AL13: 13 | AM13: 14 | AN13: 15 | AO13: 16 | AP13: 17 | AQ13: 18 | AR13: 19 | AS13: 20 | AT13: 21 | AU13: 22 | AV13: 23 | AW13: 24 | AX13: 25 | AY13: 26 | AZ13: 27 | BA13: 28
Z14: 月 | AA14: 火 | AB14: 水 | AC14: 木 | AD14: 金 | AE14: 土 | AF14: 日 | AG14: 月 | AH14: 火 | AI14: 水 | AJ14: 木 | AK14: 金 | AL14: 土 | AM14: 日 | AN14: 月 | AO14: 火 | AP14: 水 | AQ14: 木 | AR14: 金 | AS14: 土 | AT14: 日 | AU14: 月 | AV14: 火 | AW14: 水 | AX14: 木 | AY14: 金 | AZ14: 土 | BA14: 日
A15: 管理者兼児童発達支援管理責任者 | G15: 非常勤・兼務 | L15: A | S15: ○ | T15: 基準 | X15: 実践 | Z15: 3 | AA15: 3 | AB15: 3 | AC15: 3 | AD15: 3 | AE15: 3.5 | AG15: 6 | AI15: 6 | AK15: 6 | AO15: 6 | AQ15: 6 | AS15: 7 | AU15: 3 | AV15: 3 | AW15: 3 | AX15: 3 | AY15: 3 | AZ15: 3.5 | BB15: =SUM(Z15:BA15) -> 74 | BE15: =ROUNDDOWN(BB15/4,1) -> 18.5 | BH15: =ROUNDDOWN(BE15/$BB$26,1) -> 0.5
A16: 児童指導員 | G16: 常勤・専従 | L16: B | S16: ○ | T16: 基準 | X16: 基礎 | AA16: 6 | AB16: 6 | AC16: 6 | AD16: 6 | AE16: 7 | AH16: 6 | AI16: 6 | AJ16: 6 | AK16: 6 | AL16: 7 | AO16: 6 | AP16: 6 | AQ16: 6 | AR16: 6 | AS16: 7 | AV16: 6 | AW16: 6 | AX16: 6 | AY16: 6 | AZ16: 7 | BB16: =SUM(Z16:BA16) -> 124 | BE16: =ROUNDDOWN(BB16/4,1) -> 31 | BH16: =ROUNDDOWN(BE16/$BB$26,1) -> 0.8
A17: 保育士 | G17: 非常勤・専従 | L17: C | T17: 基準/加配 | V17: 5年未満 | Z17: 6 | AA17: 6 | AB17: 6 | AC17: 6 | AD17: 6 | AG17: 6 | AH17: 6 | AI17: 6 | AJ17: 6 | AK17: 6 | AN17: 6 | AO17: 6 | AP17: 6 | AQ17: 6 | AR17: 6 | AU17: 6 | AV17: 6 | AW17: 6 | AX17: 6 | AY17: 6 | BB17: =SUM(Z17:BA17) -> 120 | BE17: =ROUNDDOWN(BB17/4,1) -> 30 | BH17: =ROUNDDOWN(BE17/$BB$26,1) -> 0.8
A18: 看護師 | G18: 非常勤・専従 | L18: D | S18: ○ | T18: 基準 | Z18: 6 | AA18: 6 | AC18: 6 | AE18: 7 | AG18: 6 | AH18: 6 | AJ18: 6 | AL18: 7 | AN18: 6 | AO18: 6 | AQ18: 6 | AS18: 7 | AU18: 6 | AV18: 6 | AX18: 6 | AZ18: 7 | BB18: =SUM(Z18:BA18) -> 100 | BE18: =ROUNDDOWN(BB18/4,1) -> 25 | BH18: =ROUNDDOWN(BE18/$BB$26,1) -> 0.7
A19: 看護師 | G19: 非常勤・専従 | L19: E | T19: 基準/加配 | Z19: 6 | AA19: 6 | AB19: 6 | AD19: 6 | AH19: 6 | AI19: 6 | AK19: 6 | AL19: 6 | AN19: 6 | AO19: 6 | AP19: 6 | AR19: 6 | AV19: 6 | AW19: 6 | AY19: 6 | AZ19: 6 | BB19: =SUM(Z19:BA19) -> 96 | BE19: =ROUNDDOWN(BB19/4,1) -> 24 | BH19: =ROUNDDOWN(BE19/$BB$26,1) -> 0.6
A20: 看護師 | G20: 常勤・専従 | L20: F | S20: ○ | T20: 加配 | Y20: 45017 | Z20: 6 | AB20: 6 | AC20: 6 | AD20: 6 | AE20: 6 | AG20: 6 | AI20: 6 | AJ20: 6 | AK20: 6 | AL20: 6 | AN20: 6 | AP20: 6 | AQ20: 6 | AR20: 6 | AS20: 6 | AU20: 6 | AW20: 6 | AX20: 6 | AY20: 6 | AZ20: 6 | BB20: =SUM(Z20:BA20) -> 120 | BE20: =ROUNDDOWN(BB20/4,1) -> 30 | BH20: =ROUNDDOWN(BE20/$BB$26,1) -> 0.8
A21: 機能訓練担当職員 | G21: 非常勤・専従 | L21: G | S21: ○ | T21: 基準 | AA21: 8 | AC21: 8 | AE21: 8 | AG21: 8 | AI21: 8 | AK21: 8 | AO21: 8 | AQ21: 8 | AS21: 8 | AU21: 8 | AW21: 8 | AY21: 8 | BB21: =SUM(Z21:BA21) -> 96 | BE21: =ROUNDDOWN(BB21/4,1) -> 24 | BH21: =ROUNDDOWN(BE21/$BB$26,1) -> 0.6
A22: 嘱託医 | G22: 非常勤・専従 | L22: H | S22: ○ | T22: 基準 | AQ22: 3 | BB22: =SUM(Z22:BA22) -> 3 | BE22: =ROUNDDOWN(BB22/4,1) -> 0.7 | BH22: =ROUNDDOWN(BE22/$BB$26,1) -> 0
BB23: =SUM(Z23:BA23) -> 0 | BE23: =ROUNDDOWN(BB23/4,1) -> 0 | BH23: =ROUNDDOWN(BE23/$BB$26,1) -> 0
BB24: =SUM(Z24:BA24) -> 0 | BE24: =ROUNDDOWN(BB24/4,1) -> 0 | BH24: =ROUNDDOWN(BE24/$BB$26,1) -> 0
A25: 合計 | Z25: =SUM(Z15:Z24) -> 27 | AA25: =SUM(AA15:AA24) -> 35 | AB25: =SUM(AB15:AB24) -> 27 | AC25: =SUM(AC15:AC24) -> 35 | AD25: =SUM(AD15:AD24) -> 27 | AE25: =SUM(AE15:AE24) -> 31.5 | AF25: =SUM(AF15:AF24) -> 0 | AG25: =SUM(AG15:AG24) -> 32 | ... BA25: =SUM(BA15:BA24) -> 0 | BB25: =SUM(BB15:BD24) -> 733 | BE25: =SUM(BE15:BG24) -> 183.2 | BH25: =SUM(BH15:BJ24) -> 4.8
A26: 1週間に当該事業所・施設における常勤職員の勤務すべき時間数 | BB26: 35
A27: 営業時間 | Z27: 6 | AA27: 6 | AB27: 6 | AC27: 6 | AD27: 6 | AE27: 7 | AG27: 6 | AH27: 6 | AI27: 6 | AJ27: 6 | AK27: 6 | AL27: 7 | AN27: 6 | AO27: 6 | AP27: 6 | AQ27: 6 | AR27: 6 | AS27: 7 | AU27: 6 | AV27: 6 | AW27: 6 | AX27: 6 | AY27: 6 | AZ27: 7 | BB27: =SUM(Z27:BA27) -> 148
A28: サービス提供時間 | Z28: 5 | AA28: 5 | AB28: 5 | AC28: 5 | AD28: 5 | AE28: 6 | AG28: 5 | AH28: 5 | AI28: 5 | AJ28: 5 | AK28: 5 | AL28: 6 | AN28: 5 | AO28: 5 | AP28: 5 | AQ28: 5 | AR28: 5 | AS28: 6 | AU28: 5 | AV28: 5 | AW28: 5 | AX28: 5 | AY28: 5 | AZ28: 6 | BB28: =SUM(Z28:BA28) -> 124
A30: 注１ 本表はサービスの種類ごとに作成してください。（例：①児童発達支援と②保育所等訪問支援の多機能型事業所の場合、①と②それぞれのものと①と②の従業者合わせたものの3枚必要になります）
A31: 注２ 資格証の提出有無欄については、提出済みの従業者は○にしてください。未提出の従業者は資格証又は実務経験証明書を添付してください。
A32: 注３ 基準・加配職員欄については、人員基準上の従業者を基準とし、それ以外の従業者を加配とお示しください。
A33: 注４ 児童発達支援・放課後等デイサービスにあっては、その他の従業者については指導員と記載してください。

Sheet 参考様式６（非該当誓約書）
A1: 参考様式６ | J1: （表）
A3: 児童福祉法第２１条の５の１５第３項各号の規定に該当しない旨の誓約書
N5: 令和 年 月 日
B6: 杉並区長 殿
H7: 申請者 | J7: 所在地 | L7: =CONCATENATE(TEXT(基本情報入力シート!L15,"000"),"-",TEXT(基本情報入力シート!T15,"0000")) -> 000-0000
L8: =TEXT(基本情報入力シート!L17,"#")
L9: =TEXT(基本情報入力シート!L19,"#")
J10: 名 称 | L10: =TEXT(基本情報入力シート!L21,"#")
H11: 代表者 | J11: 住 所 | L11: =CONCATENATE(TEXT(基本情報入力シート!L38,"000"),"-",TEXT(基本情報入力シート!T38,"0000")) -> 000-0000
L12: =TEXT(基本情報入力シート!L39,"#")
L13: =TEXT(基本情報入力シート!L40,"#")
J14: 氏 名 | L14: =TEXT(基本情報入力シート!L37,"#")
A17: 当法人（裏面に記載する役員等を含む。）は、下記に掲げる児童福祉法第２１条の５の１５第３項各号の規定のいずれにも該当しないことを誓約します。
A19: 記
B20: 【児童福祉法第２１条の５の１５第３項各号の規定】（一部要約）
A22: １ | B22: 申請者が都道府県の条例で定める者でないとき。
A23: ２ | B23: 当該申請に係る障害児通所支援事業所の従業者の知識及び技能並びに人員が、第２１条の５の１９第１項の都道府県の条例で定める基準を満たしていないとき。
A25: ３ | B25: 申請者が、第２１条の５の１９第２項の都道府県の条例で定める指定通所支援の事業の設備及び運営に関する基準に従って適正な障害児通所支援事業の運営をすることができないと認められるとき。
A27: ４ | B27: 申請者が禁錮以上の刑に処せられ、その執行を終わり、又は執行を受けることがなくなるまでの者であるとき。
A28: ５ | B28: 申請者が、この法律その他国民の保健医療若しくは福祉に関する法律で政令で定めるもの（※）の規定により罰金の刑に処せられ、その執行を終わり、又は執行を受けることがなくなるまでの者であるとき。
B29: （※）障害者総合支援法、身体障害者福祉法、精神保健及び精神障害者福祉に関する法律、社会福祉法、老人福祉法、社会福祉士及び介護福祉士法、介護保険法、精神保健福祉士法
A31: ５の２ | B31: 申請者が、労働に関する法律の規定であつて政令で定めるもの(※)により罰金の刑に処せられ、その執行を終わり、又は執行を受けることがなくなるまでの者であるとき。
B33: (※)労働基準法、最低賃金法、賃金の支払の確保等に関する法律
A34: ６ | B34: 申請者が、第２１条の５の２４第１項又は第３３条の１８第６項の規定により指定を取り消され、その取消しの日から起算して５年を経過しない者であるとき。
A36: ７ | B36: 申請者と密接な関係を有する者が、第２１条の５の２４第１項又は第３３条の１８第６項の規定により指定を取り消され、その取消しの日から起算して５年を経過していないとき。
A38: ８ | B38: (削除)
A39: ９ | B39: 申請者が、第２１条の５の２４第１項又は第３３条の１８第６項の規定による指定の取消しの処分に係る行政手続法第１５条の規定による通知があつた日から当該処分をする日又は処分をしないことを決定する日までの間に第２１条の５の２０第４項の規定による事業の廃止の届出をした者で、当該届出の日から起算して５年を経過しないものであるとき。
A42: 10 | B42: 申請者が、第２１条の５の２２第１項の規定による検査が行われた日から聴聞決定予定日までの間に第２１条の５の２０第４項の規定による事業の廃止の届出をした者で、当該届出の日から起算して５年を経過しないものであるとき。
A44: 11 | B44: 第９号に規定する期間内に第２１条の５の２０第４項の規定による事業の廃止の届出があつた場合において、申請者が、同号の通知の日前６０日以内に当該事業の廃止の届出に係る法人の役員等又は当該届出に係る法人でない者の管理者であつた者で、当該届出の日から起算して５年を経過しないものであるとき。
A46: 12 | B46: 申請者が、指定の申請前５年以内に障害児通所支援に関し不正又は著しく不当な行為をした者であるとき。
A47: 13 | B47: 申請者が、法人で、その役員等のうちに第四号から第六号まで又は第九号から前号までのいずれかに該当する者のあるものであるとき。
A48: 14 | B48: 申請者が、法人でない者で、その管理者が第四号から第六号まで又は第九号から第十二号までのいずれかに該当する者であるとき。
B49: ＊必ず表裏を両面印刷により使用してください。
A50: （裏）
H53: 申請者（法人）名（ | L53: =TEXT(基本情報入力シート!L21,"#") | S53: )
A54: （フリガナ） | F54: 役職名・呼称 | J54: 住 所
A55: 氏 名 | F55: 生年月日
A56: =TEXT(基本情報入力シート!L36,"#") | F56: =TEXT(基本情報入力シート!L35,"#") | J56: =IF(TEXT(基本情報入力シート!L39,"#")="","",CONCATENATE(TEXT(基本情報入力シート!L39,"#"),CHAR(10),TEXT(基本情報入力シート!L40,"#")))
A57: =TEXT(基本情報入力シート!L37,"#") | F57: =IF(基本情報入力シート!L41<>"",TEXT(基本情報入力シート!L41,"ggge年m月d日"),"")
A58: =TEXT(基本情報入力シート!L60,"#") | F58: 管理者 | J58: =TEXT(基本情報入力シート!L62,"#")
A59: =TEXT(基本情報入力シート!L59,"#") | F59: =IF(基本情報入力シート!L65<>"",TEXT(基本情報入力シート!L65,"ggge年m月d日"),"")
A89: 注 | B89: 当該法人の役員（業務を執行する社員、取締役、執行役又はこれらに準ずる者をいい、相談役、顧問その他いかなる名称を有する者であるかを問わず、法人に対し業務を執行する社員、取締役、執行役又はこれらに準ずる者と同等以上の支配力を有するものと認められる者を含む。）及び事業所を管理する者について記入してください。

Sheet 参考様式７（協力医療機関）
A1: 参考様式７
E2: 協力医療機関について
E4: 事業所名 | F4: =TEXT(基本情報入力シート!L45,"#")
E5: 所在地 | F5: =CONCATENATE(TEXT(基本情報入力シート!L47,"#"),CHAR(10),TEXT(基本情報入力シート!L48,"#"))
A7: 1 | B7: 医療機関名 | D7: =TEXT(基本情報入力シート!L116,"#")
B8: 所在地
B9: 診療科名 | D9: =TEXT(基本情報入力シート!L117,"#")
B10: 事業所からの距離 | D10: 徒歩 | F10: 分 | G10: 車 | I10: 分
A11: 2 | B11: 医療機関名
B12: 所在地
B13: 診療科名
B14: 事業所からの距離 | D14: 徒歩 | F14: 分 | G14: 車 | I14: 分
A15: 3 | B15: 医療機関名
B16: 所在地
B17: 診療科名
B18: 事業所からの距離 | D18: 徒歩 | F18: 分 | G18: 車 | I18: 分
A19: ※協定書の写しも添付してください。

Sheet 参考様式８（耐震化）
A1: 参考様式８
A2: 社会福祉施設等における耐震化に関する調査票
A4: ※ １施設で複数の棟がある場合は、大変恐縮ですが調査票をコピーして、棟ごとに調査票を作成してください。
A6: ※ 回答できない事情がある場合は、欄外にその旨を記入してください。
A8: 所属団体(法人)名 | B8: 名 称 | E8: =TEXT(基本情報入力シート!L21,"#") | T8: 施設名 | U8: 名 称 | X8: =TEXT(基本情報入力シート!L45,"#") | AF8: 事業所番号
B9: 所在地 | E9: =CONCATENATE(TEXT(基本情報入力シート!L15,"000"),"-",TEXT(基本情報入力シート!T15,"0000"),CHAR(10),TEXT(基本情報入力シート!L17,"#"),CHAR(10),TEXT(基本情報入力シート!L19,"#")) -> 000-0000 | U9: 所在地 | X9: =CONCATENATE(TEXT(基本情報入力シート!L47,"#"),CHAR(10),TEXT(基本情報入力シート!L48,"#"))
B10: 担当者 | U10: 担当者
B11: 電 話 | E11: =TEXT(基本情報入力シート!L29,"#") | U11: 電 話 | X11: =TEXT(基本情報入力シート!L56,"#")
A13: ① | B13: 施設種別・棟の名称 (複数棟所有で棟名がない場合は、便宜上「Ａ棟などの呼称で区分してください。） | J13: 施設種別 （別表から選択してください） | AA13: 棟の名称 (記入例：管理棟）
J14: =IF(OR(COUNTIF(基本情報入力シート!L50:Z55,"児童発達支援センター")>0,(COUNTIF(基本情報入力シート!L50:Z55,"*児童発達支援*")>0)),"（２－１２）","")&IF(COUNTIF(基本情報入力シート!L50:Z55,"*放課後等デイサービス*")>0,"（２－１３）","") | Q14: =IF(COUNTIF(基本情報入力シート!L50:Z55,"児童発達支援センター")>0,"児童発達支援センター","")&IF(AND(COUNTIF(基本情報入力シート!L50:Z55,"児童発達支援センター")>0,OR(OR(COUNTIF(基本情報入力シート!L50:Z55,"児童発達支援（重心外）")>0,COUNTIF(基本情報入力シート!L50:Z55,"児童発達支援（重心）")>0),COUNTIF(基本情報入力シート!L50:Z55,"*放課後等デイサービス*")>0,COUNTIF(基本情報入力シート!L50:Z55,"居宅訪問型児童発達支援")>0,COUNTIF(基本情報入力シート!L50:Z55,"保育所等訪問支援")>0)),", ","")&IF(OR(COUNTIF(基本情報入力シート!L50:Z55,"児童発達支援（重心外）")>0,COUNTIF(基本情報入力シート!L50:Z55,"児童発達支援（重心）")>0),"児童発達支援","")&IF(AND(OR(COUNTIF(基本情報入力シート!L50:Z55,"児童発達支援（重心外）")>0,COUNTIF(基本情報入力シート!L50:Z55,"児童発達支援（重心）")>0),OR(COUNTIF(基本情報入力シート!L50:Z55,"*放課後等デイサービス*")>0,COUNTIF(基本情報入力シート!L50:Z55,"居宅訪問型児童発達支援")>0,COUNTIF(基本情報入力シート!L50:Z55,"保育所等訪問支援")>0)),", ","")&IF(COUNTIF(基本情報入力シート!L50:Z55,"*放課後等デイサービス*")>0,"放課後等デイサービス","")&IF(AND(COUNTIF(基本情報入力シート!L50:Z55,"*放課後等デイサービス*")>0,OR(COUNTIF(基本情報入力シート!L50:Z55,"居宅訪問型児童発達支援")>0,COUNTIF(基本情報入力シート!L50:Z55,"保育所等訪問支援")>0)),", ","")&IF(COUNTIF(基本情報入力シート!L50:Z55,"居宅訪問型児童発達支援")>0,"居宅訪問型児童発達支援","")&IF(AND(COUNTIF(基本情報入力シート!L50:Z55,"*居宅訪問型児童発達支援*")>0,COUNTIF(基本情報入力シート!L50:Z55,"保育所等訪問支援")>0),", ","")&IF(COUNTIF(基本情報入力シート!L50:Z55,"保育所等訪問支援")>0,"保育所等訪問支援","")
A15: ② | B15: 併設施設について （同一建物（棟）内に他の社会福祉施設が併設されている場合や、複数のサービスを提供している場合は御記入ください。） | J15: 施設種別 （別表から選択してください） | AA15: 施設名称
J16: ― | Q16: =IF(AND(J16<>"",J16<>"―"),VLOOKUP(J16,$B$84:$E$111,4,FALSE),"")
J17: ― | Q17: =IF(AND(J17<>"",J17<>"―"),VLOOKUP(J17,$B$84:$E$111,4,FALSE),"")
J18: ― | Q18: =IF(AND(J18<>"",J18<>"―"),VLOOKUP(J18,$B$84:$E$111,4,FALSE),"")
Q19: =IF(AND(J19<>"",J19<>"―"),VLOOKUP(J19,$B$84:$E$111,4,FALSE),"")
J20: ※書ききれない場合は、裏面欄外に御記入ください。
A21: ③ | B21: 施設について （Ａ～Ｇについて御回答ください） | J21: Ａ | K21: 施設設置者の公私区分 （公立には、公設民営を含む） | AA21: 選択下さい。
J22: Ｂ | K22: 建物の構造 | AB22: 1. 木造 | AL22: FALSE
AB23: 2. 鉄筋ｺﾝｸﾘｰﾄ構造（RC） | AL23: FALSE
AB24: 3. 鉄骨構造（Ｓ） | AL24: FALSE
AB25: 4. 鉄骨鉄筋ｺﾝｸﾘｰﾄ構造（SRC） | AL25: FALSE
AB26: 5. その他 | AF26: （ ） | AL26: FALSE
J27: Ｃ | K27: 建物が竣工（完成）した年 | AA27: 昭和 年 月
K28: ※昭和５６年６月１日以降に建築確認を行った建物は、現在の耐震基準に適合しています。 | AA28: 昭和５７年１月１日以降
AA29: → Gまで入力して終了
J30: Ｄ | K30: 建物の自己所有・賃貸の別 （無償貸与物件は賃貸） | AA30: 選択下さい。
J31: Ｅ | K31: 建物の階数 | AI31: 階建
L32: （ビル一室等使用の場合は、当該建物総階数）
J33: Ｆ | K33: 建物の延べ床面積 （ビル一室等使用の場合は、上段に施設面積、下段に建物総面積） | AA33: 施設面積 | AK33: ㎡
AA34: 建物総面積 | AK34: ㎡
J35: Ｇ | K35: 増改築の有無 | AB35: 有（ 年 月） | AI35: ・ | AK35: 無 | AL35: FALSE | AM35: FALSE
A36: ④ | B36: 耐震診断の実施状況 について （Ａ・Ｂのいずれかにチェック☑をしてください） | K36: Ａ | L36: 耐震診断実施済み | AA36: 実施日： | AH36: 年 | AK36: 月 | AL36: FALSE
K37: ※Ｉｗ値（木造）・Ｉｓ値（非木造）は、階ごと等複数算出されている場合、全ての値を記載してください。 | AA37: Ｉｗ値・Ｉｓ値：
AH38: → ⑤へ
K39: Ｂ | L39: 耐震診断未実施 | R39: → ⑥へ | AL39: FALSE
AH40: ⇒裏面へ
A41: ⑤ | B41: 耐震診断の結果と耐震化の実施状況について （Ａ・Ｂのいずれかにチェック☑をしてください） | K41: Ａ | L41: 耐震診断の結果、耐震化は不要 | AL41: FALSE
K42: （全ての階において、木造:Ｉｗ値１．1以上、非木造：Ｉｓ値０．7以上） | AH42: → 終了
K43: Ｂ | L43: 耐震診断の結果、耐震化が必要（いずれかの階で、Iw値が1.1未満又はIs値0.7未満） | AL43: FALSE
K44: 耐震化の実施状況 ： １～４の中から、あてはまる項目をチェック（☑）してください。
L45: 1．改修済み | AL45: FALSE
L46: 2．改修中 | AL46: FALSE
L47: 3．平成２５年度の間に耐震改修終了予定 | AL47: FALSE
L48: 4 ．その他 | P48: ： | Q48: ア～クの中から、最もあてはまる状況に一つチェック（☑）してください。 | AL48: FALSE
Q49: ア. 地方自治体において、耐震工事経費確保困難 | AL49: FALSE
Q50: イ. 法人において、耐震工事経費確保困難 | AL50: FALSE
Q51: ウ. 改築のための土地確保が困難 | AL51: FALSE
Q52: エ. 関係者間の調整が困難 | AL52: FALSE
Q53: オ. 平成２６年度以降、改修予定 | AL53: FALSE
R54: （実施時期： | X54: 年 | Z54: 月）
Q55: カ. 施設が休止中若しくは現在、使用されていない | AL55: FALSE
Q56: キ. 既に耐震工事済み | AL56: FALSE
Q57: ク. その他 | AL57: FALSE
R58: 具体的に ：
AA61: → 終了
A62: ⑥ | B62: 今後の耐震化予定 について | K62: 今後の耐震化予定 ： １～５の中から、最もあてはまるものにチェック☑してください。
L63: 1．改修中 | AL63: FALSE
L64: 2．平成２５年度の間に耐震改修終了予定 | AL64: FALSE
L65: 3．診断予定 （実施時期： | W65: 年 | Y65: 月） | AL65: FALSE
L66: 4．廃止予定 （廃止時期： | W66: 年 | Y66: 月） | AL66: FALSE
L67: 5．上記以外 | P67: ： | Q67: ア～クの中から、最もあてはまる理由を一つチェック☑してください。 | AL67: FALSE
Q68: ア. 地方自治体において、耐震工事経費確保困難 | AL68: FALSE
Q69: イ. 法人において、耐震工事経費確保困難 | AL69: FALSE
Q70: ウ. 改築のための土地確保が困難 | AL70: FALSE
Q71: エ. 関係者間の調整が困難 | AL71: FALSE
Q72: オ. 平成２６年度以降、改修予定 | AL72: FALSE
S73: （実施時期 | Y73: 年 | AA73: 月）
Q74: カ. 施設が休止中若しくは現在、使用されていない | AL74: FALSE
Q75: キ. 既に耐震工事済み | AL75: FALSE
Q76: ク. その他 | AL76: FALSE
R77: 具体的に ：
AA80: → 終了
B81: （別表）
A82: 施設種別一覧
B84: ="（２－１）" -> （２－１） | E84: 障害福祉サービス事業所（療養介護を実施する事業所）
B85: ="（２－２）" -> （２－２） | E85: 障害福祉サービス事業所（生活介護を実施する事業所）
B86: ="（２－３）" -> （２－３） | E86: 障害福祉サービス事業所（短期入所を実施する事業所）
B87: ="（２－４）" -> （２－４） | E87: 障害福祉サービス事業所（自立訓練(機能訓練)を実施する事業所）
B88: ="（２－５）" -> （２－５） | E88: 障害福祉サービス事業所（自立訓練(生活訓練)を実施する事業所）
B89: ="（２－６）" -> （２－６） | E89: 障害福祉サービス事業所（宿泊型自立訓練を実施する事業所）
B90: ="（２－７）" -> （２－７） | E90: 障害福祉サービス事業所（就労移行支援を実施する事業所）
B91: ="（２－８）" -> （２－８） | E91: 障害福祉サービス事業所（就労継続支援(Ａ型)を実施する事業所）
B92: ="（２－９）" -> （２－９） | E92: 障害福祉サービス事業所（就労継続支援(Ｂ型)を実施する事業所）
B93: ="（２－１０）" -> （２－１０） | E93: 障害者支援施設（生活介護又は自立訓練を行うものに限る）
B94: ="（２－１１）" -> （２－１１） | E94: 障害者支援施設（（２－１０）以外）
B95: ="（２－１２）" -> （２－１２） | E95: （旧児童デイサービスを実施していた事業所のうち）児童発達支援
B96: ="（２－１３）" -> （２－１３） | E96: （旧児童デイサービスを実施していた事業所のうち）放課後等デイサービス
B97: ="（２－１４）" -> （２－１４） | E97: 補装具製作施設
B98: ="（２－１５）" -> （２－１５） | E98: 盲導犬訓練施設
B99: ="（２－１６）" -> （２－１６） | E99: 点字図書館
B100: ="（２－１７）" -> （２－１７） | E100: 聴覚障害者情報提供施設
B101: ="（２－１８）" -> （２－１８） | E101: 旧知的障害児施設（入所）
B102: ="（２－１９）" -> （２－１９） | E102: 旧知的障害児通園施設（通所）
B103: ="（２－２０）" -> （２－２０） | E103: 旧盲ろうあ児施設（入所）
B104: ="（２－２１）" -> （２－２１） | E104: 旧難聴幼児通園施設（通所）
B105: ="（２－２２）" -> （２－２２） | E105: 旧肢体不自由児施設（入所）
B106: ="（２－２３）" -> （２－２３） | E106: 旧肢体不自由児通園施設（通所）
B107: ="（２－２４）" -> （２－２４） | E107: 旧重症心身障害児施設（入所）
B108: ="（２－２５）" -> （２－２５） | E108: 旧重症心身障害児（者）通園事業施設（通所）
B109: ="（２－２６）" -> （２－２６） | E109: 福祉ホーム（身体・精神Ａ）
...

Sheet 参考様式９（収支予算書）
C1: 参考様式９ | D1: 収支予算書 | AB1: （単位：円）
D3: =IF(基本情報入力シート!L49="","",MONTH(基本情報入力シート!L49)) | F3: =IF($D$3="","",MOD(D3,12)+1) | H3: =IF($D$3="","",MOD(F3,12)+1) | J3: =IF($D$3="","",MOD(H3,12)+1) | L3: =IF($D$3="","",MOD(J3,12)+1) | N3: =IF($D$3="","",MOD(L3,12)+1) | P3: =IF($D$3="","",MOD(N3,12)+1) | R3: =IF($D$3="","",MOD(P3,12)+1) | T3: =IF($D$3="","",MOD(R3,12)+1) | V3: =IF($D$3="","",MOD(T3,12)+1) | X3: =IF($D$3="","",MOD(V3,12)+1) | Z3: =IF($D$3="","",MOD(X3,12)+1) | AB3: 合計
B4: 収入見込み | C4: 利用者見込数 （１日当たり） | E4: 人 | G4: 人 | I4: 人 | K4: 人 | M4: 人 | O4: 人 | Q4: 人 | S4: 人 | U4: 人 | W4: 人 | Y4: 人 | AA4: 人 | AB4: =IF(COUNT(D4:AA4)>0,SUM(D4:AA4),"")
C5: 開所日数 | AB5: =IF(COUNT(D5:AA5)>0,SUM(D5:AA5),"")
C6: 月延べ利用者数 | D6: =IF(D4="","",D4*D5) | F6: =IF(F4="","",F4*F5) | H6: =IF(H4="","",H4*H5) | J6: =IF(J4="","",J4*J5) | L6: =IF(L4="","",L4*L5) | N6: =IF(N4="","",N4*N5) | P6: =IF(P4="","",P4*P5) | R6: =IF(R4="","",R4*R5) | T6: =IF(T4="","",T4*T5) | V6: =IF(V4="","",V4*V5) | X6: =IF(X4="","",X4*X5) | Z6: =IF(Z4="","",Z4*Z5) | AB6: =IF(COUNT(D6:AA6)>0,SUM(D6:AA6),"")
C7: 算定額（＊） (１回当たり)
C8: 障害児 通所給付費 受入れ額 | H8: =IF(COUNT(D4:E5)<>2,"",D6*D7) | J8: =IF(COUNT(F4:G5)<>2,"",F6*F7) | L8: =IF(COUNT(H4:I5)<>2,"",H6*H7) | N8: =IF(COUNT(J4:K5)<>2,"",J6*J7) | P8: =IF(COUNT(L4:M5)<>2,"",L6*L7) | R8: =IF(COUNT(N4:O5)<>2,"",N6*N7) | T8: =IF(COUNT(P4:Q5)<>2,"",P6*P7) | V8: =IF(COUNT(R4:S5)<>2,"",R6*R7) | X8: =IF(COUNT(T4:U5)<>2,"",T6*T7) | Z8: =IF(COUNT(V4:W5)<>2,"",V6*V7) | AB8: =IF(COUNT(D8:AA8)>0,SUM(D8:AA8),"")
C9: 合計(Ａ) | H9: =IF(H8="","",H8) | J9: =IF(J8="","",J8) | L9: =IF(L8="","",L8) | N9: =IF(N8="","",N8) | P9: =IF(P8="","",P8) | R9: =IF(R8="","",R8) | T9: =IF(T8="","",T8) | V9: =IF(V8="","",V8) | X9: =IF(X8="","",X8) | Z9: =IF(Z8="","",Z8) | AB9: =IF(COUNT(D9:AA9)>0,SUM(D9:AA9),"")
B10: 支出見込み | C10: 人件費 | AB10: =IF(COUNT(D10:AA10)>0,SUM(D10:AA10),"")
C11: 旅費、交通費 | AB11: =IF(COUNT(D11:AA11)>0,SUM(D11:AA11),"")
C12: 事務所賃借費 | AB12: =IF(COUNT(D12:AA12)>0,SUM(D12:AA12),"")
C13: 通信費 | AB13: =IF(COUNT(D13:AA13)>0,SUM(D13:AA13),"")
C14: 諸経費 | AB14: =IF(COUNT(D14:AA14)>0,SUM(D14:AA14),"")
C15: 合計(Ｂ) | D15: =IF(COUNT(D10:E14)<>0,SUM(D10:E14),"") | F15: =IF(COUNT(F10:G14)<>0,SUM(F10:G14),"") | H15: =IF(COUNT(H10:I14)<>0,SUM(H10:I14),"") | J15: =IF(COUNT(J10:K14)<>0,SUM(J10:K14),"") | L15: =IF(COUNT(L10:M14)<>0,SUM(L10:M14),"") | N15: =IF(COUNT(N10:O14)<>0,SUM(N10:O14),"") | P15: =IF(COUNT(P10:Q14)<>0,SUM(P10:Q14),"") | R15: =IF(COUNT(R10:S14)<>0,SUM(R10:S14),"") | T15: =IF(COUNT(T10:U14)<>0,SUM(T10:U14),"") | V15: =IF(COUNT(V10:W14)<>0,SUM(V10:W14),"") | X15: =IF(COUNT(X10:Y14)<>0,SUM(X10:Y14),"") | Z15: =IF(COUNT(Z10:AA14)<>0,SUM(Z10:AA14),"") | AB15: =IF(COUNT(D15:AA15)>0,SUM(D15:AA15),"")
C16: 利益(Ａ－Ｂ) | D16: =IFERROR(IF(AND(D9="",D15=""),"",D9-D15),"") | F16: =IFERROR(IF(AND(F9="",F15=""),"",F9-F15),"") | H16: =IFERROR(IF(AND(H9="",H15=""),"",H9-H15),"") | J16: =IFERROR(IF(AND(J9="",J15=""),"",J9-J15),"") | L16: =IFERROR(IF(AND(L9="",L15=""),"",L9-L15),"") | N16: =IFERROR(IF(AND(N9="",N15=""),"",N9-N15),"") | P16: =IFERROR(IF(AND(P9="",P15=""),"",P9-P15),"") | R16: =IFERROR(IF(AND(R9="",R15=""),"",R9-R15),"") | T16: =IFERROR(IF(AND(T9="",T15=""),"",T9-T15),"") | V16: =IFERROR(IF(AND(V9="",V15=""),"",V9-V15),"") | X16: =IFERROR(IF(AND(X9="",X15=""),"",X9-X15),"") | Z16: =IFERROR(IF(AND(Z9="",Z15=""),"",Z9-Z15),"") | AB16: =IF(COUNT(D16:AA16)>0,SUM(D16:AA16),"")
C18: ＊ 算定額 ＝ （ 本体報酬 ＋ 各種加算 ） × 地域区分の単位
C19: ※ 上記の例は、４月から事業開始の例（支出の費目は、もっと細かく記載しても可）
C20: ※ 障害児通所給付費は、区市町村に請求した月の翌月末に振り込まれます。
C21: （例：４月サービス提供分は、５月に請求し、６月末に振り込まれます。）
C22: ※ 諸経費には、消耗品費、光熱水費、車両管理費、研修費、宣伝広告費、租税公課、社会保険料、借入金返済、レンタル料等が見込まれます。
C25: 参考【計算の根拠となる基本情報】
C27: ＜給付費に関する情報整理＞
C28: 地域区分 | D28: 選択してください。 | G28: 区分の単位
C29: 事業の種別
C30: 基本単位
C31: 休日単位
C33: 加算
C40: 処遇改善

Sheet 参考様式10（事業開始届）
B1: 参考様式10
B3: 杉並区長 宛 | T3: 令和 年 月 日
J5: 届出者 氏名 | S5: =TEXT(基本情報入力シート!L21,"#")
N6: （法人の場合は名称） | Z6: 印
I7: =TEXT(基本情報入力シート!L45,"#") | S7: 事業開始届
C9: このたび、標記の事業を開始しますので、下記により届け出ます。
P11: 記 | AG11: 選択下さい。
AG12: 児童発達支援
C13: 事業 | G13: 種類 | K13: =IF(COUNTIF(基本情報入力シート!L50:Z55,"児童発達支援センター")>0,"児童発達支援センター","")&IF(AND(COUNTIF(基本情報入力シート!L50:Z55,"児童発達支援センター")>0,OR(OR(COUNTIF(基本情報入力シート!L50:Z55,"児童発達支援（重心外）")>0,COUNTIF(基本情報入力シート!L50:Z55,"児童発達支援（重心）")>0),COUNTIF(基本情報入力シート!L50:Z55,"*放課後等デイサービス*")>0,COUNTIF(基本情報入力シート!L50:Z55,"居宅訪問型児童発達支援")>0,COUNTIF(基本情報入力シート!L50:Z55,"保育所等訪問支援")>0)),", ","")&IF(OR(COUNTIF(基本情報入力シート!L50:Z55,"児童発達支援（重心外）")>0,COUNTIF(基本情報入力シート!L50:Z55,"児童発達支援（重心）")>0),"児童発達支援","")&IF(AND(OR(COUNTIF(基本情報入力シート!L50:Z55,"児童発達支援（重心外）")>0,COUNTIF(基本情報入力シート!L50:Z55,"児童発達支援（重心）")>0),OR(COUNTIF(基本情報入力シート!L50:Z55,"*放課後等デイサービス*")>0,COUNTIF(基本情報入力シート!L50:Z55,"居宅訪問型児童発達支援")>0,COUNTIF(基本情報入力シート!L50:Z55,"保育所等訪問支援")>0)),", ","")&IF(COUNTIF(基本情報入力シート!L50:Z55,"*放課後等デイサービス*")>0,"放課後等デイサービス","")&IF(AND(COUNTIF(基本情報入力シート!L50:Z55,"*放課後等デイサービス*")>0,OR(COUNTIF(基本情報入力シート!L50:Z55,"居宅訪問型児童発達支援")>0,COUNTIF(基本情報入力シート!L50:Z55,"保育所等訪問支援")>0)),", ","")&IF(COUNTIF(基本情報入力シート!L50:Z55,"居宅訪問型児童発達支援")>0,"居宅訪問型児童発達支援","")&IF(AND(COUNTIF(基本情報入力シート!L50:Z55,"*居宅訪問型児童発達支援*")>0,COUNTIF(基本情報入力シート!L50:Z55,"保育所等訪問支援")>0),", ","")&IF(COUNTIF(基本情報入力シート!L50:Z55,"保育所等訪問支援")>0,"保育所等訪問支援","") | AG13: 放課後等デイサービス
AG14: 児童発達支援・放課後等デイサービスの多機能
G15: 内容 | AG15: 保育所等訪問支援
AG16: 居宅訪問型児童発達支援
C17: 経営者 | G17: 氏名（法人の場合は名称） | K17: =TEXT(基本情報入力シート!L21,"#") | AG17: 児童発達支援・保育所等訪問支援の多機能
AG18: 放課後等デイサービス・保育所等訪問支援の多機能
G19: 住所（法人の場合は主たる事務所の所在地） | K19: (郵便番号 | P19: =基本情報入力シート!L15 -> 0 | R19: ー | S19: =基本情報入力シート!T15 -> 0 | W19: ） | AG19: 児童発達支援・放課後等デイサービス・保育所等訪問支援の多機能
K20: =TEXT(基本情報入力シート!L17,"#")&" "&TEXT(基本情報入力シート!L19,"#") | AG20: 児童発達支援・放課後等デイサービス・保育所等訪問支援・居宅訪問型児童発達支援の多機能
AG21: 児童発達支援・居宅訪問型児童発達支援の多機能
C22: 条例、定款その他の基本約款 | O22: 別紙のとおり | AG22: 保育所等訪問支援・居宅訪問型児童発達支援の多機能
C23: 職員の職種 | J23: 職務内容 | U23: 職員の定数
C24: 管理者 | J24: 事業所運営・管理の統括 | Y24: 人
U25: （うち兼務 | Y25: 人）
C26: 児童発達支援管理責任者 | J26: 利用者の処遇に関する計画 | Y26: 人
U27: （うち兼務 | Y27: 人）
C28: 児童指導員・保育士 | J28: 利用者への指導・支援 | Y28: 人
U29: （うち兼務 | Y29: 人）
C30: 機能訓練担当職員 | J30: 日常生活を営むのに必要な機能訓練を行う | Y30: 人
U31: （うち兼務 | Y31: 人）
C32: 看護職員 | J32: 利用委児童の体調確認・医療的ケアの実施 | Y32: 人
U33: （うち兼務 | Y33: 人）
C34: その他の従業者 | J34: 利用者への指導・支援 | Y34: 人
U35: （うち兼務 | Y35: 人）
C36: 医師 | J36: 利用児童の体調確認および助言・指導 | Y36: 人
C38: 訪問支援員 | J38: 居宅または保育所等を訪問し、集団生活への適応のために必要な直接支援および間接支援を行う | Y38: 人
U39: （うち兼務 | Y39: 人）
S40: 合計 | U40: =SUM(X24,X26,X28,X30,X32,X34,X36,X38) -> 0
Y41: 人
C42: 主な職員の氏名及び経歴 | O42: 別紙のとおり
C43: 事業を行おうとする区域 | O43: 杉並区
C44: （区市町村の委託事業については区市町村名も含む）
C45: 事業の用に共する施設（短期入所を行おうとする場合） | G45: 名称
G47: 種類
G49: 所在地
G51: 定員 | W51: 人
C53: 事業開始予定年月日 | O53: =TEXT(基本情報入力シート!L49,"#")
C54: 収支予算書及び事業計画書 | O54: 別紙のとおり
C55: 事業所平面図及び部屋別面積表 | O55: 別紙のとおり

Sheet 参考様式11（メールアドレスの登録 ）
A1: 参考様式11
A3: Ｅメールアドレスの登録 （情報提供用・ＷＡＭ ＮＥＴ登録用）
A5: 杉並区内で指定を受けている障害児通所支援事業所につきましては以下のＥメールアドレスの登録が必要です。
A7: Ｅメールアドレス | B7: 目 的
A8: 【１】事業所 | B8: 国からの通知等（例：報酬改定など）の情報提供用
A9: 【２】法人 | B9: ＷＡＭ ＮＥＴへの登録用
B10: ◆児童福祉法に基づく障害福祉サービス等情報公表制度（ＷＡＭ ＮＥＴ）の登録等に使用する法人のメールアドレスを記入してください。令和6年4月の報酬改定で情報公表未報告減算が新設されています。
B11: ★既に情報公表制度に登録済の法人は法人のＥメールアドレスの登録は不要です。
A13: ※ご注意※ | B13: (お間違えのないよう、正確に記入してください。) ◆事業所・法人のアドレスとしての登録になりますので、個人のアドレスではなく、必ず組織のアドレスを登録してください。 ◆Ｅメールアドレスが変わったときは、速やかに登録の変更をお願いします
A15: 【１】
A16: 事業所名 | B16: =TEXT(基本情報入力シート!L45,"#")
A17: 指定年月日 | B17: =IF(基本情報入力シート!L13="","",基本情報入力シート!L13)
A18: 事業種別 | B18: =IF(COUNTIF(基本情報入力シート!L50:Z55,"児童発達支援センター")>0,"児童発達支援センター","")&IF(AND(COUNTIF(基本情報入力シート!L50:Z55,"児童発達支援センター")>0,OR(OR(COUNTIF(基本情報入力シート!L50:Z55,"児童発達支援（重心外）")>0,COUNTIF(基本情報入力シート!L50:Z55,"児童発達支援（重心）")>0),COUNTIF(基本情報入力シート!L50:Z55,"*放課後等デイサービス*")>0,COUNTIF(基本情報入力シート!L50:Z55,"居宅訪問型児童発達支援")>0,COUNTIF(基本情報入力シート!L50:Z55,"保育所等訪問支援")>0)),", ","")&IF(OR(COUNTIF(基本情報入力シート!L50:Z55,"児童発達支援（重心外）")>0,COUNTIF(基本情報入力シート!L50:Z55,"児童発達支援（重心）")>0),"児童発達支援","")&IF(AND(OR(COUNTIF(基本情報入力シート!L50:Z55,"児童発達支援（重心外）")>0,COUNTIF(基本情報入力シート!L50:Z55,"児童発達支援（重心）")>0),OR(COUNTIF(基本情報入力シート!L50:Z55,"*放課後等デイサービス*")>0,COUNTIF(基本情報入力シート!L50:Z55,"居宅訪問型児童発達支援")>0,COUNTIF(基本情報入力シート!L50:Z55,"保育所等訪問支援")>0)),", ","")&IF(COUNTIF(基本情報入力シート!L50:Z55,"*放課後等デイサービス*")>0,"放課後等デイサービス","")&IF(AND(COUNTIF(基本情報入力シート!L50:Z55,"*放課後等デイサービス*")>0,OR(COUNTIF(基本情報入力シート!L50:Z55,"居宅訪問型児童発達支援")>0,COUNTIF(基本情報入力シート!L50:Z55,"保育所等訪問支援")>0)),", ","")&IF(COUNTIF(基本情報入力シート!L50:Z55,"居宅訪問型児童発達支援")>0,"居宅訪問型児童発達支援","")&IF(AND(COUNTIF(基本情報入力シート!L50:Z55,"*居宅訪問型児童発達支援*")>0,COUNTIF(基本情報入力シート!L50:Z55,"保育所等訪問支援")>0),", ","")&IF(COUNTIF(基本情報入力シート!L50:Z55,"保育所等訪問支援")>0,"保育所等訪問支援","")
A19: Ｅメールアドレス
A21: 【２】
A22: 法人名 | B22: =TEXT(基本情報入力シート!L21,"#")
A23: Ｅメールアドレス
